Workbook
Name __B1: #REF!
Name __B1: #REF!
Name __B1: #REF!
Name __B11: #REF!
Name __B11: #REF!
Name __B11: #REF!
Name __TB10: #REF!
Name __TB10: #REF!
Name __TB10: #REF!
Name __TB24: #REF!
Name __TB24: #REF!
Name __TB24: #REF!
Name _1: #REF!
Name _B1: #REF!
Name _B1: #REF!
Name _B1: #REF!
Name _B11: #REF!
Name _B11: #REF!
Name _B11: #REF!
Name _c1: #REF!
Name _c2: #REF!
Name _ｇ2: #REF!
Name _H1: #REF!
Name _H10: #REF!
Name _H12: #REF!
Name _H13: #REF!
Name _H14: #REF!
Name _H15: #REF!
Name _H16: #REF!
Name _H17: #REF!
Name _H18: #REF!
Name _H19: #REF!
Name _H2: #REF!
Name _H20: #REF!
Name _H3: #REF!
Name _H4: #REF!
Name _H5: #REF!
Name _H6: #REF!
Name _LK1: #REF!
Name _LK2: #REF!
Name _n2: #REF!
Name _n3: #REF!
Name _n30: #REF!
Name _nen1: #REF!
Name _nen2: #REF!
Name _NN1: #REF!
Name _NN2: #REF!
Name _NN3: #REF!
Name _NO2: #REF!
Name _NO3: #REF!
Name _pic1: "図 23"
Name _ｒ: #REF!
Name _RE1: #REF!
Name _S1: #REF!
Name _S2: #REF!
Name _TB10: #REF!
Name _TB10: #REF!
Name _TB10: #REF!
Name _TB24: #REF!
Name _TB24: #REF!

Sheet RA表（オンバラ）
A1: 投資法人の資産構成内容（オン・バランス）
B3: 投資法人名 | C3: アクティビア・プロパティーズ投資法人
B4: 作成者 | C4: 東急不動産リート・マネジメント株式会社
B5: 時点 | C5: 46173
A10: ●標記投資法人の資産（オン・バランス）構成内容は以下のとおりです。 | H10: （千円）
A11: 項目 | B11: 資産項目 | E11: 告示で定める ﾘｽｸ･ｳｪｲﾄ（%） | F11: 信用リスク削減効果適用前
F12: a. ﾘｽｸ･ｳｪｲﾄの 加重平均値（%） | G12: b. 時価 | H12: c. 信用ﾘｽｸ･ ｱｾｯﾄの額(a*b) | K12: 関数用
A13: 1 | B13: 現金 | E13: 0 | F13: =IFERROR(H13/G13,"") | G13: =SUMIFS('明細（オンバラ）'!$E:$E,'明細（オンバラ）'!J:J,K13) -> 0 | H13: =SUMIFS('明細（オンバラ）'!$G:$G,'明細（オンバラ）'!J:J,K13) -> 0 | I13: =IFERROR(H13/$G$44*100,"") -> 0 | K13: =IFERROR(INDEX(科目対照表!$L$6:$L$114,MATCH(B13,科目対照表!$M$6:$M$114,0),1),"") -> 101
A14: 2 | B14: 我が国の中央政府及び中央銀行向け | E14: 0 | F14: =IFERROR(H14/G14,"") -> 0 | G14: =SUMIFS('明細（オンバラ）'!$E:$E,'明細（オンバラ）'!J:J,K14) -> 24171 | H14: =SUMIFS('明細（オンバラ）'!$G:$G,'明細（オンバラ）'!J:J,K14) -> 0 | I14: =IFERROR(H14/$G$44*100,"") -> 0 | K14: =IFERROR(INDEX(科目対照表!$L$6:$L$114,MATCH(B14,科目対照表!$M$6:$M$114,0),1),"") -> 201
A15: 3 | B15: 外国の中央政府及び中央銀行向け | E15: 0～150 | F15: =IFERROR(H15/G15,"") | G15: =SUMIFS('明細（オンバラ）'!$E:$E,'明細（オンバラ）'!J:J,K15) -> 0 | H15: =SUMIFS('明細（オンバラ）'!$G:$G,'明細（オンバラ）'!J:J,K15) -> 0 | I15: =IFERROR(H15/$G$44*100,"") -> 0 | K15: =IFERROR(INDEX(科目対照表!$L$6:$L$114,MATCH(B15,科目対照表!$M$6:$M$114,0),1),"") -> 301
A16: 4 | B16: 国際決済銀行等向け | E16: 0 | F16: =IFERROR(H16/G16,"") | G16: =SUMIFS('明細（オンバラ）'!$E:$E,'明細（オンバラ）'!J:J,K16) -> 0 | H16: =SUMIFS('明細（オンバラ）'!$G:$G,'明細（オンバラ）'!J:J,K16) -> 0 | I16: =IFERROR(H16/$G$44*100,"") -> 0 | K16: =IFERROR(INDEX(科目対照表!$L$6:$L$114,MATCH(B16,科目対照表!$M$6:$M$114,0),1),"") -> 401
A17: 5 | B17: 我が国の地方公共団体向け | E17: 0 | F17: =IFERROR(H17/G17,"") | G17: =SUMIFS('明細（オンバラ）'!$E:$E,'明細（オンバラ）'!J:J,K17) -> 0 | H17: =SUMIFS('明細（オンバラ）'!$G:$G,'明細（オンバラ）'!J:J,K17) -> 0 | I17: =IFERROR(H17/$G$44*100,"") -> 0 | K17: =IFERROR(INDEX(科目対照表!$L$6:$L$114,MATCH(B17,科目対照表!$M$6:$M$114,0),1),"") -> 501
A18: 6 | B18: 外国の中央政府等以外の公共部門向け（カバード・ボンド除く） | E18: 20～150 | F18: =IFERROR(H18/G18,"") | G18: =SUMIFS('明細（オンバラ）'!$E:$E,'明細（オンバラ）'!J:J,K18) -> 0 | H18: =SUMIFS('明細（オンバラ）'!$G:$G,'明細（オンバラ）'!J:J,K18) -> 0 | I18: =IFERROR(H18/$G$44*100,"") -> 0 | K18: =IFERROR(INDEX(科目対照表!$L$6:$L$114,MATCH(B18,科目対照表!$M$6:$M$114,0),1),"") -> 601
A19: 7 | B19: 国際開発銀行向け | E19: 0～150 | F19: =IFERROR(H19/G19,"") | G19: =SUMIFS('明細（オンバラ）'!$E:$E,'明細（オンバラ）'!J:J,K19) -> 0 | H19: =SUMIFS('明細（オンバラ）'!$G:$G,'明細（オンバラ）'!J:J,K19) -> 0 | I19: =IFERROR(H19/$G$44*100,"") -> 0 | K19: =IFERROR(INDEX(科目対照表!$L$6:$L$114,MATCH(B19,科目対照表!$M$6:$M$114,0),1),"") -> 701
A20: 8 | B20: 地方公共団体金融機構向け | E20: 10～150 | F20: =IFERROR(H20/G20,"") | G20: =SUMIFS('明細（オンバラ）'!$E:$E,'明細（オンバラ）'!J:J,K20) -> 0 | H20: =SUMIFS('明細（オンバラ）'!$G:$G,'明細（オンバラ）'!J:J,K20) -> 0 | I20: =IFERROR(H20/$G$44*100,"") -> 0 | K20: =IFERROR(INDEX(科目対照表!$L$6:$L$114,MATCH(B20,科目対照表!$M$6:$M$114,0),1),"") -> 801
A21: 9 | B21: 我が国の政府関係機関向け | E21: 10～150 | F21: =IFERROR(H21/G21,"") | G21: =SUMIFS('明細（オンバラ）'!$E:$E,'明細（オンバラ）'!J:J,K21) -> 0 | H21: =SUMIFS('明細（オンバラ）'!$G:$G,'明細（オンバラ）'!J:J,K21) -> 0 | I21: =IFERROR(H21/$G$44*100,"") -> 0 | K21: =IFERROR(INDEX(科目対照表!$L$6:$L$114,MATCH(B21,科目対照表!$M$6:$M$114,0),1),"") -> 901
A22: 10 | B22: 地方三公社向け | E22: 20～150 | F22: =IFERROR(H22/G22,"") | G22: =SUMIFS('明細（オンバラ）'!$E:$E,'明細（オンバラ）'!J:J,K22) -> 0 | H22: =SUMIFS('明細（オンバラ）'!$G:$G,'明細（オンバラ）'!J:J,K22) -> 0 | I22: =IFERROR(H22/$G$44*100,"") -> 0 | K22: =IFERROR(INDEX(科目対照表!$L$6:$L$114,MATCH(B22,科目対照表!$M$6:$M$114,0),1),"") -> 1001
A23: 11 | B23: 金融機関及び第一種金融商品取引業者及び保険会社向け | E23: 20～150 | F23: =IFERROR(H23/G23,"") -> 0.2 | G23: =SUMIFS('明細（オンバラ）'!$E:$E,'明細（オンバラ）'!J:J,K23)+SUM(G24) -> 21097651 | H23: =SUMIFS('明細（オンバラ）'!$G:$G,'明細（オンバラ）'!J:J,K23)+SUM(H24) -> 4219530.2 | I23: =IFERROR(H23/$G$44*100,"") -> 0.61380649 | K23: =IFERROR(INDEX(科目対照表!$L$6:$L$114,MATCH(B23,科目対照表!$M$6:$M$114,0),1),"") -> 1101
B24: （うち第一種金融商品取引業者及び保険会社向け） | E24: 20～150 | F24: =IFERROR(H24/G24,"") | G24: =SUMIFS('明細（オンバラ）'!$E:$E,'明細（オンバラ）'!J:J,K24) -> 0 | H24: =SUMIFS('明細（オンバラ）'!$G:$G,'明細（オンバラ）'!J:J,K24) -> 0 | I24: =IFERROR(H24/$G$44*100,"") -> 0 | K24: =IFERROR(INDEX(科目対照表!$L$6:$L$114,MATCH(B24,科目対照表!$M$6:$M$114,0),1),"") -> 1102
A25: 12 | B25: カバード・ボンド向け | E25: 10～100 | F25: =IFERROR(H25/G25,"") | G25: =SUMIFS('明細（オンバラ）'!$E:$E,'明細（オンバラ）'!J:J,K25) -> 0 | H25: =SUMIFS('明細（オンバラ）'!$G:$G,'明細（オンバラ）'!J:J,K25) -> 0 | I25: =IFERROR(H25/$G$44*100,"") -> 0 | K25: =IFERROR(INDEX(科目対照表!$L$6:$L$114,MATCH(B25,科目対照表!$M$6:$M$114,0),1),"") -> 1201
A26: 13 | B26: 法人等向け（特定貸付債権向けを含む） | E26: 20～150 | F26: =IFERROR(H26/G26,"") -> 1 | G26: =SUMIFS('明細（オンバラ）'!$E:$E,'明細（オンバラ）'!J:J,K26)+SUM(G27) -> 1416841 | H26: =SUMIFS('明細（オンバラ）'!$G:$G,'明細（オンバラ）'!J:J,K26)+SUM(H27) -> 1416841 | I26: =IFERROR(H26/$G$44*100,"") -> 0.20610498 | K26: =IFERROR(INDEX(科目対照表!$L$6:$L$114,MATCH(B26,科目対照表!$M$6:$M$114,0),1),"") -> 1301
B27: （うち特定貸付債権向け） | E27: 20～150 | F27: =IFERROR(H27/G27,"") | G27: =SUMIFS('明細（オンバラ）'!$E:$E,'明細（オンバラ）'!J:J,K27) -> 0 | H27: =SUMIFS('明細（オンバラ）'!$G:$G,'明細（オンバラ）'!J:J,K27) -> 0 | I27: =IFERROR(H27/$G$44*100,"") -> 0 | K27: =IFERROR(INDEX(科目対照表!$L$6:$L$114,MATCH(B27,科目対照表!$M$6:$M$114,0),1),"") -> 1302
A28: 14 | B28: 適格中堅中小企業等向け及び個人向け | E28: 45～150 | F28: =IFERROR(H28/G28,"") | G28: =SUMIFS('明細（オンバラ）'!$E:$E,'明細（オンバラ）'!J:J,K28) -> 0 | H28: =SUMIFS('明細（オンバラ）'!$G:$G,'明細（オンバラ）'!J:J,K28) -> 0 | I28: =IFERROR(H28/$G$44*100,"") -> 0 | K28: =IFERROR(INDEX(科目対照表!$L$6:$L$114,MATCH(B28,科目対照表!$M$6:$M$114,0),1),"") -> 1401
A29: 15 | B29: 不動産関連向け | E29: 20～150 | F29: =IFERROR(H29/G29,"") | G29: =SUMIFS('明細（オンバラ）'!$E:$E,'明細（オンバラ）'!J:J,K29) -> 0 | H29: =SUMIFS('明細（オンバラ）'!$G:$G,'明細（オンバラ）'!J:J,K29) -> 0 | I29: =IFERROR(H29/$G$44*100,"") -> 0 | K29: =IFERROR(INDEX(科目対照表!$L$6:$L$114,MATCH(B29,科目対照表!$M$6:$M$114,0),1),"") -> 1501
A30: 16 | B30: 劣後債権その他資本性証券 | E30: 150 | F30: =IFERROR(H30/G30,"") | G30: =SUMIFS('明細（オンバラ）'!$E:$E,'明細（オンバラ）'!J:J,K30) -> 0 | H30: =SUMIFS('明細（オンバラ）'!$G:$G,'明細（オンバラ）'!J:J,K30) -> 0 | I30: =IFERROR(H30/$G$44*100,"") -> 0 | K30: =IFERROR(INDEX(科目対照表!$L$6:$L$114,MATCH(B30,科目対照表!$M$6:$M$114,0),1),"") -> 1601
A31: 17 | B31: 延滞等 | E31: 50～150 | F31: =IFERROR(H31/G31,"") | G31: =SUMIFS('明細（オンバラ）'!$E:$E,'明細（オンバラ）'!J:J,K31) -> 0 | H31: =SUMIFS('明細（オンバラ）'!$G:$G,'明細（オンバラ）'!J:J,K31) -> 0 | I31: =IFERROR(H31/$G$44*100,"") -> 0 | K31: =IFERROR(INDEX(科目対照表!$L$6:$L$114,MATCH(B31,科目対照表!$M$6:$M$114,0),1),"") -> 1701
A32: 18 | B32: 取立未済手形 | E32: 20 | F32: =IFERROR(H32/G32,"") | G32: =SUMIFS('明細（オンバラ）'!$E:$E,'明細（オンバラ）'!J:J,K32) -> 0 | H32: =SUMIFS('明細（オンバラ）'!$G:$G,'明細（オンバラ）'!J:J,K32) -> 0 | I32: =IFERROR(H32/$G$44*100,"") -> 0 | K32: =IFERROR(INDEX(科目対照表!$L$6:$L$114,MATCH(B32,科目対照表!$M$6:$M$114,0),1),"") -> 1801
A33: 19 | B33: 信用保証協会等による保証付 | E33: 0～10 | F33: =IFERROR(H33/G33,"") | G33: =SUMIFS('明細（オンバラ）'!$E:$E,'明細（オンバラ）'!J:J,K33) -> 0 | H33: =SUMIFS('明細（オンバラ）'!$G:$G,'明細（オンバラ）'!J:J,K33) -> 0 | I33: =IFERROR(H33/$G$44*100,"") -> 0 | K33: =IFERROR(INDEX(科目対照表!$L$6:$L$114,MATCH(B33,科目対照表!$M$6:$M$114,0),1),"") -> 1901
A34: 20 | B34: 株式会社地域経済活性化支援機構等による保証付 | E34: 10 | F34: =IFERROR(H34/G34,"") | G34: =SUMIFS('明細（オンバラ）'!$E:$E,'明細（オンバラ）'!J:J,K34) -> 0 | H34: =SUMIFS('明細（オンバラ）'!$G:$G,'明細（オンバラ）'!J:J,K34) -> 0 | I34: =IFERROR(H34/$G$44*100,"") -> 0 | K34: =IFERROR(INDEX(科目対照表!$L$6:$L$114,MATCH(B34,科目対照表!$M$6:$M$114,0),1),"") -> 2001
A35: 21 | B35: 株式及び株式と同等の性質を有するもの | E35: 250/400 | F35: =IFERROR(H35/G35,"") | G35: =SUMIFS('明細（オンバラ）'!$E:$E,'明細（オンバラ）'!J:J,K35) -> 0 | H35: =SUMIFS('明細（オンバラ）'!$G:$G,'明細（オンバラ）'!J:J,K35) -> 0 | I35: =IFERROR(H35/$G$44*100,"") -> 0 | K35: =IFERROR(INDEX(科目対照表!$L$6:$L$114,MATCH(B35,科目対照表!$M$6:$M$114,0),1),"") -> 2101
A36: 22 | B36: 上記以外 | E36: - | F36: =IFERROR(H36/G36,"") -> 1.0036229 | G36: =SUMIFS('明細（オンバラ）'!$E:$E,'明細（オンバラ）'!J:J,K36)+SUM(G37:G40) -> 664897890 | H36: =SUMIFS('明細（オンバラ）'!$G:$G,'明細（オンバラ）'!J:J,K36)+SUM(H37:H40) -> 667306755 | I36: =IFERROR(H36/$G$44*100,"") -> 97.071759 | K36: =IFERROR(INDEX(科目対照表!$L$6:$L$114,MATCH(B36,科目対照表!$M$6:$M$114,0),1),"") -> 2201
B37: （うち有形固定資産（不動産）） | E37: 100 | F37: =IFERROR(H37/G37,"") -> 1 | G37: ='明細（オンバラ）'!E71 -> 652835914 | H37: ='明細（オンバラ）'!G71 -> 652835914 | K37: =IFERROR(INDEX(科目対照表!$L$6:$L$114,MATCH(B37,科目対照表!$M$6:$M$114,0),1),"") -> 2202
B38: （うち有形固定資産（不動産）（匿名組合出資持分の裏付資産）） | E38: - | F38: =IFERROR(H38/G38,"") -> 2.5 | G38: =SUMIFS('明細（オンバラ）'!$E:$E,'明細（オンバラ）'!J:J,K38) -> 1605910 | H38: =SUMIFS('明細（オンバラ）'!$G:$G,'明細（オンバラ）'!J:J,K38) -> 4014775 | K38: =IFERROR(INDEX(科目対照表!$L$6:$L$114,MATCH(B38,科目対照表!$M$6:$M$114,0),1),"") -> 2203
B39: （うち無形固定資産（借地権）） | F39: =IFERROR(H39/G39,"") -> 1 | G39: =SUMIFS('明細（オンバラ）'!$E:$E,'明細（オンバラ）'!J:J,K39) -> 9055086 | H39: =SUMIFS('明細（オンバラ）'!$G:$G,'明細（オンバラ）'!J:J,K39) -> 9055086 | K39: =IFERROR(INDEX(科目対照表!$L$6:$L$114,MATCH(B39,科目対照表!$M$6:$M$114,0),1),"") -> 2204
B40: （うち上記以外のエクスポージャー） | E40: - | F40: =IFERROR(H40/G40,"") -> 1 | G40: =SUMIFS('明細（オンバラ）'!$E:$E,'明細（オンバラ）'!J:J,K40) -> 1400980 | H40: =SUMIFS('明細（オンバラ）'!$G:$G,'明細（オンバラ）'!J:J,K40) -> 1400980 | I40: =IFERROR(H40/$G$44*100,"") -> 0.20379772 | K40: =IFERROR(INDEX(科目対照表!$L$6:$L$114,MATCH(B40,科目対照表!$M$6:$M$114,0),1),"") -> 2205
A41: 23 | B41: 証券化 | E41: 0～1250 | F41: =IFERROR(H41/G41,"") | G41: =SUMIFS('明細（オンバラ）'!$E:$E,'明細（オンバラ）'!J:J,K41) -> 0 | H41: =SUMIFS('明細（オンバラ）'!$G:$G,'明細（オンバラ）'!J:J,K41) -> 0 | I41: =IFERROR(H41/$G$44*100,"") -> 0 | K41: =IFERROR(INDEX(科目対照表!$L$6:$L$114,MATCH(B41,科目対照表!$M$6:$M$114,0),1),"") -> 2301
A42: 24 | B42: 再証券化 | E42: 0～1250 | F42: =IFERROR(H42/G42,"") | G42: =SUMIFS('明細（オンバラ）'!$E:$E,'明細（オンバラ）'!J:J,K42) -> 0 | H42: =SUMIFS('明細（オンバラ）'!$G:$G,'明細（オンバラ）'!J:J,K42) -> 0 | I42: =IFERROR(H42/$G$44*100,"") -> 0 | K42: =IFERROR(INDEX(科目対照表!$L$6:$L$114,MATCH(B42,科目対照表!$M$6:$M$114,0),1),"") -> 2401
A43: 25 | B43: 複数の資産を裏付とする資産（所謂ファンド）のうち、個々の資産の把握が困難な資産 | E43: 0～1250 | F43: =IFERROR(H43/G43,"") | G43: =SUMIFS('明細（オンバラ）'!$E:$E,'明細（オンバラ）'!J:J,K43) -> 0 | H43: =SUMIFS('明細（オンバラ）'!$G:$G,'明細（オンバラ）'!J:J,K43) -> 0 | I43: =IFERROR(H43/$G$44*100,"") -> 0 | K43: =IFERROR(INDEX(科目対照表!$L$6:$L$114,MATCH(B43,科目対照表!$M$6:$M$114,0),1),"") -> 2501
F44: =IFERROR(H44/G44,"") -> 0.97891671 | G44: =SUM(G13:G43)-SUM(G24)-SUM(G27)-SUM(G37:G40) -> 687436553 | H44: =SUM(H13:H43)-SUM(H24)-SUM(H27)-SUM(H37:H40) -> 6.7294313e+08
K45: =IFERROR(INDEX(科目対照表!$L$6:$L$114,MATCH(B45,科目対照表!$M$6:$M$114,0),1),"")
B46: 欄外
B47: 上記以外の無形固定資産等（自己資本調整項目） | G47: =SUMIFS('明細（オンバラ）'!$E:$E,'明細（オンバラ）'!J:J,K47) -> 3326 | H47: - | K47: =IFERROR(INDEX(科目対照表!$L$6:$L$114,MATCH(B47,科目対照表!$M$6:$M$114,0),1),"") -> 2601
B48: デリバティブ債権（オフバランスに記載） | G48: =SUMIFS(財務諸表!B:B,財務諸表!A:A,'RA表（オンバラ）'!K48)+SUMIFS(財務諸表!B:B,財務諸表!A:A,'RA表（オンバラ）'!L48)+SUMIFS(財務諸表!B:B,財務諸表!A:A,'RA表（オンバラ）'!M48) -> 0 | H48: - | K48: 流動資産デリバティブ債権 | L48: 固定資産デリバティブ債権 | M48: 投資その他の資産デリバティブ債権
B50: 1. 貸借対照表上の資産合計 | G50: =SUMIFS(財務諸表!B:B,財務諸表!A:A,'RA表（オンバラ）'!K50) -> 562050490 | H50: - | K50: 資産合計
B51: 2. 不動産鑑定評価額 | G51: ='明細（オンバラ）'!E71 -> 652835914 | H51: -
B52: 3. 不動産帳簿価額 | G52: =SUMIFS('明細（オンバラ）'!$E$11:$E$39,'明細（オンバラ）'!$D$11:$D$39,'明細（オンバラ）'!$D$67) -> 527446514 | H52: -
B53: 4. オンバランス明細合計（1+2-3-欄外） | G53: =G50+G51-G52-G47-G48 -> 687436564
F55: （千円）
B56: a. ｵﾝﾊﾞﾗﾝｽ・ｵﾌﾊﾞﾗﾝｽ ﾘｽｸｱｾｯﾄ総額 | F56: ='RA表（オンバラ）'!H44+'RA表（オフバラ）'!H35 -> 6.7358225e+08
B57: b. 純資産額（帳簿価額） | F57: =SUMIFS(財務諸表!W:W,財務諸表!U:U,J57) -> 268869716 | J57: 純資産合計
B58: c. 純資産額（時価）（b+2-3） | F58: =F57+G51-G52 -> 394259116
B59: リスク・ウェイト(a/c) | F59: =F56/F58 -> 1.708476
F60: （千円）
B61: 発行済投資口数 | F61: 2376318
B62: 1口当たり自己資本調整額 | F62: =ROUNDDOWN(G47/F61,0) -> 0
A64: 1 | B64: 本資料は、本投資法人の投資口を保有する金融機関において、適用のある自己資本比率を算出する上で参考にしていただくことを目的として、本投資法人の資産運用会社である東急不動産リート・マネジメント株式会社（以下「弊社」といいます。）が作成したものです。本資料に記載の情報の全部又は一部を会計、税務又は規制上の取扱等の目的に利用される場合は、専門家とご相談の上、投資主様ご自身の判断と責任においてお取扱い下さいますようお願い申し上げます。 | K64: =IFERROR(INDEX(科目対照表!$L$6:$L$114,MATCH(B64,科目対照表!$M$6:$M$114,0),1),"")
A65: 2 | B65: 本資料に記載している情報は、過去の一定時点における本投資法人のポートフォリオの状況について得られた情報です。当該情報は、「銀行法第十四条の二の規定に基づき、銀行がその保有する資産等に照らし自己資本の充実の状況が適当であるかどうかを判断するための基準」（平成18年金融庁告示第19号。その後の変更を含み、以下「告示」といいます。）を含む関連法令等を参考にしていますが、必ずしも関連法令等の厳密な解釈に基づき算出した値ではありません。また、弊社独自の解釈及び判断により算出した値を含む場合がありますが、弊社がその算出方法等を推奨するものではありません。弊社は、適用されるリスク・ウェイトを含む本資料の正確性、完全性、合理性及び妥当性について、何ら表明又は保証を行うものではありません。本資料に記載された情報の不確実性又は不完全性及び本資料の使用により生じた結果について、弊社は一切の責任を負いません。 | K65: =IFERROR(INDEX(科目対照表!$L$6:$L$114,MATCH(B65,科目対照表!$M$6:$M$114,0),1),"")
A66: 3 | B66: 「欄外」として記載している「上記以外の無形固定資産等（自己資本調整項目）」については、必要に応じ、投資主様の自己資本の調整項目としてご利用ください。
A67: 4 | B67: 借地権については、2027年4月から適用が予定されている新リース会計基準（企業会計基準第34号「リースに関する会計基準」及び企業会計基準適用指針第33号「リースに関する会計基準の適用指針」）並びに金融庁「自己資本比率規制に関するQ&A」（第77条-Q3）を前提として、項番22「上記以外」のうち「無形固定資産（借地権）」に分類したうえで、リスク・ウェイトを100%として計上しています。必要に応じ、欄外の「上記以外の無形固定資産等（自己資本調整項目）」に振り替えたうえでご利用ください。
A68: 5 | B68: 告示上、適用されるリスク・ウェイトについて経過措置が定められている場合であっても、本資料では、かかる経過措置が終了した後に適用されるリスク・ウェイトを記載しています。 | K68: =IFERROR(INDEX(科目対照表!$L$6:$L$114,MATCH(B68,科目対照表!$M$6:$M$114,0),1),"")
A69: 6 | B69: 弊社では、告示第48条の2に規定される「デュー・ディリジェンス分析」は実施しておりません。 | K69: =IFERROR(INDEX(科目対照表!$L$6:$L$114,MATCH(B69,科目対照表!$M$6:$M$114,0),1),"")
A70: 7 | B70: 本資料の内容については、本投資法人の他の開示資料等での開示内容（開示内容の前提となる条件等を含みます。）と異なる場合があります。本資料の様式、表示項目、各数値の算出根拠等は予告なく変更する場合があります。また、本資料の必要性が無くなったと弊社が判断した場合は作成及び公表を中止する場合があります。 | K70: =IFERROR(INDEX(科目対照表!$L$6:$L$114,MATCH(B70,科目対照表!$M$6:$M$114,0),1),"")
A71: 8 | B71: 本資料は、作成基準日時点における、独立監査人による監査報告書受領済の2026年5月期の計算書類に基づき作成しています。 | K71: =IFERROR(INDEX(科目対照表!$L$6:$L$114,MATCH(B71,科目対照表!$M$6:$M$114,0),1),"")
A72: 9 | B72: 「我が国の中央政府及び中央銀行向け」の項目には、投資法人が東京法務局に供託している営業保証金が含まれています。 | K72: =IFERROR(INDEX(科目対照表!$L$6:$L$114,MATCH(B72,科目対照表!$M$6:$M$114,0),1),"")
A73: 10 | B73: 「金融機関及び第一種金融商品取引業者及び保険会社向け」の項目は、全て預入時から満期までの期間が3ヶ月以内の預金又は普通預金です。 | K73: =IFERROR(INDEX(科目対照表!$L$6:$L$114,MATCH(B73,科目対照表!$M$6:$M$114,0),1),"")
A74: 11 | B74: 「時価」については、2026年5月期の決算書に基づく簿価を掲載しています。なお、有形固定資産（不動産）については、期末時点の鑑定評価額合計から無形固定資産（借地権）の簿価を控除して算出しています。 | K74: =IFERROR(INDEX(科目対照表!$L$6:$L$114,MATCH(B74,科目対照表!$M$6:$M$114,0),1),"")
A75: 12 | B75: 項番22に該当する個別の資産の内容は2026年5月期資産運用報告の「投資法人の運用資産の状況」をご参照ください。 | K75: =IFERROR(INDEX(科目対照表!$L$6:$L$114,MATCH(B75,科目対照表!$M$6:$M$114,0),1),"")
A76: 13 | B76: 他社が運用するファンド向けの出資（匿名組合出資持分等）については、当該ファンドの投資方針等から弊社が適切と判断した分類を行っています。
A77: 14 | B77: 告示に定める、他の金融機関等の対象資本等調達手段に相当するエクスポージャーは保有しておりません。 | K77: =IFERROR(INDEX(科目対照表!$L$6:$L$114,MATCH(B77,科目対照表!$M$6:$M$114,0),1),"")

Sheet RA表（オフバラ）
A1: 投資法人の資産構成内容（オフ・バランス）
B3: 投資法人名 | C3: ='RA表（オンバラ）'!C3 -> アクティビア・プロパティーズ投資法人
B4: 作成時点 | C4: ='RA表（オンバラ）'!C5 -> 46173
A9: ●標記投資法人の資産（オフ・バランス）構成内容は以下のとおりです。 | H9: （千円）
A10: 項目 | B10: 資産項目 | E10: 掛け目（%）
F11: 想定元本 | G11: 与信相当額 | H11: 信用リスクアセット | K11: 関数用
A12: 1 | B12: 任意の時期に無条件で取消可能又は相手方の信用状態が悪化した場合に自動的に取消可能なコミットメント | E12: 10 | F12: =SUMIFS('明細（オフバラ）'!E:E,'明細（オフバラ）'!N:N,K12) -> 0 | G12: =SUMIFS('明細（オフバラ）'!H:H,'明細（オフバラ）'!N:N,K12) -> 0 | H12: =SUMIFS('明細（オフバラ）'!G:G,'明細（オフバラ）'!N:N,K12) -> 0 | I12: =IFERROR(H12/$F$35*100,"") -> 0 | K12: =IFERROR(INDEX(科目対照表!$L$6:$L$114,MATCH(B12,科目対照表!$M$6:$M$114,0),1),"") -> 1000101
A13: 2 | B13: 短期かつ流動性の高い貿易関連偶発債務 | E13: 20 | F13: =SUMIFS('明細（オフバラ）'!E:E,'明細（オフバラ）'!N:N,K13) -> 0 | G13: =SUMIFS('明細（オフバラ）'!H:H,'明細（オフバラ）'!N:N,K13) -> 0 | H13: =SUMIFS('明細（オフバラ）'!G:G,'明細（オフバラ）'!N:N,K13) -> 0 | I13: =IFERROR(H13/$F$35*100,"") -> 0 | K13: =IFERROR(INDEX(科目対照表!$L$6:$L$114,MATCH(B13,科目対照表!$M$6:$M$114,0),1),"") -> 2000101
A14: 3 | B14: コミットメント（項目1に該当するものを除く） | E14: 40 | F14: =SUMIFS('明細（オフバラ）'!E:E,'明細（オフバラ）'!N:N,K14) -> 0 | G14: =SUMIFS('明細（オフバラ）'!H:H,'明細（オフバラ）'!N:N,K14) -> 0 | H14: =SUMIFS('明細（オフバラ）'!G:G,'明細（オフバラ）'!N:N,K14) -> 0 | I14: =IFERROR(H14/$F$35*100,"") -> 0 | K14: =IFERROR(INDEX(科目対照表!$L$6:$L$114,MATCH(B14,科目対照表!$M$6:$M$114,0),1),"") -> 3000101
A15: 4 | B15: 特定の取引に係る偶発債務（項目2に該当するものを除く） | E15: 50 | F15: =SUMIFS('明細（オフバラ）'!E:E,'明細（オフバラ）'!N:N,K15) -> 0 | G15: =SUMIFS('明細（オフバラ）'!H:H,'明細（オフバラ）'!N:N,K15) -> 0 | H15: =SUMIFS('明細（オフバラ）'!G:G,'明細（オフバラ）'!N:N,K15) -> 0 | I15: =IFERROR(H15/$F$35*100,"") -> 0 | K15: =IFERROR(INDEX(科目対照表!$L$6:$L$114,MATCH(B15,科目対照表!$M$6:$M$114,0),1),"") -> 4000101
A16: 5 | B16: ＮＩＦ又はＲＵＦ | E16: 50 | F16: =SUMIFS('明細（オフバラ）'!E:E,'明細（オフバラ）'!N:N,K16) -> 0 | G16: =SUMIFS('明細（オフバラ）'!H:H,'明細（オフバラ）'!N:N,K16) -> 0 | H16: =SUMIFS('明細（オフバラ）'!G:G,'明細（オフバラ）'!N:N,K16) -> 0 | I16: =IFERROR(H16/$F$35*100,"") -> 0 | K16: =IFERROR(INDEX(科目対照表!$L$6:$L$114,MATCH(B16,科目対照表!$M$6:$M$114,0),1),"") -> 5000101
A17: 6 | B17: 信用供与に直接代替する偶発債務 | E17: 100 | F17: =SUMIFS('明細（オフバラ）'!E:E,'明細（オフバラ）'!N:N,K17) -> 0 | G17: =SUMIFS('明細（オフバラ）'!H:H,'明細（オフバラ）'!N:N,K17) -> 0 | H17: =SUMIFS('明細（オフバラ）'!G:G,'明細（オフバラ）'!N:N,K17) -> 0 | I17: =IFERROR(H17/$F$35*100,"") -> 0 | K17: =IFERROR(INDEX(科目対照表!$L$6:$L$114,MATCH(B17,科目対照表!$M$6:$M$114,0),1),"") -> 6000101
A18: 7 | B18: 有価証券の貸付、現金若しくは有価証券による担保の提供又は有価証券の買戻条件付売却若しくは売戻条件付購入 | E18: 100 | F18: =SUMIFS('明細（オフバラ）'!E:E,'明細（オフバラ）'!N:N,K18) -> 0 | G18: =SUMIFS('明細（オフバラ）'!H:H,'明細（オフバラ）'!N:N,K18) -> 0 | H18: =SUMIFS('明細（オフバラ）'!G:G,'明細（オフバラ）'!N:N,K18) -> 0 | I18: =IFERROR(H18/$F$35*100,"") -> 0 | K18: =IFERROR(INDEX(科目対照表!$L$6:$L$114,MATCH(B18,科目対照表!$M$6:$M$114,0),1),"") -> 7000101
A19: 8 | B19: 上記のいずれにも該当しない信用供与に代替するオフ・バランス取引 | E19: 100 | F19: =SUMIFS('明細（オフバラ）'!E:E,'明細（オフバラ）'!N:N,K19) -> 0 | G19: =SUMIFS('明細（オフバラ）'!H:H,'明細（オフバラ）'!N:N,K19) -> 0 | H19: =SUMIFS('明細（オフバラ）'!G:G,'明細（オフバラ）'!N:N,K19) -> 0 | I19: =IFERROR(H19/$F$35*100,"") -> 0 | K19: =IFERROR(INDEX(科目対照表!$L$6:$L$114,MATCH(B19,科目対照表!$M$6:$M$114,0),1),"") -> 8000101
A20: 9 | B20: 買戻条件付資産売却又は求償権付資産売却等 | E20: 100 | F20: =SUMIFS('明細（オフバラ）'!E:E,'明細（オフバラ）'!N:N,K20) -> 0 | G20: =SUMIFS('明細（オフバラ）'!H:H,'明細（オフバラ）'!N:N,K20) -> 0 | H20: =SUMIFS('明細（オフバラ）'!G:G,'明細（オフバラ）'!N:N,K20) -> 0 | I20: =IFERROR(H20/$F$35*100,"") -> 0 | K20: =IFERROR(INDEX(科目対照表!$L$6:$L$114,MATCH(B20,科目対照表!$M$6:$M$114,0),1),"") -> 9000101
A21: 10 | B21: 先物資産購入、先渡預金、部分払込株式の購入又は部分払込債券の購入 | E21: 100 | F21: =SUMIFS('明細（オフバラ）'!E:E,'明細（オフバラ）'!N:N,K21) -> 0 | G21: =SUMIFS('明細（オフバラ）'!H:H,'明細（オフバラ）'!N:N,K21) -> 0 | H21: =SUMIFS('明細（オフバラ）'!G:G,'明細（オフバラ）'!N:N,K21) -> 0 | I21: =IFERROR(H21/$F$35*100,"") -> 0 | K21: =IFERROR(INDEX(科目対照表!$L$6:$L$114,MATCH(B21,科目対照表!$M$6:$M$114,0),1),"") -> 100001
A22: 11 | B22: 派生商品取引 | E22: - | F22: =SUMIFS('明細（オフバラ）'!E:E,'明細（オフバラ）'!N:N,K22) -> 0 | G22: =SUMIFS('明細（オフバラ）'!H:H,'明細（オフバラ）'!N:N,K22) -> 0 | H22: =SUMIFS('明細（オフバラ）'!G:G,'明細（オフバラ）'!N:N,K22) -> 0 | I22: =IFERROR(H22/$F$35*100,"") -> 0 | K22: =IFERROR(INDEX(科目対照表!$L$6:$L$114,MATCH(B22,科目対照表!$M$6:$M$114,0),1),"") -> 110001
A23: 11-1 | B23: 外国為替関連取引 | E23: - | F23: =SUMIFS('明細（オフバラ）'!E:E,'明細（オフバラ）'!N:N,K23) -> 0 | G23: =SUMIFS('明細（オフバラ）'!H:H,'明細（オフバラ）'!N:N,K23) -> 0 | H23: =SUMIFS('明細（オフバラ）'!G:G,'明細（オフバラ）'!N:N,K23) -> 0 | I23: =IFERROR(H23/$F$35*100,"") -> 0 | K23: =IFERROR(INDEX(科目対照表!$L$6:$L$114,MATCH(B23,科目対照表!$M$6:$M$114,0),1),"") -> 110002
A24: 11-2 | B24: 金利関連取引 | E24: - | F24: =SUMIFS('明細（オフバラ）'!E:E,'明細（オフバラ）'!N:N,K24) -> 31710000 | G24: =SUMIFS('明細（オフバラ）'!H:H,'明細（オフバラ）'!N:N,K24) -> 2130428.5 | H24: =SUMIFS('明細（オフバラ）'!G:G,'明細（オフバラ）'!N:N,K24) -> 639128.55 | I24: =IFERROR(H24/$F$35*100,"") -> 2.0155426 | K24: =IFERROR(INDEX(科目対照表!$L$6:$L$114,MATCH(B24,科目対照表!$M$6:$M$114,0),1),"") -> 110003
A25: 11-3 | B25: 金関連取引 | E25: - | F25: =SUMIFS('明細（オフバラ）'!E:E,'明細（オフバラ）'!N:N,K25) -> 0 | G25: =SUMIFS('明細（オフバラ）'!H:H,'明細（オフバラ）'!N:N,K25) -> 0 | H25: =SUMIFS('明細（オフバラ）'!G:G,'明細（オフバラ）'!N:N,K25) -> 0 | I25: =IFERROR(H25/$F$35*100,"") -> 0 | K25: =IFERROR(INDEX(科目対照表!$L$6:$L$114,MATCH(B25,科目対照表!$M$6:$M$114,0),1),"") -> 110004
A26: 11-4 | B26: 株式関連取引 | E26: - | F26: =SUMIFS('明細（オフバラ）'!E:E,'明細（オフバラ）'!N:N,K26) -> 0 | G26: =SUMIFS('明細（オフバラ）'!H:H,'明細（オフバラ）'!N:N,K26) -> 0 | H26: =SUMIFS('明細（オフバラ）'!G:G,'明細（オフバラ）'!N:N,K26) -> 0 | I26: =IFERROR(H26/$F$35*100,"") -> 0 | K26: =IFERROR(INDEX(科目対照表!$L$6:$L$114,MATCH(B26,科目対照表!$M$6:$M$114,0),1),"") -> 110005
A27: 11-5 | B27: 貴金属(金を除く)関連取引 | E27: - | F27: =SUMIFS('明細（オフバラ）'!E:E,'明細（オフバラ）'!N:N,K27) -> 0 | G27: =SUMIFS('明細（オフバラ）'!H:H,'明細（オフバラ）'!N:N,K27) -> 0 | H27: =SUMIFS('明細（オフバラ）'!G:G,'明細（オフバラ）'!N:N,K27) -> 0 | I27: =IFERROR(H27/$F$35*100,"") -> 0 | K27: =IFERROR(INDEX(科目対照表!$L$6:$L$114,MATCH(B27,科目対照表!$M$6:$M$114,0),1),"") -> 110006
A28: 11-6 | B28: その他のコモディティ関連取引 | E28: - | F28: =SUMIFS('明細（オフバラ）'!E:E,'明細（オフバラ）'!N:N,K28) -> 0 | G28: =SUMIFS('明細（オフバラ）'!H:H,'明細（オフバラ）'!N:N,K28) -> 0 | H28: =SUMIFS('明細（オフバラ）'!G:G,'明細（オフバラ）'!N:N,K28) -> 0 | I28: =IFERROR(H28/$F$35*100,"") -> 0 | K28: =IFERROR(INDEX(科目対照表!$L$6:$L$114,MATCH(B28,科目対照表!$M$6:$M$114,0),1),"") -> 110007
A29: 11-7 | B29: クレジット・デリバティブ取引 （カウンター・パーティー・リスク） | E29: - | F29: =SUMIFS('明細（オフバラ）'!E:E,'明細（オフバラ）'!N:N,K29) -> 0 | G29: =SUMIFS('明細（オフバラ）'!H:H,'明細（オフバラ）'!N:N,K29) -> 0 | H29: =SUMIFS('明細（オフバラ）'!G:G,'明細（オフバラ）'!N:N,K29) -> 0 | I29: =IFERROR(H29/$F$35*100,"") -> 0 | K29: =IFERROR(INDEX(科目対照表!$L$6:$L$114,MATCH(B29,科目対照表!$M$6:$M$114,0),1),"") -> 110008
A30: 一括清算ﾈｯﾃｨﾝｸﾞ契約による与信相当額削減効果（△） | E30: - | F30: =SUMIFS('明細（オフバラ）'!E:E,'明細（オフバラ）'!N:N,K30) -> 0 | G30: =SUMIFS('明細（オフバラ）'!H:H,'明細（オフバラ）'!N:N,K30) -> 0 | H30: =SUMIFS('明細（オフバラ）'!G:G,'明細（オフバラ）'!N:N,K30) -> 0 | I30: =IFERROR(H30/$F$35*100,"") -> 0 | K30: =IFERROR(INDEX(科目対照表!$L$6:$L$114,MATCH(A30,科目対照表!$M$6:$M$114,0),1),"") -> 111111
A31: 12 | B31: 長期決済期間取引 | E31: - | F31: =SUMIFS('明細（オフバラ）'!E:E,'明細（オフバラ）'!N:N,K31) -> 0 | G31: =SUMIFS('明細（オフバラ）'!H:H,'明細（オフバラ）'!N:N,K31) -> 0 | H31: =SUMIFS('明細（オフバラ）'!G:G,'明細（オフバラ）'!N:N,K31) -> 0 | I31: =IFERROR(H31/$F$35*100,"") -> 0 | K31: =IFERROR(INDEX(科目対照表!$L$6:$L$114,MATCH(B31,科目対照表!$M$6:$M$114,0),1),"") -> 120001
A32: 13 | B32: 未決済取引 | E32: - | F32: =SUMIFS('明細（オフバラ）'!E:E,'明細（オフバラ）'!N:N,K32) -> 0 | G32: =SUMIFS('明細（オフバラ）'!H:H,'明細（オフバラ）'!N:N,K32) -> 0 | H32: =SUMIFS('明細（オフバラ）'!G:G,'明細（オフバラ）'!N:N,K32) -> 0 | I32: =IFERROR(H32/$F$35*100,"") -> 0 | K32: =IFERROR(INDEX(科目対照表!$L$6:$L$114,MATCH(B32,科目対照表!$M$6:$M$114,0),1),"") -> 130001
A33: 14 | B33: 証券化ｴｸｽﾎﾟｰｼﾞｬｰに係る 適格なｻｰﾋﾞｻｰ･ｷｬｯｼｭ･ｱﾄﾞﾊﾞﾝｽの信用供与枠のうち未実行部分 | E33: 10 | F33: =SUMIFS('明細（オフバラ）'!E:E,'明細（オフバラ）'!N:N,K33) -> 0 | G33: =SUMIFS('明細（オフバラ）'!H:H,'明細（オフバラ）'!N:N,K33) -> 0 | H33: =SUMIFS('明細（オフバラ）'!G:G,'明細（オフバラ）'!N:N,K33) -> 0 | I33: =IFERROR(H33/$F$35*100,"") -> 0 | K33: =IFERROR(INDEX(科目対照表!$L$6:$L$114,MATCH(B33,科目対照表!$M$6:$M$114,0),1),"") -> 140001
A34: 15 | B34: 上記以外のｵﾌ･ﾊﾞﾗﾝｽの証券化ｴｸｽﾎﾟｰｼﾞｬｰ | E34: 100 | F34: =SUMIFS('明細（オフバラ）'!E:E,'明細（オフバラ）'!N:N,K34) -> 0 | G34: =SUMIFS('明細（オフバラ）'!H:H,'明細（オフバラ）'!N:N,K34) -> 0 | H34: =SUMIFS('明細（オフバラ）'!G:G,'明細（オフバラ）'!N:N,K34) -> 0 | I34: =IFERROR(H34/$F$35*100,"") -> 0 | K34: =IFERROR(INDEX(科目対照表!$L$6:$L$114,MATCH(B34,科目対照表!$M$6:$M$114,0),1),"") -> 150001
F35: =SUM(F12:F34) -> 31710000 | G35: =SUM(G12:G34) -> 2130428.5 | H35: =SUM(H12:H34) -> 639128.55 | K35: =IFERROR(INDEX(科目対照表!$L$6:$L$114,MATCH(B35,科目対照表!$M$6:$M$114,0),1),"")
K36: =IFERROR(INDEX(科目対照表!$L$6:$L$114,MATCH(B36,科目対照表!$M$6:$M$114,0),1),"")
A38: 1 | B38: 本資料は、本投資法人の投資口を保有する金融機関において、適用のある自己資本比率を算出する上で参考にしていただくことを目的として、本投資法人の資産運用会社である東急不動産リート・マネジメント株式会社（以下「弊社」といいます。）が作成したものです。本資料に記載の情報の全部又は一部を会計、税務又は規制上の取扱等の目的に利用される場合は、専門家とご相談の上、投資主様ご自身の判断と責任においてお取扱い下さいますようお願い申し上げます。 | K38: =IFERROR(INDEX(科目対照表!$L$6:$L$114,MATCH(B38,科目対照表!$M$6:$M$114,0),1),"")
A39: 2 | B39: 本資料に記載している情報は、過去の一定時点における本投資法人のポートフォリオの状況について得られた情報です。当該情報は、「銀行法第十四条の二の規定に基づき、銀行がその保有する資産等に照らし自己資本の充実の状況が適当であるかどうかを判断するための基準」（平成18年金融庁告示第19号。その後の変更を含み、以下「告示」といいます。）を含む関連法令等を参考にしていますが、必ずしも関連法令等の厳密な解釈に基づき算出した値ではありません。また、弊社独自の解釈及び判断により算出した値を含む場合がありますが、弊社がその算出方法等を推奨するものではありません。弊社は、適用されるリスク・ウェイトを含む本資料の正確性、完全性、合理性及び妥当性について、何ら表明又は保証を行うものではありません。本資料に記載された情報の不確実性又は不完全性及び本資料の使用により生じた結果について、弊社は一切の責任を負いません。 | K39: =IFERROR(INDEX(科目対照表!$L$6:$L$114,MATCH(B39,科目対照表!$M$6:$M$114,0),1),"")
A40: 3 | B40: 告示上、適用されるリスク・ウェイトについて経過措置が定められている場合であっても、本資料では、かかる経過措置が終了した後に適用されるリスク・ウェイトを記載しています。 | K40: =IFERROR(INDEX(科目対照表!$L$6:$L$114,MATCH(B40,科目対照表!$M$6:$M$114,0),1),"")
A41: 4 | B41: 弊社では、告示第48条の2に規定される「デュー・ディリジェンス分析」は実施しておりません。 | K41: =IFERROR(INDEX(科目対照表!$L$6:$L$114,MATCH(B41,科目対照表!$M$6:$M$114,0),1),"")
A42: 5 | B42: 派生商品取引については、告示第79条の4に規定されるカレント・エクスポージャー方式（CEM)を用いて計算しています。
A43: 6 | B43: 本資料の内容については、本投資法人の他の開示資料等での開示内容（開示内容の前提となる条件等を含みます。）と異なる場合があります。本資料の様式、表示項目、各数値の算出根拠等は予告なく変更する場合があります。また、本資料の必要性が無くなったと弊社が判断した場合は作成及び公表を中止する場合があります。 | K43: =IFERROR(INDEX(科目対照表!$L$6:$L$114,MATCH(B43,科目対照表!$M$6:$M$114,0),1),"")
A44: 7 | B44: 本資料は、作成基準日時点における、独立監査人による監査報告書受領済の2026年5月期の計算書類に基づき作成しています。 | K44: =IFERROR(INDEX(科目対照表!$L$6:$L$114,MATCH(B44,科目対照表!$M$6:$M$114,0),1),"")

Sheet 明細（オンバラ）
A1: 1 | B1: 1 | C1: 1 | D1: 1 | E1: 1 | F1: 1 | G1: 1 | H1: 1 | I1: 1 | J1: 1 | K1: 1
A4: リスク・アセット オンバランス明細
B5: 貸借対照表及び不動産明細については、資産運用報告を参照
A9: a. 財務諸表 | G9: （千円） | I9: 18
B10: 科目 | C10: カウンターパーティ/資産名称 | D10: リスク資産項目 | E10: 帳簿価額 | F10: リスクウェイト | G10: リスクアセット額 | I10: 財務諸表# | J10: 科目＃
B11: 現金及び預金 | C11: 短期（３ヶ月以内）円建て預金（BBB-格以上） | D11: 金融機関及び第一種金融商品取引業者及び保険会社向け | E11: 15170679 | F11: 0.2 | G11: 3034135.8 | I11: 1 | J11: 1101
B12: 信託現金及び信託預金 | C12: 短期（３ヶ月以内）円建て預金（BBB-格以上） | D12: 金融機関及び第一種金融商品取引業者及び保険会社向け | E12: 5926972 | F12: 0.2 | G12: 1185394.4 | I12: 2 | J12: 1101
B13: 営業未収入金 | C13: 法人等 | D13: 法人等向け（特定貸付債権向けを含む） | E13: 680509 | F13: 1 | G13: 680509 | I13: 3 | J13: 1301
B14: 前払費用 | C14: 法人等 | D14: 法人等向け（特定貸付債権向けを含む） | E14: 707110 | F14: 1 | G14: 707110 | I14: 4 | J14: 1301
B15: 未収還付法人税等 | C15: - | D15: 我が国の中央政府及び中央銀行向け | E15: 14171 | F15: 0 | G15: 0 | I15: 5 | J15: 201
B16: 流動資産その他 | C16: 法人等 | D16: 上記以外（うち上記以外のエクスポージャー） | E16: 21384 | F16: 1 | G16: 21384 | I16: 6 | J16: 2205
B17: 工具、器具及び備品（純額） | C17: 不動産 | D17: 上記以外（うち有形固定資産（不動産）） | E17: 18591 | F17: 1 | G17: 18591 | I17: 7 | J17: 2202
B18: 信託建物（純額） | C18: 不動産 | D18: 上記以外（うち有形固定資産（不動産）） | E18: 72147614 | F18: 1 | G18: 72147614 | I18: 8 | J18: 2202
B19: 信託構築物（純額） | C19: 不動産 | D19: 上記以外（うち有形固定資産（不動産）） | E19: 402961 | F19: 1 | G19: 402961 | I19: 9 | J19: 2202
B20: 信託機械及び装置（純額） | C20: 不動産 | D20: 上記以外（うち有形固定資産（不動産）） | E20: 1198773 | F20: 1 | G20: 1198773 | I20: 10 | J20: 2202
B21: 信託工具、器具及び備品（純額） | C21: 不動産 | D21: 上記以外（うち有形固定資産（不動産）） | E21: 286059 | F21: 1 | G21: 286059 | I21: 11 | J21: 2202
B22: 信託土地 | C22: 不動産 | D22: 上記以外（うち有形固定資産（不動産）） | E22: 453337142 | F22: 1 | G22: 453337142 | I22: 12 | J22: 2202
... B24: 信託借地権 | C24: - | D24: 上記以外（うち無形固定資産（借地権）） | E24: 9055086 | F24: 1 | G24: 9055086 | I24: 14 | J24: 2204
B25: 無形固定資産その他 | C25: - | D25: 上記以外の無形固定資産等（自己資本調整項目） | E25: 3326 | F25: 欄外 | G25: - | I25: 15 | J25: 2601
B26: 投資有価証券 | C26: - | D26: 上記以外（うち有形固定資産（不動産）（匿名組合出資持分の裏付資産））） | E26: 1605910 | F26: 2.5 | G26: 4014775 | I26: 16 | J26: 2203
B27: 長期前払費用 | C27: 法人等 | D27: 上記以外（うち上記以外のエクスポージャー） | E27: 1315671 | F27: 1 | G27: 1315671 | I27: 17 | J27: 2205
B28: 投資法人債発行費 | C28: - | D28: 上記以外（うち上記以外のエクスポージャー） | E28: 63925 | F28: 1 | G28: 63925 | I28: 18 | J28: 2205
B39: ↑を挿入 | E39: 562011257
I40: TRUE
A42: b. 別途明細作成
A43: 投資その他の資産その他 | G43: （千円） | I43: 1
B44: 科目 | C44: カウンターパーティ/資産名称 | D44: リスク資産項目 | E44: 帳簿価額 | F44: リスクウェイト | G44: リスクアセット額 | I44: # | J44: 科目＃
B45: 投資その他の資産その他 | C45: 宅建業の営業保証金 | D45: 我が国の中央政府及び中央銀行向け | E45: 10000 | F45: 0 | G45: 0 | I45: 1 | J45: 201
B46: 投資その他の資産その他 | C46: 差入保証金 | D46: 法人等向け（特定貸付債権向けを含む） | E46: 29222 | F46: 1 | G46: 29222 | I46: 2 | J46: 1301
B48: ↑を挿入 | E48: 39222
I49: TRUE
A51: ※列を追加、不動産について鑑定評価額で拾えるように修正（71列目に算定価額を手入力） | G51: （千円）
A52: c. オンバランス外の資産 | I52: 0
B53: 科目 | C53: カウンターパーティ/資産名称 | D53: リスク資産項目 | E53: 帳簿価額 | I53: 財務諸表#
B54: #N/A | C54: #N/A | D54: #N/A | I54: 1
B58: ↑を挿入 | E58: 0
B61: d. 総資産額合計 (a+b+c) | E61: 562050479
I62: TRUE
A65: e. 不動産（鑑定評価額）
B66: 科目 | C66: カウンターパーティ/資産名称 | D66: リスク資産項目 | E66: 算定価額 | F66: リスクウェイト | G66: リスクアセット額 | I66: # | J66: 科目＃
B67: e. 不動産（鑑定評価額） | C67: 不動産 | D67: 上記以外（うち有形固定資産（不動産）） | E67: 661891000 | F67: 1 | G67: 661891000 | I67: 1 | J67: 2202
B70: 鑑定評価額から控除 | C70: 借地権 | D70: 上記以外（うち無形固定資産（借地権）） | E70: 9055086 | I70: 100
B71: ↑を挿入 | E71: 652835914 | F71: 1 | G71: 652835914
B76: f. オンバランス明細合計 (ｄ+不動産鑑定評価額-不動産帳簿価額)※無形固定資産控除 | E76: 687439879
I77: TRUE

Sheet 明細（オフバラ）
A1: リスク・アセット オフバランス明細
L2: （千円）
O3: 残存期間
A4: 金利スワップ取引 | Q4: アドオン掛け目
B5: 科目 | C5: カウンターパーティ/資産名称 | D5: リスク資産項目 | E5: 想定元本 | F5: リスク・ウェイト | G5: リスクアセット額 | H5: 個別銘柄与信相当額 | I5: 期末日 | J5: 取引終了日 | K5: アドオン掛け目 | L5: 再構築コスト | N5: 科目＃ | O5: 残存期間 | Q5: 取引の区分 | R5: 残存期間の区分 | S5: 関数 | T5: 掛け目
B6: 金利スワップ取引 | C6: A-格以上金融機関 | D6: 金利関連取引 | E6: 3500000 | F6: 0.3 | G6: 26426.122 | H6: 88087.074 | I6: 46173 | J6: 46573 | K6: 0.005 | L6: 41224.716 | N6: 110003 | O6: 1.0958904 | Q6: 金利関連取引 | R6: 1年以内 | S6: 0 | T6: 0
B7: 金利スワップ取引 | C7: A-格以上金融機関 | D7: 金利関連取引 | E7: 9640000 | F7: 0.3 | G7: 108071.17 | H7: 360237.23 | I7: 46173 | J7: 46763 | K7: 0.005 | L7: 191958.15 | N7: 110003 | O7: 1.6149635 | R7: 1年超5年以内 | S7: 1 | T7: 0.005
B8: 金利スワップ取引 | C8: A-格以上金融機関 | D8: 金利関連取引 | E8: 9850000 | F8: 0.3 | G8: 399094.21 | H8: 1330314 | I8: 46173 | J8: 48838 | K8: 0.015 | L8: 739126.02 | N8: 110003 | O8: 7.2963723 | R8: 5年超 | S8: 5 | T8: 0.015
B9: 金利スワップ取引 | C9: A-格以上金融機関 | D9: 金利関連取引 | E9: 3320000 | F9: 0.3 | G9: 47263.196 | H9: 157543.99 | I9: 46173 | J9: 49033 | K9: 0.015 | L9: 55229.324 | N9: 110003 | O9: 7.8308488 | Q9: 外国為替関連取引及び金関連取引 | R9: 1年以内 | S9: 0 | T9: 0.01
B10: 金利スワップ取引 | C10: A-格以上金融機関 | D10: 金利関連取引 | E10: 5400000 | F10: 0.3 | G10: 58273.857 | H10: 194246.19 | I10: 46173 | J10: 48660 | K10: 0.015 | L10: 48497.46 | N10: 110003 | O10: 6.8090349 | R10: 1年超5年以内 | S10: 1 | T10: 0.05
R11: 5年超 | S11: 5 | T11: 0.075
B17: ↑を挿入
E18: 31710000 | F18: 0.3 | G18: 639128.55 | H18: 2130428.5
A20: 外国為替関連取引 | L20: （千円）
B21: 科目 | C21: カウンターパーティ/資産名称 | D21: リスク資産項目 | E21: 想定元本 | F21: リスク・ウェイト | G21: リスクアセット額 | H21: 個別銘柄与信相当額 | I21: 期末日 | J21: 取引終了日 | K21: アドオン掛け目 | L21: 再構築コスト | N21: 科目＃ | O21: 残存期間
B33: ↑を挿入
E34: 0 | G34: 0 | H34: 0
A36: コミットメント取引 | H36: （千円）
B37: 科目 | C37: カウンターパーティ/資産名称 | D37: リスク資産項目 | E37: 想定元本 | F37: リスク・ウェイト | G37: リスクアセット額 | H37: 個別銘柄与信相当額 | N37: 科目＃
B49: ↑を挿入

Sheet 入力シート

Sheet 財務諸表
A1: =IFERROR(INDEX($U$1:$U$110,MATCH($L1,$Y$1:$Y$110,0),1),"") -> 0 | B1: =IFERROR(INDEX($W$1:$W$110,MATCH($L1,$Y$1:$Y$110,0),1),"") -> 0 | N1: 負債の部 | Y1: 0
A2: =IFERROR(INDEX($U$1:$U$110,MATCH($L2,$Y$1:$Y$110,0),1),"") -> 0 | B2: =IFERROR(INDEX($W$1:$W$110,MATCH($L2,$Y$1:$Y$110,0),1),"") -> 0 | N2: 1 | T2: =IF(OR(P2=$AE$15,P2=$AE$16,P2=$AE$17,P2=$AE$18,P2=$AE$19,P2=$AE$20,P2=$AE$21,P2=$AE$22,P2=$AE$23),P2,T1) -> 0 | Y2: =IF(N2=0,0,IF(AND(W2>0,W2<>""),MAX($Y$1:Y1)+1,0)) -> 0 | AA2: 置き換え | AC2: 削除
A3: =IFERROR(INDEX($U$1:$U$110,MATCH($L3,$Y$1:$Y$110,0),1),"") -> 0 | B3: =IFERROR(INDEX($W$1:$W$110,MATCH($L3,$Y$1:$Y$110,0),1),"") -> 0 | N3: =IF(N2=1,IF(P6=$N$1,0,1),0) -> 1 | T3: =IF(OR(P3=$AE$15,P3=$AE$16,P3=$AE$17,P3=$AE$18,P3=$AE$19,P3=$AE$20,P3=$AE$21,P3=$AE$22,P3=$AE$23),P3,T2) -> 0 | Y3: =IF(N3=0,0,IF(AND(W3>0,W3<>""),MAX($Y$1:Y2)+1,0)) -> 0 | AA3: △ | AC3: ※1,※3 | AD3: ※1 | AE3: *1 | AF3: ※1
A4: =IFERROR(INDEX($U$1:$U$110,MATCH($L4,$Y$1:$Y$110,0),1),"") -> 0 | B4: =IFERROR(INDEX($W$1:$W$110,MATCH($L4,$Y$1:$Y$110,0),1),"") -> （単位：千円） | H4: H列を追加「明細（オンバラ）」シートにて参照 | L4: 1 | N4: =IF(N3=1,IF(P7=$N$1,0,1),0) -> 1 | R4: （単位：千円） | T4: =IF(OR(P4=$AE$15,P4=$AE$16,P4=$AE$17,P4=$AE$18,P4=$AE$19,P4=$AE$20,P4=$AE$21,P4=$AE$22,P4=$AE$23),P4,T3) -> 0 | W4: =R4 -> （単位：千円） | Y4: =IF(N4=0,0,IF(AND(W4>0,W4<>""),MAX($Y$1:Y3)+1,0)) -> 1 | AC4: ※2,※3 | AD4: ※2 | AE4: *2 | AF4: ※2
A5: =IFERROR(INDEX($U$1:$U$110,MATCH($L5,$Y$1:$Y$110,0),1),"") -> 0 | B5: =IFERROR(INDEX($W$1:$W$110,MATCH($L5,$Y$1:$Y$110,0),1),"") -> 当 期 | C5: 別途明細作成 | D5: 標準カウンターパーティ | E5: オンバランス明細 | F5: 財務諸表＃ | G5: 別途明細＃ | H5: オンバランス外 | L5: =L4+1 -> 2 | N5: =IF(N4=1,IF(P8=$N$1,0,1),0) -> 1 | Q5: 前 期（ご参考） | R5: 当 期 | T5: =IF(OR(P5=$AE$15,P5=$AE$16,P5=$AE$17,P5=$AE$18,P5=$AE$19,P5=$AE$20,P5=$AE$21,P5=$AE$22,P5=$AE$23),P5,T4) -> 0 | V5: 変換 | W5: =R5 -> 当 期 | Y5: =IF(N5=0,0,IF(AND(W5>0,W5<>""),MAX($Y$1:Y4)+1,0)) -> 2 | AC5: ※1,※2 | AD5: ※3 | AE5: *3 | AF5: ※3
A6: =IFERROR(INDEX($U$1:$U$110,MATCH($L6,$Y$1:$Y$110,0),1),"") -> 現金及び預金 | B6: =IFERROR(INDEX($W$1:$W$110,MATCH($L6,$Y$1:$Y$110,0),1),"") -> 15170679 | D6: =IF(A6="","",IFERROR(VLOOKUP(A6,科目対照表!$C$6:$F$114,科目対照表!$F$4,0),"")) -> 短期（３ヶ月以内）円建て預金（BBB-格以上） | E6: =IF(A6="","",IFERROR(VLOOKUP(A6,科目対照表!$C$6:$H$114,科目対照表!$H$4,0),"")) -> Y | F6: =IF(D6="","",IF(E6="Y",IF(C6="",MAX($F$5:F5)+1,""),"")) -> 1 | G6: =IF(D6="","",IF(E6="Y",IF(C6="Y",MAX($G$5:G5)+1,""),"")) | H6: =IF(D6="","",IF(E6="",IF(C6="",MAX($H$5:H5)+1,""),"")) | L6: =L5+1 -> 3 | N6: =IF(N5=1,IF(P9=$N$1,0,1),0) -> 1 | Q6: 2025年 11月30日 | R6: 2026年5月31日 | T6: =IF(OR(P6=$AE$15,P6=$AE$16,P6=$AE$17,P6=$AE$18,P6=$AE$19,P6=$AE$20,P6=$AE$21,P6=$AE$22,P6=$AE$23),P6,T5) -> 0 | V6: {=_xlfn.IFS(IFERROR(SEARCH("△",S6),0)>0,SUBSTITUTE(S6,"△","-"),S6="","",TRUE,S6)} | W6: {=IFERROR(_xlfn.IFS(LEFT(V6,1)="※",VALUE(RIGHT(V6,LEN(V6)-FIND("★",SUBSTITUTE(V6," ","★",LEN(V6)-LEN(SUBSTITUTE(V6," ","")))))),OR(V6="－",V6="-"),0,TRUE,VALUE(V6)),"")} | Y6: =IF(N6=0,0,IF(AND(W6>0,W6<>""),MAX($Y$1:Y5)+1,0)) -> 0 | AC6: ※1,※2 | AD6: ※4 | AE6: *4 | AF6: ※4
A7: =IFERROR(INDEX($U$1:$U$110,MATCH($L7,$Y$1:$Y$110,0),1),"") -> 信託現金及び信託預金 | B7: =IFERROR(INDEX($W$1:$W$110,MATCH($L7,$Y$1:$Y$110,0),1),"") -> 5926972 | D7: =IF(A7="","",IFERROR(VLOOKUP(A7,科目対照表!$C$6:$F$114,科目対照表!$F$4,0),"")) -> 短期（３ヶ月以内）円建て預金（BBB-格以上） | E7: =IF(A7="","",IFERROR(VLOOKUP(A7,科目対照表!$C$6:$H$114,科目対照表!$H$4,0),"")) -> Y | F7: =IF(D7="","",IF(E7="Y",IF(C7="",MAX($F$5:F6)+1,""),"")) -> 2 | G7: =IF(D7="","",IF(E7="Y",IF(C7="Y",MAX($G$5:G6)+1,""),"")) | H7: =IF(D7="","",IF(E7="",IF(C7="",MAX($H$5:H6)+1,""),"")) | L7: =L6+1 -> 4 | N7: =IF(N6=1,IF(P10=$N$1,0,1),0) -> 1 | P7: 資産の部 | T7: =IF(OR(P7=$AE$15,P7=$AE$16,P7=$AE$17,P7=$AE$18,P7=$AE$19,P7=$AE$20,P7=$AE$21,P7=$AE$22,P7=$AE$23),P7,T6) -> 0 | U7: =IF(OR(P7=$AA$14,P7=$AA$15,P7=$AA$16,P7=$AA$17,P7=$AA$18,P7=$AA$19,P7=$AA$20,P7=$AB$14,P7=$AB$15,P7=$AB$16,P7=$AB$17,P7=$AB$18,P7=$AB$19,P7=$AB$20),T7&P7,P7) -> 資産の部 | V7: {=_xlfn.IFS(IFERROR(SEARCH("△",S7),0)>0,SUBSTITUTE(S7,"△","-"),S7="","",TRUE,S7)} | W7: {=IFERROR(_xlfn.IFS(LEFT(V7,1)="※",VALUE(RIGHT(V7,LEN(V7)-FIND("★",SUBSTITUTE(V7," ","★",LEN(V7)-LEN(SUBSTITUTE(V7," ","")))))),OR(V7="－",V7="-"),0,TRUE,VALUE(V7)),"")} | Y7: =IF(N7=0,0,IF(AND(W7>0,W7<>""),MAX($Y$1:Y6)+1,0)) -> 0 | AC7: ※１,※３ | AD7: ※5 | AE7: *5 | AF7: ※5
A8: =IFERROR(INDEX($U$1:$U$110,MATCH($L8,$Y$1:$Y$110,0),1),"") -> 営業未収入金 | B8: =IFERROR(INDEX($W$1:$W$110,MATCH($L8,$Y$1:$Y$110,0),1),"") -> 680509 | D8: =IF(A8="","",IFERROR(VLOOKUP(A8,科目対照表!$C$6:$F$114,科目対照表!$F$4,0),"")) -> 法人等 | E8: =IF(A8="","",IFERROR(VLOOKUP(A8,科目対照表!$C$6:$H$114,科目対照表!$H$4,0),"")) -> Y | F8: =IF(D8="","",IF(E8="Y",IF(C8="",MAX($F$5:F7)+1,""),"")) -> 3 | G8: =IF(D8="","",IF(E8="Y",IF(C8="Y",MAX($G$5:G7)+1,""),"")) | H8: =IF(D8="","",IF(E8="",IF(C8="",MAX($H$5:H7)+1,""),"")) | L8: =L7+1 -> 5 | N8: =IF(N7=1,IF(P11=$N$1,0,1),0) -> 1 | P8: 流動資産 | T8: =IF(OR(P8=$AE$15,P8=$AE$16,P8=$AE$17,P8=$AE$18,P8=$AE$19,P8=$AE$20,P8=$AE$21,P8=$AE$22,P8=$AE$23),P8,T7) -> 流動資産 | U8: =IF(OR(P8=$AA$14,P8=$AA$15,P8=$AA$16,P8=$AA$17,P8=$AA$18,P8=$AA$19,P8=$AA$20,P8=$AB$14,P8=$AB$15,P8=$AB$16,P8=$AB$17,P8=$AB$18,P8=$AB$19,P8=$AB$20),T8&P8,P8) -> 流動資産 | V8: =ASC(R8) | W8: =IFERROR(SUBSTITUTE(SUBSTITUTE(SUBSTITUTE(SUBSTITUTE(SUBSTITUTE(SUBSTITUTE(SUBSTITUTE(SUBSTITUTE(SUBSTITUTE(SUBSTITUTE(SUBSTITUTE(SUBSTITUTE(SUBSTITUTE(SUBSTITUTE(SUBSTITUTE(SUBSTITUTE(SUBSTITUTE(SUBSTITUTE(SUBSTITUTE(SUBSTITUTE(SUBSTITUTE(SUBSTITUTE(SUBSTITUTE(SUBSTITUTE(SUBSTITUTE(SUBSTITUTE(SUBSTITUTE(SUBSTITUTE(SUBSTITUTE(SUBSTITUTE(SUBSTITUTE(SUBSTITUTE(SUBSTITUTE(V8,$AA$3,"-"),$AC$3,""),$AC$4,""),$AC$5,""),$AC$6,""),$AD$3,""),$AD$4,""),$AD$5,""),$AD$6,""),$AD$7,""),$AD$8,""),$AD$9,""),$AE$3,""),$AE$4,""),$AE$5,""),$AF$3,""),$AF$4,""),$AF$5,""),$AF$6,""),$AF$7,""),$AF$8,""),$AF$9,""),$AE$6,""),$AE$7,""),$AE$8,""),$AE$9,""),$AC$7,""),$AC$8,""),$AC$9,""),$AA$4,"")," ","")," ","")," ","")*$AA$12/1000,"") | Y8: =IF(N8=0,0,IF(AND(W8>0,W8<>""),MAX($Y$1:Y7)+1,0)) -> 0 | AD8: ※6 | AE8: *6 | AF8: ※
A9: =IFERROR(INDEX($U$1:$U$110,MATCH($L9,$Y$1:$Y$110,0),1),"") -> 前払費用 | B9: =IFERROR(INDEX($W$1:$W$110,MATCH($L9,$Y$1:$Y$110,0),1),"") -> 707110 | D9: =IF(A9="","",IFERROR(VLOOKUP(A9,科目対照表!$C$6:$F$114,科目対照表!$F$4,0),"")) -> 法人等 | E9: =IF(A9="","",IFERROR(VLOOKUP(A9,科目対照表!$C$6:$H$114,科目対照表!$H$4,0),"")) -> Y | F9: =IF(D9="","",IF(E9="Y",IF(C9="",MAX($F$5:F8)+1,""),"")) -> 4 | G9: =IF(D9="","",IF(E9="Y",IF(C9="Y",MAX($G$5:G8)+1,""),"")) | H9: =IF(D9="","",IF(E9="",IF(C9="",MAX($H$5:H8)+1,""),"")) | L9: =L8+1 -> 6 | N9: =IF(N8=1,IF(P12=$N$1,0,1),0) -> 1 | P9: 現金及び預金 | Q9: 16624331 | R9: 15170679 | T9: =IF(OR(P9=$AE$15,P9=$AE$16,P9=$AE$17,P9=$AE$18,P9=$AE$19,P9=$AE$20,P9=$AE$21,P9=$AE$22,P9=$AE$23),P9,T8) -> 流動資産 | U9: =IF(OR(P9=$AA$14,P9=$AA$15,P9=$AA$16,P9=$AA$17,P9=$AA$18,P9=$AA$19,P9=$AA$20,P9=$AB$14,P9=$AB$15,P9=$AB$16,P9=$AB$17,P9=$AB$18,P9=$AB$19,P9=$AB$20),T9&P9,P9) -> 現金及び預金 | V9: =ASC(R9) -> 15170679 | W9: =IFERROR(SUBSTITUTE(SUBSTITUTE(SUBSTITUTE(SUBSTITUTE(SUBSTITUTE(SUBSTITUTE(SUBSTITUTE(SUBSTITUTE(SUBSTITUTE(SUBSTITUTE(SUBSTITUTE(SUBSTITUTE(SUBSTITUTE(SUBSTITUTE(SUBSTITUTE(SUBSTITUTE(SUBSTITUTE(SUBSTITUTE(SUBSTITUTE(SUBSTITUTE(SUBSTITUTE(SUBSTITUTE(SUBSTITUTE(SUBSTITUTE(SUBSTITUTE(SUBSTITUTE(SUBSTITUTE(SUBSTITUTE(SUBSTITUTE(SUBSTITUTE(SUBSTITUTE(SUBSTITUTE(SUBSTITUTE(V9,$AA$3,"-"),$AC$3,""),$AC$4,""),$AC$5,""),$AC$6,""),$AD$3,""),$AD$4,""),$AD$5,""),$AD$6,""),$AD$7,""),$AD$8,""),$AD$9,""),$AE$3,""),$AE$4,""),$AE$5,""),$AF$3,""),$AF$4,""),$AF$5,""),$AF$6,""),$AF$7,""),$AF$8,""),$AF$9,""),$AE$6,""),$AE$7,""),$AE$8,""),$AE$9,""),$AC$7,""),$AC$8,""),$AC$9,""),$AA$4,"")," ","")," ","")," ","")*$AA$12/1000,"") -> 15170679 | Y9: =IF(N9=0,0,IF(AND(W9>0,W9<>""),MAX($Y$1:Y8)+1,0)) -> 3 | AD9: ※7 | AE9: *
A10: =IFERROR(INDEX($U$1:$U$110,MATCH($L10,$Y$1:$Y$110,0),1),"") -> 未収還付法人税等 | B10: =IFERROR(INDEX($W$1:$W$110,MATCH($L10,$Y$1:$Y$110,0),1),"") -> 14171 | D10: =IF(A10="","",IFERROR(VLOOKUP(A10,科目対照表!$C$6:$F$114,科目対照表!$F$4,0),"")) -> - | E10: =IF(A10="","",IFERROR(VLOOKUP(A10,科目対照表!$C$6:$H$114,科目対照表!$H$4,0),"")) -> Y | F10: =IF(D10="","",IF(E10="Y",IF(C10="",MAX($F$5:F9)+1,""),"")) -> 5 | G10: =IF(D10="","",IF(E10="Y",IF(C10="Y",MAX($G$5:G9)+1,""),"")) | H10: =IF(D10="","",IF(E10="",IF(C10="",MAX($H$5:H9)+1,""),"")) | L10: =L9+1 -> 7 | N10: =IF(N9=1,IF(P13=$N$1,0,1),0) -> 1 | P10: 信託現金及び信託預金 | Q10: 4581403 | R10: 5926972 | T10: =IF(OR(P10=$AE$15,P10=$AE$16,P10=$AE$17,P10=$AE$18,P10=$AE$19,P10=$AE$20,P10=$AE$21,P10=$AE$22,P10=$AE$23),P10,T9) -> 流動資産 | U10: =IF(OR(P10=$AA$14,P10=$AA$15,P10=$AA$16,P10=$AA$17,P10=$AA$18,P10=$AA$19,P10=$AA$20,P10=$AB$14,P10=$AB$15,P10=$AB$16,P10=$AB$17,P10=$AB$18,P10=$AB$19,P10=$AB$20),T10&P10,P10) -> 信託現金及び信託預金 | V10: =ASC(R10) -> 5926972 | W10: =IFERROR(SUBSTITUTE(SUBSTITUTE(SUBSTITUTE(SUBSTITUTE(SUBSTITUTE(SUBSTITUTE(SUBSTITUTE(SUBSTITUTE(SUBSTITUTE(SUBSTITUTE(SUBSTITUTE(SUBSTITUTE(SUBSTITUTE(SUBSTITUTE(SUBSTITUTE(SUBSTITUTE(SUBSTITUTE(SUBSTITUTE(SUBSTITUTE(SUBSTITUTE(SUBSTITUTE(SUBSTITUTE(SUBSTITUTE(SUBSTITUTE(SUBSTITUTE(SUBSTITUTE(SUBSTITUTE(SUBSTITUTE(SUBSTITUTE(SUBSTITUTE(SUBSTITUTE(SUBSTITUTE(SUBSTITUTE(V10,$AA$3,"-"),$AC$3,""),$AC$4,""),$AC$5,""),$AC$6,""),$AD$3,""),$AD$4,""),$AD$5,""),$AD$6,""),$AD$7,""),$AD$8,""),$AD$9,""),$AE$3,""),$AE$4,""),$AE$5,""),$AF$3,""),$AF$4,""),$AF$5,""),$AF$6,""),$AF$7,""),$AF$8,""),$AF$9,""),$AE$6,""),$AE$7,""),$AE$8,""),$AE$9,""),$AC$7,""),$AC$8,""),$AC$9,""),$AA$4,"")," ","")," ","")," ","")*$AA$12/1000,"") -> 5926972 | Y10: =IF(N10=0,0,IF(AND(W10>0,W10<>""),MAX($Y$1:Y9)+1,0)) -> 4
A11: =IFERROR(INDEX($U$1:$U$110,MATCH($L11,$Y$1:$Y$110,0),1),"") -> 流動資産その他 | B11: =IFERROR(INDEX($W$1:$W$110,MATCH($L11,$Y$1:$Y$110,0),1),"") -> 21384 | D11: =IF(A11="","",IFERROR(VLOOKUP(A11,科目対照表!$C$6:$F$114,科目対照表!$F$4,0),"")) -> 法人等 | E11: =IF(A11="","",IFERROR(VLOOKUP(A11,科目対照表!$C$6:$H$114,科目対照表!$H$4,0),"")) -> Y | F11: =IF(D11="","",IF(E11="Y",IF(C11="",MAX($F$5:F10)+1,""),"")) -> 6 | G11: =IF(D11="","",IF(E11="Y",IF(C11="Y",MAX($G$5:G10)+1,""),"")) | H11: =IF(D11="","",IF(E11="",IF(C11="",MAX($H$5:H10)+1,""),"")) | L11: =L10+1 -> 8 | N11: =IF(N10=1,IF(P14=$N$1,0,1),0) -> 1 | P11: 営業未収入金 | Q11: 744238 | R11: 680509 | T11: =IF(OR(P11=$AE$15,P11=$AE$16,P11=$AE$17,P11=$AE$18,P11=$AE$19,P11=$AE$20,P11=$AE$21,P11=$AE$22,P11=$AE$23),P11,T10) -> 流動資産 | U11: =IF(OR(P11=$AA$14,P11=$AA$15,P11=$AA$16,P11=$AA$17,P11=$AA$18,P11=$AA$19,P11=$AA$20,P11=$AB$14,P11=$AB$15,P11=$AB$16,P11=$AB$17,P11=$AB$18,P11=$AB$19,P11=$AB$20),T11&P11,P11) -> 営業未収入金 | V11: =ASC(R11) -> 680509 | W11: =IFERROR(SUBSTITUTE(SUBSTITUTE(SUBSTITUTE(SUBSTITUTE(SUBSTITUTE(SUBSTITUTE(SUBSTITUTE(SUBSTITUTE(SUBSTITUTE(SUBSTITUTE(SUBSTITUTE(SUBSTITUTE(SUBSTITUTE(SUBSTITUTE(SUBSTITUTE(SUBSTITUTE(SUBSTITUTE(SUBSTITUTE(SUBSTITUTE(SUBSTITUTE(SUBSTITUTE(SUBSTITUTE(SUBSTITUTE(SUBSTITUTE(SUBSTITUTE(SUBSTITUTE(SUBSTITUTE(SUBSTITUTE(SUBSTITUTE(SUBSTITUTE(SUBSTITUTE(SUBSTITUTE(SUBSTITUTE(V11,$AA$3,"-"),$AC$3,""),$AC$4,""),$AC$5,""),$AC$6,""),$AD$3,""),$AD$4,""),$AD$5,""),$AD$6,""),$AD$7,""),$AD$8,""),$AD$9,""),$AE$3,""),$AE$4,""),$AE$5,""),$AF$3,""),$AF$4,""),$AF$5,""),$AF$6,""),$AF$7,""),$AF$8,""),$AF$9,""),$AE$6,""),$AE$7,""),$AE$8,""),$AE$9,""),$AC$7,""),$AC$8,""),$AC$9,""),$AA$4,"")," ","")," ","")," ","")*$AA$12/1000,"") -> 680509 | Y11: =IF(N11=0,0,IF(AND(W11>0,W11<>""),MAX($Y$1:Y10)+1,0)) -> 5 | AA11: 単位
A12: =IFERROR(INDEX($U$1:$U$110,MATCH($L12,$Y$1:$Y$110,0),1),"") -> 流動資産合計 | B12: =IFERROR(INDEX($W$1:$W$110,MATCH($L12,$Y$1:$Y$110,0),1),"") -> 22520829 | D12: =IF(A12="","",IFERROR(VLOOKUP(A12,科目対照表!$C$6:$F$114,科目対照表!$F$4,0),"")) | E12: =IF(A12="","",IFERROR(VLOOKUP(A12,科目対照表!$C$6:$H$114,科目対照表!$H$4,0),"")) | F12: =IF(D12="","",IF(E12="Y",IF(C12="",MAX($F$5:F11)+1,""),"")) | G12: =IF(D12="","",IF(E12="Y",IF(C12="Y",MAX($G$5:G11)+1,""),"")) | H12: =IF(D12="","",IF(E12="",IF(C12="",MAX($H$5:H11)+1,""),"")) | L12: =L11+1 -> 9 | N12: =IF(N11=1,IF(P15=$N$1,0,1),0) -> 1 | P12: 有価証券 | Q12: － | R12: － | T12: =IF(OR(P12=$AE$15,P12=$AE$16,P12=$AE$17,P12=$AE$18,P12=$AE$19,P12=$AE$20,P12=$AE$21,P12=$AE$22,P12=$AE$23),P12,T11) -> 流動資産 | U12: =IF(OR(P12=$AA$14,P12=$AA$15,P12=$AA$16,P12=$AA$17,P12=$AA$18,P12=$AA$19,P12=$AA$20,P12=$AB$14,P12=$AB$15,P12=$AB$16,P12=$AB$17,P12=$AB$18,P12=$AB$19,P12=$AB$20),T12&P12,P12) -> 有価証券 | V12: =ASC(R12) -> - | W12: =IFERROR(SUBSTITUTE(SUBSTITUTE(SUBSTITUTE(SUBSTITUTE(SUBSTITUTE(SUBSTITUTE(SUBSTITUTE(SUBSTITUTE(SUBSTITUTE(SUBSTITUTE(SUBSTITUTE(SUBSTITUTE(SUBSTITUTE(SUBSTITUTE(SUBSTITUTE(SUBSTITUTE(SUBSTITUTE(SUBSTITUTE(SUBSTITUTE(SUBSTITUTE(SUBSTITUTE(SUBSTITUTE(SUBSTITUTE(SUBSTITUTE(SUBSTITUTE(SUBSTITUTE(SUBSTITUTE(SUBSTITUTE(SUBSTITUTE(SUBSTITUTE(SUBSTITUTE(SUBSTITUTE(SUBSTITUTE(V12,$AA$3,"-"),$AC$3,""),$AC$4,""),$AC$5,""),$AC$6,""),$AD$3,""),$AD$4,""),$AD$5,""),$AD$6,""),$AD$7,""),$AD$8,""),$AD$9,""),$AE$3,""),$AE$4,""),$AE$5,""),$AF$3,""),$AF$4,""),$AF$5,""),$AF$6,""),$AF$7,""),$AF$8,""),$AF$9,""),$AE$6,""),$AE$7,""),$AE$8,""),$AE$9,""),$AC$7,""),$AC$8,""),$AC$9,""),$AA$4,"")," ","")," ","")," ","")*$AA$12/1000,"") | Y12: =IF(N12=0,0,IF(AND(W12>0,W12<>""),MAX($Y$1:Y11)+1,0)) -> 0 | AA12: 1000
A13: =IFERROR(INDEX($U$1:$U$110,MATCH($L13,$Y$1:$Y$110,0),1),"") -> 工具、器具及び備品 | B13: =IFERROR(INDEX($W$1:$W$110,MATCH($L13,$Y$1:$Y$110,0),1),"") -> 19094 | D13: =IF(A13="","",IFERROR(VLOOKUP(A13,科目対照表!$C$6:$F$114,科目対照表!$F$4,0),"")) | E13: =IF(A13="","",IFERROR(VLOOKUP(A13,科目対照表!$C$6:$H$114,科目対照表!$H$4,0),"")) | F13: =IF(D13="","",IF(E13="Y",IF(C13="",MAX($F$5:F12)+1,""),"")) | G13: =IF(D13="","",IF(E13="Y",IF(C13="Y",MAX($G$5:G12)+1,""),"")) | H13: =IF(D13="","",IF(E13="",IF(C13="",MAX($H$5:H12)+1,""),"")) | L13: =L12+1 -> 10 | N13: =IF(N12=1,IF(P16=$N$1,0,1),0) -> 1 | P13: 前払費用 | Q13: 441514 | R13: 707110 | T13: =IF(OR(P13=$AE$15,P13=$AE$16,P13=$AE$17,P13=$AE$18,P13=$AE$19,P13=$AE$20,P13=$AE$21,P13=$AE$22,P13=$AE$23),P13,T12) -> 流動資産 | U13: =IF(OR(P13=$AA$14,P13=$AA$15,P13=$AA$16,P13=$AA$17,P13=$AA$18,P13=$AA$19,P13=$AA$20,P13=$AB$14,P13=$AB$15,P13=$AB$16,P13=$AB$17,P13=$AB$18,P13=$AB$19,P13=$AB$20),T13&P13,P13) -> 前払費用 | V13: =ASC(R13) -> 707110 | W13: =IFERROR(SUBSTITUTE(SUBSTITUTE(SUBSTITUTE(SUBSTITUTE(SUBSTITUTE(SUBSTITUTE(SUBSTITUTE(SUBSTITUTE(SUBSTITUTE(SUBSTITUTE(SUBSTITUTE(SUBSTITUTE(SUBSTITUTE(SUBSTITUTE(SUBSTITUTE(SUBSTITUTE(SUBSTITUTE(SUBSTITUTE(SUBSTITUTE(SUBSTITUTE(SUBSTITUTE(SUBSTITUTE(SUBSTITUTE(SUBSTITUTE(SUBSTITUTE(SUBSTITUTE(SUBSTITUTE(SUBSTITUTE(SUBSTITUTE(SUBSTITUTE(SUBSTITUTE(SUBSTITUTE(SUBSTITUTE(V13,$AA$3,"-"),$AC$3,""),$AC$4,""),$AC$5,""),$AC$6,""),$AD$3,""),$AD$4,""),$AD$5,""),$AD$6,""),$AD$7,""),$AD$8,""),$AD$9,""),$AE$3,""),$AE$4,""),$AE$5,""),$AF$3,""),$AF$4,""),$AF$5,""),$AF$6,""),$AF$7,""),$AF$8,""),$AF$9,""),$AE$6,""),$AE$7,""),$AE$8,""),$AE$9,""),$AC$7,""),$AC$8,""),$AC$9,""),$AA$4,"")," ","")," ","")," ","")*$AA$12/1000,"") -> 707110 | Y13: =IF(N13=0,0,IF(AND(W13>0,W13<>""),MAX($Y$1:Y12)+1,0)) -> 6
A14: =IFERROR(INDEX($U$1:$U$110,MATCH($L14,$Y$1:$Y$110,0),1),"") -> 工具、器具及び備品（純額） | B14: =IFERROR(INDEX($W$1:$W$110,MATCH($L14,$Y$1:$Y$110,0),1),"") -> 18591 | D14: =IF(A14="","",IFERROR(VLOOKUP(A14,科目対照表!$C$6:$F$114,科目対照表!$F$4,0),"")) -> 不動産 | E14: =IF(A14="","",IFERROR(VLOOKUP(A14,科目対照表!$C$6:$H$114,科目対照表!$H$4,0),"")) -> Y | F14: =IF(D14="","",IF(E14="Y",IF(C14="",MAX($F$5:F13)+1,""),"")) -> 7 | G14: =IF(D14="","",IF(E14="Y",IF(C14="Y",MAX($G$5:G13)+1,""),"")) | H14: =IF(D14="","",IF(E14="",IF(C14="",MAX($H$5:H13)+1,""),"")) | L14: =L13+1 -> 11 | N14: =IF(N13=1,IF(P17=$N$1,0,1),0) -> 1 | P14: 未収還付法人税等 | Q14: 4791 | R14: 14171 | T14: =IF(OR(P14=$AE$15,P14=$AE$16,P14=$AE$17,P14=$AE$18,P14=$AE$19,P14=$AE$20,P14=$AE$21,P14=$AE$22,P14=$AE$23),P14,T13) -> 流動資産 | U14: =IF(OR(P14=$AA$14,P14=$AA$15,P14=$AA$16,P14=$AA$17,P14=$AA$18,P14=$AA$19,P14=$AA$20,P14=$AB$14,P14=$AB$15,P14=$AB$16,P14=$AB$17,P14=$AB$18,P14=$AB$19,P14=$AB$20),T14&P14,P14) -> 未収還付法人税等 | V14: =ASC(R14) -> 14171 | W14: =IFERROR(SUBSTITUTE(SUBSTITUTE(SUBSTITUTE(SUBSTITUTE(SUBSTITUTE(SUBSTITUTE(SUBSTITUTE(SUBSTITUTE(SUBSTITUTE(SUBSTITUTE(SUBSTITUTE(SUBSTITUTE(SUBSTITUTE(SUBSTITUTE(SUBSTITUTE(SUBSTITUTE(SUBSTITUTE(SUBSTITUTE(SUBSTITUTE(SUBSTITUTE(SUBSTITUTE(SUBSTITUTE(SUBSTITUTE(SUBSTITUTE(SUBSTITUTE(SUBSTITUTE(SUBSTITUTE(SUBSTITUTE(SUBSTITUTE(SUBSTITUTE(SUBSTITUTE(SUBSTITUTE(SUBSTITUTE(V14,$AA$3,"-"),$AC$3,""),$AC$4,""),$AC$5,""),$AC$6,""),$AD$3,""),$AD$4,""),$AD$5,""),$AD$6,""),$AD$7,""),$AD$8,""),$AD$9,""),$AE$3,""),$AE$4,""),$AE$5,""),$AF$3,""),$AF$4,""),$AF$5,""),$AF$6,""),$AF$7,""),$AF$8,""),$AF$9,""),$AE$6,""),$AE$7,""),$AE$8,""),$AE$9,""),$AC$7,""),$AC$8,""),$AC$9,""),$AA$4,"")," ","")," ","")," ","")*$AA$12/1000,"") -> 14171 | Y14: =IF(N14=0,0,IF(AND(W14>0,W14<>""),MAX($Y$1:Y13)+1,0)) -> 7 | AA14: 貸倒引当金 | AB14: リース債務 | AD14: 貸借対照表
A15: =IFERROR(INDEX($U$1:$U$110,MATCH($L15,$Y$1:$Y$110,0),1),"") -> 信託建物 | B15: =IFERROR(INDEX($W$1:$W$110,MATCH($L15,$Y$1:$Y$110,0),1),"") -> 100599189 | D15: =IF(A15="","",IFERROR(VLOOKUP(A15,科目対照表!$C$6:$F$114,科目対照表!$F$4,0),"")) | E15: =IF(A15="","",IFERROR(VLOOKUP(A15,科目対照表!$C$6:$H$114,科目対照表!$H$4,0),"")) | F15: =IF(D15="","",IF(E15="Y",IF(C15="",MAX($F$5:F14)+1,""),"")) | G15: =IF(D15="","",IF(E15="Y",IF(C15="Y",MAX($G$5:G14)+1,""),"")) | H15: =IF(D15="","",IF(E15="",IF(C15="",MAX($H$5:H14)+1,""),"")) | L15: =L14+1 -> 12 | N15: =IF(N14=1,IF(P18=$N$1,0,1),0) -> 1 | P15: 未収消費税等 | Q15: － | R15: － | T15: =IF(OR(P15=$AE$15,P15=$AE$16,P15=$AE$17,P15=$AE$18,P15=$AE$19,P15=$AE$20,P15=$AE$21,P15=$AE$22,P15=$AE$23),P15,T14) -> 流動資産 | U15: =IF(OR(P15=$AA$14,P15=$AA$15,P15=$AA$16,P15=$AA$17,P15=$AA$18,P15=$AA$19,P15=$AA$20,P15=$AB$14,P15=$AB$15,P15=$AB$16,P15=$AB$17,P15=$AB$18,P15=$AB$19,P15=$AB$20),T15&P15,P15) -> 未収消費税等 | V15: =ASC(R15) -> - | W15: =IFERROR(SUBSTITUTE(SUBSTITUTE(SUBSTITUTE(SUBSTITUTE(SUBSTITUTE(SUBSTITUTE(SUBSTITUTE(SUBSTITUTE(SUBSTITUTE(SUBSTITUTE(SUBSTITUTE(SUBSTITUTE(SUBSTITUTE(SUBSTITUTE(SUBSTITUTE(SUBSTITUTE(SUBSTITUTE(SUBSTITUTE(SUBSTITUTE(SUBSTITUTE(SUBSTITUTE(SUBSTITUTE(SUBSTITUTE(SUBSTITUTE(SUBSTITUTE(SUBSTITUTE(SUBSTITUTE(SUBSTITUTE(SUBSTITUTE(SUBSTITUTE(SUBSTITUTE(SUBSTITUTE(SUBSTITUTE(V15,$AA$3,"-"),$AC$3,""),$AC$4,""),$AC$5,""),$AC$6,""),$AD$3,""),$AD$4,""),$AD$5,""),$AD$6,""),$AD$7,""),$AD$8,""),$AD$9,""),$AE$3,""),$AE$4,""),$AE$5,""),$AF$3,""),$AF$4,""),$AF$5,""),$AF$6,""),$AF$7,""),$AF$8,""),$AF$9,""),$AE$6,""),$AE$7,""),$AE$8,""),$AE$9,""),$AC$7,""),$AC$8,""),$AC$9,""),$AA$4,"")," ","")," ","")," ","")*$AA$12/1000,"") | Y15: =IF(N15=0,0,IF(AND(W15>0,W15<>""),MAX($Y$1:Y14)+1,0)) -> 0 | AA15: 信託その他 | AB15: 信託リース債務 | AE15: 流動資産
A16: =IFERROR(INDEX($U$1:$U$110,MATCH($L16,$Y$1:$Y$110,0),1),"") -> 信託建物（純額） | B16: =IFERROR(INDEX($W$1:$W$110,MATCH($L16,$Y$1:$Y$110,0),1),"") -> 72147614 | D16: =IF(A16="","",IFERROR(VLOOKUP(A16,科目対照表!$C$6:$F$114,科目対照表!$F$4,0),"")) -> 不動産 | E16: =IF(A16="","",IFERROR(VLOOKUP(A16,科目対照表!$C$6:$H$114,科目対照表!$H$4,0),"")) -> Y | F16: =IF(D16="","",IF(E16="Y",IF(C16="",MAX($F$5:F15)+1,""),"")) -> 8 | G16: =IF(D16="","",IF(E16="Y",IF(C16="Y",MAX($G$5:G15)+1,""),"")) | H16: =IF(D16="","",IF(E16="",IF(C16="",MAX($H$5:H15)+1,""),"")) | L16: =L15+1 -> 13 | N16: =IF(N15=1,IF(P19=$N$1,0,1),0) -> 1 | P16: 立替金 | Q16: － | R16: － | T16: =IF(OR(P16=$AE$15,P16=$AE$16,P16=$AE$17,P16=$AE$18,P16=$AE$19,P16=$AE$20,P16=$AE$21,P16=$AE$22,P16=$AE$23),P16,T15) -> 流動資産 | U16: =IF(OR(P16=$AA$14,P16=$AA$15,P16=$AA$16,P16=$AA$17,P16=$AA$18,P16=$AA$19,P16=$AA$20,P16=$AB$14,P16=$AB$15,P16=$AB$16,P16=$AB$17,P16=$AB$18,P16=$AB$19,P16=$AB$20),T16&P16,P16) -> 立替金 | V16: =ASC(R16) -> - | W16: =IFERROR(SUBSTITUTE(SUBSTITUTE(SUBSTITUTE(SUBSTITUTE(SUBSTITUTE(SUBSTITUTE(SUBSTITUTE(SUBSTITUTE(SUBSTITUTE(SUBSTITUTE(SUBSTITUTE(SUBSTITUTE(SUBSTITUTE(SUBSTITUTE(SUBSTITUTE(SUBSTITUTE(SUBSTITUTE(SUBSTITUTE(SUBSTITUTE(SUBSTITUTE(SUBSTITUTE(SUBSTITUTE(SUBSTITUTE(SUBSTITUTE(SUBSTITUTE(SUBSTITUTE(SUBSTITUTE(SUBSTITUTE(SUBSTITUTE(SUBSTITUTE(SUBSTITUTE(SUBSTITUTE(SUBSTITUTE(V16,$AA$3,"-"),$AC$3,""),$AC$4,""),$AC$5,""),$AC$6,""),$AD$3,""),$AD$4,""),$AD$5,""),$AD$6,""),$AD$7,""),$AD$8,""),$AD$9,""),$AE$3,""),$AE$4,""),$AE$5,""),$AF$3,""),$AF$4,""),$AF$5,""),$AF$6,""),$AF$7,""),$AF$8,""),$AF$9,""),$AE$6,""),$AE$7,""),$AE$8,""),$AE$9,""),$AC$7,""),$AC$8,""),$AC$9,""),$AA$4,"")," ","")," ","")," ","")*$AA$12/1000,"") | Y16: =IF(N16=0,0,IF(AND(W16>0,W16<>""),MAX($Y$1:Y15)+1,0)) -> 0 | AB16: デリバティブ債務 | AE16: 有形固定資産
A17: =IFERROR(INDEX($U$1:$U$110,MATCH($L17,$Y$1:$Y$110,0),1),"") -> 信託構築物 | B17: =IFERROR(INDEX($W$1:$W$110,MATCH($L17,$Y$1:$Y$110,0),1),"") -> 839978 | D17: =IF(A17="","",IFERROR(VLOOKUP(A17,科目対照表!$C$6:$F$114,科目対照表!$F$4,0),"")) | E17: =IF(A17="","",IFERROR(VLOOKUP(A17,科目対照表!$C$6:$H$114,科目対照表!$H$4,0),"")) | F17: =IF(D17="","",IF(E17="Y",IF(C17="",MAX($F$5:F16)+1,""),"")) | G17: =IF(D17="","",IF(E17="Y",IF(C17="Y",MAX($G$5:G16)+1,""),"")) | H17: =IF(D17="","",IF(E17="",IF(C17="",MAX($H$5:H16)+1,""),"")) | L17: =L16+1 -> 14 | N17: =IF(N16=1,IF(P20=$N$1,0,1),0) -> 1 | P17: その他 | Q17: 5196 | R17: 21384 | T17: =IF(OR(P17=$AE$15,P17=$AE$16,P17=$AE$17,P17=$AE$18,P17=$AE$19,P17=$AE$20,P17=$AE$21,P17=$AE$22,P17=$AE$23),P17,T16) -> 流動資産 | U17: =IF(OR(P17=$AA$14,P17=$AA$15,P17=$AA$16,P17=$AA$17,P17=$AA$18,P17=$AA$19,P17=$AA$20,P17=$AB$14,P17=$AB$15,P17=$AB$16,P17=$AB$17,P17=$AB$18,P17=$AB$19,P17=$AB$20),T17&P17,P17) -> 流動資産その他 | V17: =ASC(R17) -> 21384 | W17: =IFERROR(SUBSTITUTE(SUBSTITUTE(SUBSTITUTE(SUBSTITUTE(SUBSTITUTE(SUBSTITUTE(SUBSTITUTE(SUBSTITUTE(SUBSTITUTE(SUBSTITUTE(SUBSTITUTE(SUBSTITUTE(SUBSTITUTE(SUBSTITUTE(SUBSTITUTE(SUBSTITUTE(SUBSTITUTE(SUBSTITUTE(SUBSTITUTE(SUBSTITUTE(SUBSTITUTE(SUBSTITUTE(SUBSTITUTE(SUBSTITUTE(SUBSTITUTE(SUBSTITUTE(SUBSTITUTE(SUBSTITUTE(SUBSTITUTE(SUBSTITUTE(SUBSTITUTE(SUBSTITUTE(SUBSTITUTE(V17,$AA$3,"-"),$AC$3,""),$AC$4,""),$AC$5,""),$AC$6,""),$AD$3,""),$AD$4,""),$AD$5,""),$AD$6,""),$AD$7,""),$AD$8,""),$AD$9,""),$AE$3,""),$AE$4,""),$AE$5,""),$AF$3,""),$AF$4,""),$AF$5,""),$AF$6,""),$AF$7,""),$AF$8,""),$AF$9,""),$AE$6,""),$AE$7,""),$AE$8,""),$AE$9,""),$AC$7,""),$AC$8,""),$AC$9,""),$AA$4,"")," ","")," ","")," ","")*$AA$12/1000,"") -> 21384 | Y17: =IF(N17=0,0,IF(AND(W17>0,W17<>""),MAX($Y$1:Y16)+1,0)) -> 8 | AB17: デリバティブ債権 | AE17: 無形固定資産
A18: =IFERROR(INDEX($U$1:$U$110,MATCH($L18,$Y$1:$Y$110,0),1),"") -> 信託構築物（純額） | B18: =IFERROR(INDEX($W$1:$W$110,MATCH($L18,$Y$1:$Y$110,0),1),"") -> 402961 | D18: =IF(A18="","",IFERROR(VLOOKUP(A18,科目対照表!$C$6:$F$114,科目対照表!$F$4,0),"")) -> 不動産 | E18: =IF(A18="","",IFERROR(VLOOKUP(A18,科目対照表!$C$6:$H$114,科目対照表!$H$4,0),"")) -> Y | F18: =IF(D18="","",IF(E18="Y",IF(C18="",MAX($F$5:F17)+1,""),"")) -> 9 | G18: =IF(D18="","",IF(E18="Y",IF(C18="Y",MAX($G$5:G17)+1,""),"")) | H18: =IF(D18="","",IF(E18="",IF(C18="",MAX($H$5:H17)+1,""),"")) | L18: =L17+1 -> 15 | N18: =IF(N17=1,IF(P21=$N$1,0,1),0) -> 1 | P18: 貸倒引当金 | Q18: － | R18: － | T18: =IF(OR(P18=$AE$15,P18=$AE$16,P18=$AE$17,P18=$AE$18,P18=$AE$19,P18=$AE$20,P18=$AE$21,P18=$AE$22,P18=$AE$23),P18,T17) -> 流動資産 | U18: =IF(OR(P18=$AA$14,P18=$AA$15,P18=$AA$16,P18=$AA$17,P18=$AA$18,P18=$AA$19,P18=$AA$20,P18=$AB$14,P18=$AB$15,P18=$AB$16,P18=$AB$17,P18=$AB$18,P18=$AB$19,P18=$AB$20),T18&P18,P18) -> 流動資産貸倒引当金 | V18: =ASC(R18) -> - | W18: =IFERROR(SUBSTITUTE(SUBSTITUTE(SUBSTITUTE(SUBSTITUTE(SUBSTITUTE(SUBSTITUTE(SUBSTITUTE(SUBSTITUTE(SUBSTITUTE(SUBSTITUTE(SUBSTITUTE(SUBSTITUTE(SUBSTITUTE(SUBSTITUTE(SUBSTITUTE(SUBSTITUTE(SUBSTITUTE(SUBSTITUTE(SUBSTITUTE(SUBSTITUTE(SUBSTITUTE(SUBSTITUTE(SUBSTITUTE(SUBSTITUTE(SUBSTITUTE(SUBSTITUTE(SUBSTITUTE(SUBSTITUTE(SUBSTITUTE(SUBSTITUTE(SUBSTITUTE(SUBSTITUTE(SUBSTITUTE(V18,$AA$3,"-"),$AC$3,""),$AC$4,""),$AC$5,""),$AC$6,""),$AD$3,""),$AD$4,""),$AD$5,""),$AD$6,""),$AD$7,""),$AD$8,""),$AD$9,""),$AE$3,""),$AE$4,""),$AE$5,""),$AF$3,""),$AF$4,""),$AF$5,""),$AF$6,""),$AF$7,""),$AF$8,""),$AF$9,""),$AE$6,""),$AE$7,""),$AE$8,""),$AE$9,""),$AC$7,""),$AC$8,""),$AC$9,""),$AA$4,"")," ","")," ","")," ","")*$AA$12/1000,"") | Y18: =IF(N18=0,0,IF(AND(W18>0,W18<>""),MAX($Y$1:Y17)+1,0)) -> 0 | AB18: その他 | AE18: 投資その他の資産
A19: =IFERROR(INDEX($U$1:$U$110,MATCH($L19,$Y$1:$Y$110,0),1),"") -> 信託機械及び装置 | B19: =IFERROR(INDEX($W$1:$W$110,MATCH($L19,$Y$1:$Y$110,0),1),"") -> 1980711 | D19: =IF(A19="","",IFERROR(VLOOKUP(A19,科目対照表!$C$6:$F$114,科目対照表!$F$4,0),"")) | E19: =IF(A19="","",IFERROR(VLOOKUP(A19,科目対照表!$C$6:$H$114,科目対照表!$H$4,0),"")) | F19: =IF(D19="","",IF(E19="Y",IF(C19="",MAX($F$5:F18)+1,""),"")) | G19: =IF(D19="","",IF(E19="Y",IF(C19="Y",MAX($G$5:G18)+1,""),"")) | H19: =IF(D19="","",IF(E19="",IF(C19="",MAX($H$5:H18)+1,""),"")) | L19: =L18+1 -> 16 | N19: =IF(N18=1,IF(P22=$N$1,0,1),0) -> 1 | P19: 流動資産合計 | Q19: 22401477 | R19: 22520829 | T19: =IF(OR(P19=$AE$15,P19=$AE$16,P19=$AE$17,P19=$AE$18,P19=$AE$19,P19=$AE$20,P19=$AE$21,P19=$AE$22,P19=$AE$23),P19,T18) -> 流動資産 | U19: =IF(OR(P19=$AA$14,P19=$AA$15,P19=$AA$16,P19=$AA$17,P19=$AA$18,P19=$AA$19,P19=$AA$20,P19=$AB$14,P19=$AB$15,P19=$AB$16,P19=$AB$17,P19=$AB$18,P19=$AB$19,P19=$AB$20),T19&P19,P19) -> 流動資産合計 | V19: =ASC(R19) -> 22520829 | W19: =IFERROR(SUBSTITUTE(SUBSTITUTE(SUBSTITUTE(SUBSTITUTE(SUBSTITUTE(SUBSTITUTE(SUBSTITUTE(SUBSTITUTE(SUBSTITUTE(SUBSTITUTE(SUBSTITUTE(SUBSTITUTE(SUBSTITUTE(SUBSTITUTE(SUBSTITUTE(SUBSTITUTE(SUBSTITUTE(SUBSTITUTE(SUBSTITUTE(SUBSTITUTE(SUBSTITUTE(SUBSTITUTE(SUBSTITUTE(SUBSTITUTE(SUBSTITUTE(SUBSTITUTE(SUBSTITUTE(SUBSTITUTE(SUBSTITUTE(SUBSTITUTE(SUBSTITUTE(SUBSTITUTE(SUBSTITUTE(V19,$AA$3,"-"),$AC$3,""),$AC$4,""),$AC$5,""),$AC$6,""),$AD$3,""),$AD$4,""),$AD$5,""),$AD$6,""),$AD$7,""),$AD$8,""),$AD$9,""),$AE$3,""),$AE$4,""),$AE$5,""),$AF$3,""),$AF$4,""),$AF$5,""),$AF$6,""),$AF$7,""),$AF$8,""),$AF$9,""),$AE$6,""),$AE$7,""),$AE$8,""),$AE$9,""),$AC$7,""),$AC$8,""),$AC$9,""),$AA$4,"")," ","")," ","")," ","")*$AA$12/1000,"") -> 22520829 | Y19: =IF(N19=0,0,IF(AND(W19>0,W19<>""),MAX($Y$1:Y18)+1,0)) -> 9 | AE19: 繰延資産
A20: =IFERROR(INDEX($U$1:$U$110,MATCH($L20,$Y$1:$Y$110,0),1),"") -> 信託機械及び装置（純額） | B20: =IFERROR(INDEX($W$1:$W$110,MATCH($L20,$Y$1:$Y$110,0),1),"") -> 1198773 | D20: =IF(A20="","",IFERROR(VLOOKUP(A20,科目対照表!$C$6:$F$114,科目対照表!$F$4,0),"")) -> 不動産 | E20: =IF(A20="","",IFERROR(VLOOKUP(A20,科目対照表!$C$6:$H$114,科目対照表!$H$4,0),"")) -> Y | F20: =IF(D20="","",IF(E20="Y",IF(C20="",MAX($F$5:F19)+1,""),"")) -> 10 | G20: =IF(D20="","",IF(E20="Y",IF(C20="Y",MAX($G$5:G19)+1,""),"")) | H20: =IF(D20="","",IF(E20="",IF(C20="",MAX($H$5:H19)+1,""),"")) | L20: =L19+1 -> 17 | N20: =IF(N19=1,IF(P23=$N$1,0,1),0) -> 1 | P20: 固定資産 | T20: =IF(OR(P20=$AE$15,P20=$AE$16,P20=$AE$17,P20=$AE$18,P20=$AE$19,P20=$AE$20,P20=$AE$21,P20=$AE$22,P20=$AE$23),P20,T19) -> 流動資産 | U20: =IF(OR(P20=$AA$14,P20=$AA$15,P20=$AA$16,P20=$AA$17,P20=$AA$18,P20=$AA$19,P20=$AA$20,P20=$AB$14,P20=$AB$15,P20=$AB$16,P20=$AB$17,P20=$AB$18,P20=$AB$19,P20=$AB$20),T20&P20,P20) -> 固定資産 | V20: =ASC(R20) | W20: =IFERROR(SUBSTITUTE(SUBSTITUTE(SUBSTITUTE(SUBSTITUTE(SUBSTITUTE(SUBSTITUTE(SUBSTITUTE(SUBSTITUTE(SUBSTITUTE(SUBSTITUTE(SUBSTITUTE(SUBSTITUTE(SUBSTITUTE(SUBSTITUTE(SUBSTITUTE(SUBSTITUTE(SUBSTITUTE(SUBSTITUTE(SUBSTITUTE(SUBSTITUTE(SUBSTITUTE(SUBSTITUTE(SUBSTITUTE(SUBSTITUTE(SUBSTITUTE(SUBSTITUTE(SUBSTITUTE(SUBSTITUTE(SUBSTITUTE(SUBSTITUTE(SUBSTITUTE(SUBSTITUTE(SUBSTITUTE(V20,$AA$3,"-"),$AC$3,""),$AC$4,""),$AC$5,""),$AC$6,""),$AD$3,""),$AD$4,""),$AD$5,""),$AD$6,""),$AD$7,""),$AD$8,""),$AD$9,""),$AE$3,""),$AE$4,""),$AE$5,""),$AF$3,""),$AF$4,""),$AF$5,""),$AF$6,""),$AF$7,""),$AF$8,""),$AF$9,""),$AE$6,""),$AE$7,""),$AE$8,""),$AE$9,""),$AC$7,""),$AC$8,""),$AC$9,""),$AA$4,"")," ","")," ","")," ","")*$AA$12/1000,"") | Y20: =IF(N20=0,0,IF(AND(W20>0,W20<>""),MAX($Y$1:Y19)+1,0)) -> 0 | AE20: 流動負債
A21: =IFERROR(INDEX($U$1:$U$110,MATCH($L21,$Y$1:$Y$110,0),1),"") -> 信託工具、器具及び備品 | B21: =IFERROR(INDEX($W$1:$W$110,MATCH($L21,$Y$1:$Y$110,0),1),"") -> 646586 | D21: =IF(A21="","",IFERROR(VLOOKUP(A21,科目対照表!$C$6:$F$114,科目対照表!$F$4,0),"")) | E21: =IF(A21="","",IFERROR(VLOOKUP(A21,科目対照表!$C$6:$H$114,科目対照表!$H$4,0),"")) | F21: =IF(D21="","",IF(E21="Y",IF(C21="",MAX($F$5:F20)+1,""),"")) | G21: =IF(D21="","",IF(E21="Y",IF(C21="Y",MAX($G$5:G20)+1,""),"")) | H21: =IF(D21="","",IF(E21="",IF(C21="",MAX($H$5:H20)+1,""),"")) | L21: =L20+1 -> 18 | N21: =IF(N20=1,IF(P24=$N$1,0,1),0) -> 1 | P21: 有形固定資産 | T21: =IF(OR(P21=$AE$15,P21=$AE$16,P21=$AE$17,P21=$AE$18,P21=$AE$19,P21=$AE$20,P21=$AE$21,P21=$AE$22,P21=$AE$23),P21,T20) -> 有形固定資産 | U21: =IF(OR(P21=$AA$14,P21=$AA$15,P21=$AA$16,P21=$AA$17,P21=$AA$18,P21=$AA$19,P21=$AA$20,P21=$AB$14,P21=$AB$15,P21=$AB$16,P21=$AB$17,P21=$AB$18,P21=$AB$19,P21=$AB$20),T21&P21,P21) -> 有形固定資産 | V21: =ASC(R21) | W21: =IFERROR(SUBSTITUTE(SUBSTITUTE(SUBSTITUTE(SUBSTITUTE(SUBSTITUTE(SUBSTITUTE(SUBSTITUTE(SUBSTITUTE(SUBSTITUTE(SUBSTITUTE(SUBSTITUTE(SUBSTITUTE(SUBSTITUTE(SUBSTITUTE(SUBSTITUTE(SUBSTITUTE(SUBSTITUTE(SUBSTITUTE(SUBSTITUTE(SUBSTITUTE(SUBSTITUTE(SUBSTITUTE(SUBSTITUTE(SUBSTITUTE(SUBSTITUTE(SUBSTITUTE(SUBSTITUTE(SUBSTITUTE(SUBSTITUTE(SUBSTITUTE(SUBSTITUTE(SUBSTITUTE(SUBSTITUTE(V21,$AA$3,"-"),$AC$3,""),$AC$4,""),$AC$5,""),$AC$6,""),$AD$3,""),$AD$4,""),$AD$5,""),$AD$6,""),$AD$7,""),$AD$8,""),$AD$9,""),$AE$3,""),$AE$4,""),$AE$5,""),$AF$3,""),$AF$4,""),$AF$5,""),$AF$6,""),$AF$7,""),$AF$8,""),$AF$9,""),$AE$6,""),$AE$7,""),$AE$8,""),$AE$9,""),$AC$7,""),$AC$8,""),$AC$9,""),$AA$4,"")," ","")," ","")," ","")*$AA$12/1000,"") | Y21: =IF(N21=0,0,IF(AND(W21>0,W21<>""),MAX($Y$1:Y20)+1,0)) -> 0 | AE21: 固定負債
A22: =IFERROR(INDEX($U$1:$U$110,MATCH($L22,$Y$1:$Y$110,0),1),"") -> 信託工具、器具及び備品（純額） | B22: =IFERROR(INDEX($W$1:$W$110,MATCH($L22,$Y$1:$Y$110,0),1),"") -> 286059 | D22: =IF(A22="","",IFERROR(VLOOKUP(A22,科目対照表!$C$6:$F$114,科目対照表!$F$4,0),"")) -> 不動産 | E22: =IF(A22="","",IFERROR(VLOOKUP(A22,科目対照表!$C$6:$H$114,科目対照表!$H$4,0),"")) -> Y | F22: =IF(D22="","",IF(E22="Y",IF(C22="",MAX($F$5:F21)+1,""),"")) -> 11 | G22: =IF(D22="","",IF(E22="Y",IF(C22="Y",MAX($G$5:G21)+1,""),"")) | H22: =IF(D22="","",IF(E22="",IF(C22="",MAX($H$5:H21)+1,""),"")) | L22: =L21+1 -> 19 | N22: =IF(N21=1,IF(P25=$N$1,0,1),0) -> 1 | P22: 建物 | Q22: － | R22: － | T22: =IF(OR(P22=$AE$15,P22=$AE$16,P22=$AE$17,P22=$AE$18,P22=$AE$19,P22=$AE$20,P22=$AE$21,P22=$AE$22,P22=$AE$23),P22,T21) -> 有形固定資産 | U22: =IF(OR(P22=$AA$14,P22=$AA$15,P22=$AA$16,P22=$AA$17,P22=$AA$18,P22=$AA$19,P22=$AA$20,P22=$AB$14,P22=$AB$15,P22=$AB$16,P22=$AB$17,P22=$AB$18,P22=$AB$19,P22=$AB$20),T22&P22,P22) -> 建物 | V22: =ASC(R22) -> - | W22: =IFERROR(SUBSTITUTE(SUBSTITUTE(SUBSTITUTE(SUBSTITUTE(SUBSTITUTE(SUBSTITUTE(SUBSTITUTE(SUBSTITUTE(SUBSTITUTE(SUBSTITUTE(SUBSTITUTE(SUBSTITUTE(SUBSTITUTE(SUBSTITUTE(SUBSTITUTE(SUBSTITUTE(SUBSTITUTE(SUBSTITUTE(SUBSTITUTE(SUBSTITUTE(SUBSTITUTE(SUBSTITUTE(SUBSTITUTE(SUBSTITUTE(SUBSTITUTE(SUBSTITUTE(SUBSTITUTE(SUBSTITUTE(SUBSTITUTE(SUBSTITUTE(SUBSTITUTE(SUBSTITUTE(SUBSTITUTE(V22,$AA$3,"-"),$AC$3,""),$AC$4,""),$AC$5,""),$AC$6,""),$AD$3,""),$AD$4,""),$AD$5,""),$AD$6,""),$AD$7,""),$AD$8,""),$AD$9,""),$AE$3,""),$AE$4,""),$AE$5,""),$AF$3,""),$AF$4,""),$AF$5,""),$AF$6,""),$AF$7,""),$AF$8,""),$AF$9,""),$AE$6,""),$AE$7,""),$AE$8,""),$AE$9,""),$AC$7,""),$AC$8,""),$AC$9,""),$AA$4,"")," ","")," ","")," ","")*$AA$12/1000,"") | Y22: =IF(N22=0,0,IF(AND(W22>0,W22<>""),MAX($Y$1:Y21)+1,0)) -> 0 | AE22: 投資主資本
A23: =IFERROR(INDEX($U$1:$U$110,MATCH($L23,$Y$1:$Y$110,0),1),"") -> 信託土地 | B23: =IFERROR(INDEX($W$1:$W$110,MATCH($L23,$Y$1:$Y$110,0),1),"") -> 453337142 | D23: =IF(A23="","",IFERROR(VLOOKUP(A23,科目対照表!$C$6:$F$114,科目対照表!$F$4,0),"")) -> 不動産 | E23: =IF(A23="","",IFERROR(VLOOKUP(A23,科目対照表!$C$6:$H$114,科目対照表!$H$4,0),"")) -> Y | F23: =IF(D23="","",IF(E23="Y",IF(C23="",MAX($F$5:F22)+1,""),"")) -> 12 | G23: =IF(D23="","",IF(E23="Y",IF(C23="Y",MAX($G$5:G22)+1,""),"")) | H23: =IF(D23="","",IF(E23="",IF(C23="",MAX($H$5:H22)+1,""),"")) | L23: =L22+1 -> 20 | N23: =IF(N22=1,IF(P26=$N$1,0,1),0) -> 1 | P23: 減価償却累計額 | Q23: － | R23: － | T23: =IF(OR(P23=$AE$15,P23=$AE$16,P23=$AE$17,P23=$AE$18,P23=$AE$19,P23=$AE$20,P23=$AE$21,P23=$AE$22,P23=$AE$23),P23,T22) -> 有形固定資産 | U23: =IF(OR(P23=$AA$14,P23=$AA$15,P23=$AA$16,P23=$AA$17,P23=$AA$18,P23=$AA$19,P23=$AA$20,P23=$AB$14,P23=$AB$15,P23=$AB$16,P23=$AB$17,P23=$AB$18,P23=$AB$19,P23=$AB$20),T23&P23,P23) -> 減価償却累計額 | V23: =ASC(R23) -> - | W23: =IFERROR(SUBSTITUTE(SUBSTITUTE(SUBSTITUTE(SUBSTITUTE(SUBSTITUTE(SUBSTITUTE(SUBSTITUTE(SUBSTITUTE(SUBSTITUTE(SUBSTITUTE(SUBSTITUTE(SUBSTITUTE(SUBSTITUTE(SUBSTITUTE(SUBSTITUTE(SUBSTITUTE(SUBSTITUTE(SUBSTITUTE(SUBSTITUTE(SUBSTITUTE(SUBSTITUTE(SUBSTITUTE(SUBSTITUTE(SUBSTITUTE(SUBSTITUTE(SUBSTITUTE(SUBSTITUTE(SUBSTITUTE(SUBSTITUTE(SUBSTITUTE(SUBSTITUTE(SUBSTITUTE(SUBSTITUTE(V23,$AA$3,"-"),$AC$3,""),$AC$4,""),$AC$5,""),$AC$6,""),$AD$3,""),$AD$4,""),$AD$5,""),$AD$6,""),$AD$7,""),$AD$8,""),$AD$9,""),$AE$3,""),$AE$4,""),$AE$5,""),$AF$3,""),$AF$4,""),$AF$5,""),$AF$6,""),$AF$7,""),$AF$8,""),$AF$9,""),$AE$6,""),$AE$7,""),$AE$8,""),$AE$9,""),$AC$7,""),$AC$8,""),$AC$9,""),$AA$4,"")," ","")," ","")," ","")*$AA$12/1000,"") | Y23: =IF(N23=0,0,IF(AND(W23>0,W23<>""),MAX($Y$1:Y22)+1,0)) -> 0 | AE23: 評価・換算差額等
A24: =IFERROR(INDEX($U$1:$U$110,MATCH($L24,$Y$1:$Y$110,0),1),"") -> 信託建設仮勘定 | B24: =IFERROR(INDEX($W$1:$W$110,MATCH($L24,$Y$1:$Y$110,0),1),"") -> 55374 | D24: =IF(A24="","",IFERROR(VLOOKUP(A24,科目対照表!$C$6:$F$114,科目対照表!$F$4,0),"")) -> 不動産 | E24: =IF(A24="","",IFERROR(VLOOKUP(A24,科目対照表!$C$6:$H$114,科目対照表!$H$4,0),"")) -> Y | F24: =IF(D24="","",IF(E24="Y",IF(C24="",MAX($F$5:F23)+1,""),"")) -> 13 | G24: =IF(D24="","",IF(E24="Y",IF(C24="Y",MAX($G$5:G23)+1,""),"")) | H24: =IF(D24="","",IF(E24="",IF(C24="",MAX($H$5:H23)+1,""),"")) | L24: =L23+1 -> 21 | N24: =IF(N23=1,IF(P27=$N$1,0,1),0) -> 1 | P24: 建物（純額） | Q24: － | R24: － | T24: =IF(OR(P24=$AE$15,P24=$AE$16,P24=$AE$17,P24=$AE$18,P24=$AE$19,P24=$AE$20,P24=$AE$21,P24=$AE$22,P24=$AE$23),P24,T23) -> 有形固定資産 | U24: =IF(OR(P24=$AA$14,P24=$AA$15,P24=$AA$16,P24=$AA$17,P24=$AA$18,P24=$AA$19,P24=$AA$20,P24=$AB$14,P24=$AB$15,P24=$AB$16,P24=$AB$17,P24=$AB$18,P24=$AB$19,P24=$AB$20),T24&P24,P24) -> 建物（純額） | V24: =ASC(R24) -> - | W24: =IFERROR(SUBSTITUTE(SUBSTITUTE(SUBSTITUTE(SUBSTITUTE(SUBSTITUTE(SUBSTITUTE(SUBSTITUTE(SUBSTITUTE(SUBSTITUTE(SUBSTITUTE(SUBSTITUTE(SUBSTITUTE(SUBSTITUTE(SUBSTITUTE(SUBSTITUTE(SUBSTITUTE(SUBSTITUTE(SUBSTITUTE(SUBSTITUTE(SUBSTITUTE(SUBSTITUTE(SUBSTITUTE(SUBSTITUTE(SUBSTITUTE(SUBSTITUTE(SUBSTITUTE(SUBSTITUTE(SUBSTITUTE(SUBSTITUTE(SUBSTITUTE(SUBSTITUTE(SUBSTITUTE(SUBSTITUTE(V24,$AA$3,"-"),$AC$3,""),$AC$4,""),$AC$5,""),$AC$6,""),$AD$3,""),$AD$4,""),$AD$5,""),$AD$6,""),$AD$7,""),$AD$8,""),$AD$9,""),$AE$3,""),$AE$4,""),$AE$5,""),$AF$3,""),$AF$4,""),$AF$5,""),$AF$6,""),$AF$7,""),$AF$8,""),$AF$9,""),$AE$6,""),$AE$7,""),$AE$8,""),$AE$9,""),$AC$7,""),$AC$8,""),$AC$9,""),$AA$4,"")," ","")," ","")," ","")*$AA$12/1000,"") | Y24: =IF(N24=0,0,IF(AND(W24>0,W24<>""),MAX($Y$1:Y23)+1,0)) -> 0
A25: =IFERROR(INDEX($U$1:$U$110,MATCH($L25,$Y$1:$Y$110,0),1),"") -> 有形固定資産合計 | B25: =IFERROR(INDEX($W$1:$W$110,MATCH($L25,$Y$1:$Y$110,0),1),"") -> 527446517 | D25: =IF(A25="","",IFERROR(VLOOKUP(A25,科目対照表!$C$6:$F$114,科目対照表!$F$4,0),"")) | E25: =IF(A25="","",IFERROR(VLOOKUP(A25,科目対照表!$C$6:$H$114,科目対照表!$H$4,0),"")) | F25: =IF(D25="","",IF(E25="Y",IF(C25="",MAX($F$5:F24)+1,""),"")) | G25: =IF(D25="","",IF(E25="Y",IF(C25="Y",MAX($G$5:G24)+1,""),"")) | H25: =IF(D25="","",IF(E25="",IF(C25="",MAX($H$5:H24)+1,""),"")) | L25: =L24+1 -> 22 | N25: =IF(N24=1,IF(P28=$N$1,0,1),0) -> 1 | P25: 構築物 | Q25: － | R25: － | T25: =IF(OR(P25=$AE$15,P25=$AE$16,P25=$AE$17,P25=$AE$18,P25=$AE$19,P25=$AE$20,P25=$AE$21,P25=$AE$22,P25=$AE$23),P25,T24) -> 有形固定資産 | U25: =IF(OR(P25=$AA$14,P25=$AA$15,P25=$AA$16,P25=$AA$17,P25=$AA$18,P25=$AA$19,P25=$AA$20,P25=$AB$14,P25=$AB$15,P25=$AB$16,P25=$AB$17,P25=$AB$18,P25=$AB$19,P25=$AB$20),T25&P25,P25) -> 構築物 | V25: =ASC(R25) -> - | W25: =IFERROR(SUBSTITUTE(SUBSTITUTE(SUBSTITUTE(SUBSTITUTE(SUBSTITUTE(SUBSTITUTE(SUBSTITUTE(SUBSTITUTE(SUBSTITUTE(SUBSTITUTE(SUBSTITUTE(SUBSTITUTE(SUBSTITUTE(SUBSTITUTE(SUBSTITUTE(SUBSTITUTE(SUBSTITUTE(SUBSTITUTE(SUBSTITUTE(SUBSTITUTE(SUBSTITUTE(SUBSTITUTE(SUBSTITUTE(SUBSTITUTE(SUBSTITUTE(SUBSTITUTE(SUBSTITUTE(SUBSTITUTE(SUBSTITUTE(SUBSTITUTE(SUBSTITUTE(SUBSTITUTE(SUBSTITUTE(V25,$AA$3,"-"),$AC$3,""),$AC$4,""),$AC$5,""),$AC$6,""),$AD$3,""),$AD$4,""),$AD$5,""),$AD$6,""),$AD$7,""),$AD$8,""),$AD$9,""),$AE$3,""),$AE$4,""),$AE$5,""),$AF$3,""),$AF$4,""),$AF$5,""),$AF$6,""),$AF$7,""),$AF$8,""),$AF$9,""),$AE$6,""),$AE$7,""),$AE$8,""),$AE$9,""),$AC$7,""),$AC$8,""),$AC$9,""),$AA$4,"")," ","")," ","")," ","")*$AA$12/1000,"") | Y25: =IF(N25=0,0,IF(AND(W25>0,W25<>""),MAX($Y$1:Y24)+1,0)) -> 0
A26: =IFERROR(INDEX($U$1:$U$110,MATCH($L26,$Y$1:$Y$110,0),1),"") -> 信託借地権 | B26: =IFERROR(INDEX($W$1:$W$110,MATCH($L26,$Y$1:$Y$110,0),1),"") -> 9055086 | D26: =IF(A26="","",IFERROR(VLOOKUP(A26,科目対照表!$C$6:$F$114,科目対照表!$F$4,0),"")) -> - | E26: =IF(A26="","",IFERROR(VLOOKUP(A26,科目対照表!$C$6:$H$114,科目対照表!$H$4,0),"")) -> Y | F26: =IF(D26="","",IF(E26="Y",IF(C26="",MAX($F$5:F25)+1,""),"")) -> 14 | G26: =IF(D26="","",IF(E26="Y",IF(C26="Y",MAX($G$5:G25)+1,""),"")) | H26: =IF(D26="","",IF(E26="",IF(C26="",MAX($H$5:H25)+1,""),"")) | L26: =L25+1 -> 23 | N26: =IF(N25=1,IF(P29=$N$1,0,1),0) -> 1 | P26: 減価償却累計額 | Q26: － | R26: － | T26: =IF(OR(P26=$AE$15,P26=$AE$16,P26=$AE$17,P26=$AE$18,P26=$AE$19,P26=$AE$20,P26=$AE$21,P26=$AE$22,P26=$AE$23),P26,T25) -> 有形固定資産 | U26: =IF(OR(P26=$AA$14,P26=$AA$15,P26=$AA$16,P26=$AA$17,P26=$AA$18,P26=$AA$19,P26=$AA$20,P26=$AB$14,P26=$AB$15,P26=$AB$16,P26=$AB$17,P26=$AB$18,P26=$AB$19,P26=$AB$20),T26&P26,P26) -> 減価償却累計額 | V26: =ASC(R26) -> - | W26: =IFERROR(SUBSTITUTE(SUBSTITUTE(SUBSTITUTE(SUBSTITUTE(SUBSTITUTE(SUBSTITUTE(SUBSTITUTE(SUBSTITUTE(SUBSTITUTE(SUBSTITUTE(SUBSTITUTE(SUBSTITUTE(SUBSTITUTE(SUBSTITUTE(SUBSTITUTE(SUBSTITUTE(SUBSTITUTE(SUBSTITUTE(SUBSTITUTE(SUBSTITUTE(SUBSTITUTE(SUBSTITUTE(SUBSTITUTE(SUBSTITUTE(SUBSTITUTE(SUBSTITUTE(SUBSTITUTE(SUBSTITUTE(SUBSTITUTE(SUBSTITUTE(SUBSTITUTE(SUBSTITUTE(SUBSTITUTE(V26,$AA$3,"-"),$AC$3,""),$AC$4,""),$AC$5,""),$AC$6,""),$AD$3,""),$AD$4,""),$AD$5,""),$AD$6,""),$AD$7,""),$AD$8,""),$AD$9,""),$AE$3,""),$AE$4,""),$AE$5,""),$AF$3,""),$AF$4,""),$AF$5,""),$AF$6,""),$AF$7,""),$AF$8,""),$AF$9,""),$AE$6,""),$AE$7,""),$AE$8,""),$AE$9,""),$AC$7,""),$AC$8,""),$AC$9,""),$AA$4,"")," ","")," ","")," ","")*$AA$12/1000,"") | Y26: =IF(N26=0,0,IF(AND(W26>0,W26<>""),MAX($Y$1:Y25)+1,0)) -> 0
A27: =IFERROR(INDEX($U$1:$U$110,MATCH($L27,$Y$1:$Y$110,0),1),"") -> 無形固定資産その他 | B27: =IFERROR(INDEX($W$1:$W$110,MATCH($L27,$Y$1:$Y$110,0),1),"") -> 3326 | D27: =IF(A27="","",IFERROR(VLOOKUP(A27,科目対照表!$C$6:$F$114,科目対照表!$F$4,0),"")) -> - | E27: =IF(A27="","",IFERROR(VLOOKUP(A27,科目対照表!$C$6:$H$114,科目対照表!$H$4,0),"")) -> Y | F27: =IF(D27="","",IF(E27="Y",IF(C27="",MAX($F$5:F26)+1,""),"")) -> 15 | G27: =IF(D27="","",IF(E27="Y",IF(C27="Y",MAX($G$5:G26)+1,""),"")) | H27: =IF(D27="","",IF(E27="",IF(C27="",MAX($H$5:H26)+1,""),"")) | L27: =L26+1 -> 24 | N27: =IF(N26=1,IF(P30=$N$1,0,1),0) -> 1 | P27: 構築物（純額） | Q27: － | R27: － | T27: =IF(OR(P27=$AE$15,P27=$AE$16,P27=$AE$17,P27=$AE$18,P27=$AE$19,P27=$AE$20,P27=$AE$21,P27=$AE$22,P27=$AE$23),P27,T26) -> 有形固定資産 | U27: =IF(OR(P27=$AA$14,P27=$AA$15,P27=$AA$16,P27=$AA$17,P27=$AA$18,P27=$AA$19,P27=$AA$20,P27=$AB$14,P27=$AB$15,P27=$AB$16,P27=$AB$17,P27=$AB$18,P27=$AB$19,P27=$AB$20),T27&P27,P27) -> 構築物（純額） | V27: =ASC(R27) -> - | W27: =IFERROR(SUBSTITUTE(SUBSTITUTE(SUBSTITUTE(SUBSTITUTE(SUBSTITUTE(SUBSTITUTE(SUBSTITUTE(SUBSTITUTE(SUBSTITUTE(SUBSTITUTE(SUBSTITUTE(SUBSTITUTE(SUBSTITUTE(SUBSTITUTE(SUBSTITUTE(SUBSTITUTE(SUBSTITUTE(SUBSTITUTE(SUBSTITUTE(SUBSTITUTE(SUBSTITUTE(SUBSTITUTE(SUBSTITUTE(SUBSTITUTE(SUBSTITUTE(SUBSTITUTE(SUBSTITUTE(SUBSTITUTE(SUBSTITUTE(SUBSTITUTE(SUBSTITUTE(SUBSTITUTE(SUBSTITUTE(V27,$AA$3,"-"),$AC$3,""),$AC$4,""),$AC$5,""),$AC$6,""),$AD$3,""),$AD$4,""),$AD$5,""),$AD$6,""),$AD$7,""),$AD$8,""),$AD$9,""),$AE$3,""),$AE$4,""),$AE$5,""),$AF$3,""),$AF$4,""),$AF$5,""),$AF$6,""),$AF$7,""),$AF$8,""),$AF$9,""),$AE$6,""),$AE$7,""),$AE$8,""),$AE$9,""),$AC$7,""),$AC$8,""),$AC$9,""),$AA$4,"")," ","")," ","")," ","")*$AA$12/1000,"") | Y27: =IF(N27=0,0,IF(AND(W27>0,W27<>""),MAX($Y$1:Y26)+1,0)) -> 0
A28: =IFERROR(INDEX($U$1:$U$110,MATCH($L28,$Y$1:$Y$110,0),1),"") -> 無形固定資産合計 | B28: =IFERROR(INDEX($W$1:$W$110,MATCH($L28,$Y$1:$Y$110,0),1),"") -> 9058412 | D28: =IF(A28="","",IFERROR(VLOOKUP(A28,科目対照表!$C$6:$F$114,科目対照表!$F$4,0),"")) | E28: =IF(A28="","",IFERROR(VLOOKUP(A28,科目対照表!$C$6:$H$114,科目対照表!$H$4,0),"")) | F28: =IF(D28="","",IF(E28="Y",IF(C28="",MAX($F$5:F27)+1,""),"")) | G28: =IF(D28="","",IF(E28="Y",IF(C28="Y",MAX($G$5:G27)+1,""),"")) | H28: =IF(D28="","",IF(E28="",IF(C28="",MAX($H$5:H27)+1,""),"")) | L28: =L27+1 -> 25 | N28: =IF(N27=1,IF(P31=$N$1,0,1),0) -> 1 | P28: 機械及び装置 | Q28: － | R28: － | T28: =IF(OR(P28=$AE$15,P28=$AE$16,P28=$AE$17,P28=$AE$18,P28=$AE$19,P28=$AE$20,P28=$AE$21,P28=$AE$22,P28=$AE$23),P28,T27) -> 有形固定資産 | U28: =IF(OR(P28=$AA$14,P28=$AA$15,P28=$AA$16,P28=$AA$17,P28=$AA$18,P28=$AA$19,P28=$AA$20,P28=$AB$14,P28=$AB$15,P28=$AB$16,P28=$AB$17,P28=$AB$18,P28=$AB$19,P28=$AB$20),T28&P28,P28) -> 機械及び装置 | V28: =ASC(R28) -> - | W28: =IFERROR(SUBSTITUTE(SUBSTITUTE(SUBSTITUTE(SUBSTITUTE(SUBSTITUTE(SUBSTITUTE(SUBSTITUTE(SUBSTITUTE(SUBSTITUTE(SUBSTITUTE(SUBSTITUTE(SUBSTITUTE(SUBSTITUTE(SUBSTITUTE(SUBSTITUTE(SUBSTITUTE(SUBSTITUTE(SUBSTITUTE(SUBSTITUTE(SUBSTITUTE(SUBSTITUTE(SUBSTITUTE(SUBSTITUTE(SUBSTITUTE(SUBSTITUTE(SUBSTITUTE(SUBSTITUTE(SUBSTITUTE(SUBSTITUTE(SUBSTITUTE(SUBSTITUTE(SUBSTITUTE(SUBSTITUTE(V28,$AA$3,"-"),$AC$3,""),$AC$4,""),$AC$5,""),$AC$6,""),$AD$3,""),$AD$4,""),$AD$5,""),$AD$6,""),$AD$7,""),$AD$8,""),$AD$9,""),$AE$3,""),$AE$4,""),$AE$5,""),$AF$3,""),$AF$4,""),$AF$5,""),$AF$6,""),$AF$7,""),$AF$8,""),$AF$9,""),$AE$6,""),$AE$7,""),$AE$8,""),$AE$9,""),$AC$7,""),$AC$8,""),$AC$9,""),$AA$4,"")," ","")," ","")," ","")*$AA$12/1000,"") | Y28: =IF(N28=0,0,IF(AND(W28>0,W28<>""),MAX($Y$1:Y27)+1,0)) -> 0
A29: =IFERROR(INDEX($U$1:$U$110,MATCH($L29,$Y$1:$Y$110,0),1),"") -> 投資有価証券 | B29: =IFERROR(INDEX($W$1:$W$110,MATCH($L29,$Y$1:$Y$110,0),1),"") -> 1605910 | D29: =IF(A29="","",IFERROR(VLOOKUP(A29,科目対照表!$C$6:$F$114,科目対照表!$F$4,0),"")) -> - | E29: =IF(A29="","",IFERROR(VLOOKUP(A29,科目対照表!$C$6:$H$114,科目対照表!$H$4,0),"")) -> Y | F29: =IF(D29="","",IF(E29="Y",IF(C29="",MAX($F$5:F28)+1,""),"")) -> 16 | G29: =IF(D29="","",IF(E29="Y",IF(C29="Y",MAX($G$5:G28)+1,""),"")) | H29: =IF(D29="","",IF(E29="",IF(C29="",MAX($H$5:H28)+1,""),"")) | L29: =L28+1 -> 26 | N29: =IF(N28=1,IF(P32=$N$1,0,1),0) -> 1 | P29: 減価償却累計額 | Q29: － | R29: － | T29: =IF(OR(P29=$AE$15,P29=$AE$16,P29=$AE$17,P29=$AE$18,P29=$AE$19,P29=$AE$20,P29=$AE$21,P29=$AE$22,P29=$AE$23),P29,T28) -> 有形固定資産 | U29: =IF(OR(P29=$AA$14,P29=$AA$15,P29=$AA$16,P29=$AA$17,P29=$AA$18,P29=$AA$19,P29=$AA$20,P29=$AB$14,P29=$AB$15,P29=$AB$16,P29=$AB$17,P29=$AB$18,P29=$AB$19,P29=$AB$20),T29&P29,P29) -> 減価償却累計額 | V29: =ASC(R29) -> - | W29: =IFERROR(SUBSTITUTE(SUBSTITUTE(SUBSTITUTE(SUBSTITUTE(SUBSTITUTE(SUBSTITUTE(SUBSTITUTE(SUBSTITUTE(SUBSTITUTE(SUBSTITUTE(SUBSTITUTE(SUBSTITUTE(SUBSTITUTE(SUBSTITUTE(SUBSTITUTE(SUBSTITUTE(SUBSTITUTE(SUBSTITUTE(SUBSTITUTE(SUBSTITUTE(SUBSTITUTE(SUBSTITUTE(SUBSTITUTE(SUBSTITUTE(SUBSTITUTE(SUBSTITUTE(SUBSTITUTE(SUBSTITUTE(SUBSTITUTE(SUBSTITUTE(SUBSTITUTE(SUBSTITUTE(SUBSTITUTE(V29,$AA$3,"-"),$AC$3,""),$AC$4,""),$AC$5,""),$AC$6,""),$AD$3,""),$AD$4,""),$AD$5,""),$AD$6,""),$AD$7,""),$AD$8,""),$AD$9,""),$AE$3,""),$AE$4,""),$AE$5,""),$AF$3,""),$AF$4,""),$AF$5,""),$AF$6,""),$AF$7,""),$AF$8,""),$AF$9,""),$AE$6,""),$AE$7,""),$AE$8,""),$AE$9,""),$AC$7,""),$AC$8,""),$AC$9,""),$AA$4,"")," ","")," ","")," ","")*$AA$12/1000,"") | Y29: =IF(N29=0,0,IF(AND(W29>0,W29<>""),MAX($Y$1:Y28)+1,0)) -> 0
A30: =IFERROR(INDEX($U$1:$U$110,MATCH($L30,$Y$1:$Y$110,0),1),"") -> 長期前払費用 | B30: =IFERROR(INDEX($W$1:$W$110,MATCH($L30,$Y$1:$Y$110,0),1),"") -> 1315671 | D30: =IF(A30="","",IFERROR(VLOOKUP(A30,科目対照表!$C$6:$F$114,科目対照表!$F$4,0),"")) -> 法人等 | E30: =IF(A30="","",IFERROR(VLOOKUP(A30,科目対照表!$C$6:$H$114,科目対照表!$H$4,0),"")) -> Y | F30: =IF(D30="","",IF(E30="Y",IF(C30="",MAX($F$5:F29)+1,""),"")) -> 17 | G30: =IF(D30="","",IF(E30="Y",IF(C30="Y",MAX($G$5:G29)+1,""),"")) | H30: =IF(D30="","",IF(E30="",IF(C30="",MAX($H$5:H29)+1,""),"")) | L30: =L29+1 -> 27 | N30: =IF(N29=1,IF(P33=$N$1,0,1),0) -> 1 | P30: 機械及び装置（純額） | Q30: － | R30: － | T30: =IF(OR(P30=$AE$15,P30=$AE$16,P30=$AE$17,P30=$AE$18,P30=$AE$19,P30=$AE$20,P30=$AE$21,P30=$AE$22,P30=$AE$23),P30,T29) -> 有形固定資産 | U30: =IF(OR(P30=$AA$14,P30=$AA$15,P30=$AA$16,P30=$AA$17,P30=$AA$18,P30=$AA$19,P30=$AA$20,P30=$AB$14,P30=$AB$15,P30=$AB$16,P30=$AB$17,P30=$AB$18,P30=$AB$19,P30=$AB$20),T30&P30,P30) -> 機械及び装置（純額） | V30: =ASC(R30) -> - | W30: =IFERROR(SUBSTITUTE(SUBSTITUTE(SUBSTITUTE(SUBSTITUTE(SUBSTITUTE(SUBSTITUTE(SUBSTITUTE(SUBSTITUTE(SUBSTITUTE(SUBSTITUTE(SUBSTITUTE(SUBSTITUTE(SUBSTITUTE(SUBSTITUTE(SUBSTITUTE(SUBSTITUTE(SUBSTITUTE(SUBSTITUTE(SUBSTITUTE(SUBSTITUTE(SUBSTITUTE(SUBSTITUTE(SUBSTITUTE(SUBSTITUTE(SUBSTITUTE(SUBSTITUTE(SUBSTITUTE(SUBSTITUTE(SUBSTITUTE(SUBSTITUTE(SUBSTITUTE(SUBSTITUTE(SUBSTITUTE(V30,$AA$3,"-"),$AC$3,""),$AC$4,""),$AC$5,""),$AC$6,""),$AD$3,""),$AD$4,""),$AD$5,""),$AD$6,""),$AD$7,""),$AD$8,""),$AD$9,""),$AE$3,""),$AE$4,""),$AE$5,""),$AF$3,""),$AF$4,""),$AF$5,""),$AF$6,""),$AF$7,""),$AF$8,""),$AF$9,""),$AE$6,""),$AE$7,""),$AE$8,""),$AE$9,""),$AC$7,""),$AC$8,""),$AC$9,""),$AA$4,"")," ","")," ","")," ","")*$AA$12/1000,"") | Y30: =IF(N30=0,0,IF(AND(W30>0,W30<>""),MAX($Y$1:Y29)+1,0)) -> 0
A31: =IFERROR(INDEX($U$1:$U$110,MATCH($L31,$Y$1:$Y$110,0),1),"") -> 投資その他の資産その他 | B31: =IFERROR(INDEX($W$1:$W$110,MATCH($L31,$Y$1:$Y$110,0),1),"") -> 39222 | C31: Y | D31: =IF(A31="","",IFERROR(VLOOKUP(A31,科目対照表!$C$6:$F$114,科目対照表!$F$4,0),"")) -> - | E31: =IF(A31="","",IFERROR(VLOOKUP(A31,科目対照表!$C$6:$H$114,科目対照表!$H$4,0),"")) -> Y | F31: =IF(D31="","",IF(E31="Y",IF(C31="",MAX($F$5:F30)+1,""),"")) | G31: =IF(D31="","",IF(E31="Y",IF(C31="Y",MAX($G$5:G30)+1,""),"")) -> 1 | H31: =IF(D31="","",IF(E31="",IF(C31="",MAX($H$5:H30)+1,""),"")) | L31: =L30+1 -> 28 | N31: =IF(N30=1,IF(P34=$N$1,0,1),0) -> 1 | P31: 工具、器具及び備品 | Q31: － | R31: 19094 | T31: =IF(OR(P31=$AE$15,P31=$AE$16,P31=$AE$17,P31=$AE$18,P31=$AE$19,P31=$AE$20,P31=$AE$21,P31=$AE$22,P31=$AE$23),P31,T30) -> 有形固定資産 | U31: =IF(OR(P31=$AA$14,P31=$AA$15,P31=$AA$16,P31=$AA$17,P31=$AA$18,P31=$AA$19,P31=$AA$20,P31=$AB$14,P31=$AB$15,P31=$AB$16,P31=$AB$17,P31=$AB$18,P31=$AB$19,P31=$AB$20),T31&P31,P31) -> 工具、器具及び備品 | V31: =ASC(R31) -> 19094 | W31: =IFERROR(SUBSTITUTE(SUBSTITUTE(SUBSTITUTE(SUBSTITUTE(SUBSTITUTE(SUBSTITUTE(SUBSTITUTE(SUBSTITUTE(SUBSTITUTE(SUBSTITUTE(SUBSTITUTE(SUBSTITUTE(SUBSTITUTE(SUBSTITUTE(SUBSTITUTE(SUBSTITUTE(SUBSTITUTE(SUBSTITUTE(SUBSTITUTE(SUBSTITUTE(SUBSTITUTE(SUBSTITUTE(SUBSTITUTE(SUBSTITUTE(SUBSTITUTE(SUBSTITUTE(SUBSTITUTE(SUBSTITUTE(SUBSTITUTE(SUBSTITUTE(SUBSTITUTE(SUBSTITUTE(SUBSTITUTE(V31,$AA$3,"-"),$AC$3,""),$AC$4,""),$AC$5,""),$AC$6,""),$AD$3,""),$AD$4,""),$AD$5,""),$AD$6,""),$AD$7,""),$AD$8,""),$AD$9,""),$AE$3,""),$AE$4,""),$AE$5,""),$AF$3,""),$AF$4,""),$AF$5,""),$AF$6,""),$AF$7,""),$AF$8,""),$AF$9,""),$AE$6,""),$AE$7,""),$AE$8,""),$AE$9,""),$AC$7,""),$AC$8,""),$AC$9,""),$AA$4,"")," ","")," ","")," ","")*$AA$12/1000,"") -> 19094 | Y31: =IF(N31=0,0,IF(AND(W31>0,W31<>""),MAX($Y$1:Y30)+1,0)) -> 10
A32: =IFERROR(INDEX($U$1:$U$110,MATCH($L32,$Y$1:$Y$110,0),1),"") -> 投資その他の資産合計 | B32: =IFERROR(INDEX($W$1:$W$110,MATCH($L32,$Y$1:$Y$110,0),1),"") -> 2960804 | D32: =IF(A32="","",IFERROR(VLOOKUP(A32,科目対照表!$C$6:$F$114,科目対照表!$F$4,0),"")) | E32: =IF(A32="","",IFERROR(VLOOKUP(A32,科目対照表!$C$6:$H$114,科目対照表!$H$4,0),"")) | F32: =IF(D32="","",IF(E32="Y",IF(C32="",MAX($F$5:F31)+1,""),"")) | G32: =IF(D32="","",IF(E32="Y",IF(C32="Y",MAX($G$5:G31)+1,""),"")) | H32: =IF(D32="","",IF(E32="",IF(C32="",MAX($H$5:H31)+1,""),"")) | L32: =L31+1 -> 29 | N32: =IF(N31=1,IF(P35=$N$1,0,1),0) -> 1 | P32: 減価償却累計額 | Q32: － | R32: -503 | T32: =IF(OR(P32=$AE$15,P32=$AE$16,P32=$AE$17,P32=$AE$18,P32=$AE$19,P32=$AE$20,P32=$AE$21,P32=$AE$22,P32=$AE$23),P32,T31) -> 有形固定資産 | U32: =IF(OR(P32=$AA$14,P32=$AA$15,P32=$AA$16,P32=$AA$17,P32=$AA$18,P32=$AA$19,P32=$AA$20,P32=$AB$14,P32=$AB$15,P32=$AB$16,P32=$AB$17,P32=$AB$18,P32=$AB$19,P32=$AB$20),T32&P32,P32) -> 減価償却累計額 | V32: =ASC(R32) -> -503 | W32: =IFERROR(SUBSTITUTE(SUBSTITUTE(SUBSTITUTE(SUBSTITUTE(SUBSTITUTE(SUBSTITUTE(SUBSTITUTE(SUBSTITUTE(SUBSTITUTE(SUBSTITUTE(SUBSTITUTE(SUBSTITUTE(SUBSTITUTE(SUBSTITUTE(SUBSTITUTE(SUBSTITUTE(SUBSTITUTE(SUBSTITUTE(SUBSTITUTE(SUBSTITUTE(SUBSTITUTE(SUBSTITUTE(SUBSTITUTE(SUBSTITUTE(SUBSTITUTE(SUBSTITUTE(SUBSTITUTE(SUBSTITUTE(SUBSTITUTE(SUBSTITUTE(SUBSTITUTE(SUBSTITUTE(SUBSTITUTE(V32,$AA$3,"-"),$AC$3,""),$AC$4,""),$AC$5,""),$AC$6,""),$AD$3,""),$AD$4,""),$AD$5,""),$AD$6,""),$AD$7,""),$AD$8,""),$AD$9,""),$AE$3,""),$AE$4,""),$AE$5,""),$AF$3,""),$AF$4,""),$AF$5,""),$AF$6,""),$AF$7,""),$AF$8,""),$AF$9,""),$AE$6,""),$AE$7,""),$AE$8,""),$AE$9,""),$AC$7,""),$AC$8,""),$AC$9,""),$AA$4,"")," ","")," ","")," ","")*$AA$12/1000,"") -> -503 | Y32: =IF(N32=0,0,IF(AND(W32>0,W32<>""),MAX($Y$1:Y31)+1,0)) -> 0
A33: =IFERROR(INDEX($U$1:$U$110,MATCH($L33,$Y$1:$Y$110,0),1),"") -> 固定資産合計 | B33: =IFERROR(INDEX($W$1:$W$110,MATCH($L33,$Y$1:$Y$110,0),1),"") -> 539465734 | D33: =IF(A33="","",IFERROR(VLOOKUP(A33,科目対照表!$C$6:$F$114,科目対照表!$F$4,0),"")) | E33: =IF(A33="","",IFERROR(VLOOKUP(A33,科目対照表!$C$6:$H$114,科目対照表!$H$4,0),"")) | F33: =IF(D33="","",IF(E33="Y",IF(C33="",MAX($F$5:F32)+1,""),"")) | G33: =IF(D33="","",IF(E33="Y",IF(C33="Y",MAX($G$5:G32)+1,""),"")) | H33: =IF(D33="","",IF(E33="",IF(C33="",MAX($H$5:H32)+1,""),"")) | L33: =L32+1 -> 30 | N33: =IF(N32=1,IF(P36=$N$1,0,1),0) -> 1 | P33: 工具、器具及び備品（純額） | Q33: － | R33: 18591 | T33: =IF(OR(P33=$AE$15,P33=$AE$16,P33=$AE$17,P33=$AE$18,P33=$AE$19,P33=$AE$20,P33=$AE$21,P33=$AE$22,P33=$AE$23),P33,T32) -> 有形固定資産 | U33: =IF(OR(P33=$AA$14,P33=$AA$15,P33=$AA$16,P33=$AA$17,P33=$AA$18,P33=$AA$19,P33=$AA$20,P33=$AB$14,P33=$AB$15,P33=$AB$16,P33=$AB$17,P33=$AB$18,P33=$AB$19,P33=$AB$20),T33&P33,P33) -> 工具、器具及び備品（純額） | V33: =ASC(R33) -> 18591 | W33: =IFERROR(SUBSTITUTE(SUBSTITUTE(SUBSTITUTE(SUBSTITUTE(SUBSTITUTE(SUBSTITUTE(SUBSTITUTE(SUBSTITUTE(SUBSTITUTE(SUBSTITUTE(SUBSTITUTE(SUBSTITUTE(SUBSTITUTE(SUBSTITUTE(SUBSTITUTE(SUBSTITUTE(SUBSTITUTE(SUBSTITUTE(SUBSTITUTE(SUBSTITUTE(SUBSTITUTE(SUBSTITUTE(SUBSTITUTE(SUBSTITUTE(SUBSTITUTE(SUBSTITUTE(SUBSTITUTE(SUBSTITUTE(SUBSTITUTE(SUBSTITUTE(SUBSTITUTE(SUBSTITUTE(SUBSTITUTE(V33,$AA$3,"-"),$AC$3,""),$AC$4,""),$AC$5,""),$AC$6,""),$AD$3,""),$AD$4,""),$AD$5,""),$AD$6,""),$AD$7,""),$AD$8,""),$AD$9,""),$AE$3,""),$AE$4,""),$AE$5,""),$AF$3,""),$AF$4,""),$AF$5,""),$AF$6,""),$AF$7,""),$AF$8,""),$AF$9,""),$AE$6,""),$AE$7,""),$AE$8,""),$AE$9,""),$AC$7,""),$AC$8,""),$AC$9,""),$AA$4,"")," ","")," ","")," ","")*$AA$12/1000,"") -> 18591 | Y33: =IF(N33=0,0,IF(AND(W33>0,W33<>""),MAX($Y$1:Y32)+1,0)) -> 11
A34: =IFERROR(INDEX($U$1:$U$110,MATCH($L34,$Y$1:$Y$110,0),1),"") -> 投資法人債発行費 | B34: =IFERROR(INDEX($W$1:$W$110,MATCH($L34,$Y$1:$Y$110,0),1),"") -> 63925 | D34: =IF(A34="","",IFERROR(VLOOKUP(A34,科目対照表!$C$6:$F$114,科目対照表!$F$4,0),"")) -> - | E34: =IF(A34="","",IFERROR(VLOOKUP(A34,科目対照表!$C$6:$H$114,科目対照表!$H$4,0),"")) -> Y | F34: =IF(D34="","",IF(E34="Y",IF(C34="",MAX($F$5:F33)+1,""),"")) -> 18 | G34: =IF(D34="","",IF(E34="Y",IF(C34="Y",MAX($G$5:G33)+1,""),"")) | H34: =IF(D34="","",IF(E34="",IF(C34="",MAX($H$5:H33)+1,""),"")) | L34: =L33+1 -> 31 | N34: =IF(N33=1,IF(P37=$N$1,0,1),0) -> 1 | P34: 土地 | Q34: － | R34: － | T34: =IF(OR(P34=$AE$15,P34=$AE$16,P34=$AE$17,P34=$AE$18,P34=$AE$19,P34=$AE$20,P34=$AE$21,P34=$AE$22,P34=$AE$23),P34,T33) -> 有形固定資産 | U34: =IF(OR(P34=$AA$14,P34=$AA$15,P34=$AA$16,P34=$AA$17,P34=$AA$18,P34=$AA$19,P34=$AA$20,P34=$AB$14,P34=$AB$15,P34=$AB$16,P34=$AB$17,P34=$AB$18,P34=$AB$19,P34=$AB$20),T34&P34,P34) -> 土地 | V34: =ASC(R34) -> - | W34: =IFERROR(SUBSTITUTE(SUBSTITUTE(SUBSTITUTE(SUBSTITUTE(SUBSTITUTE(SUBSTITUTE(SUBSTITUTE(SUBSTITUTE(SUBSTITUTE(SUBSTITUTE(SUBSTITUTE(SUBSTITUTE(SUBSTITUTE(SUBSTITUTE(SUBSTITUTE(SUBSTITUTE(SUBSTITUTE(SUBSTITUTE(SUBSTITUTE(SUBSTITUTE(SUBSTITUTE(SUBSTITUTE(SUBSTITUTE(SUBSTITUTE(SUBSTITUTE(SUBSTITUTE(SUBSTITUTE(SUBSTITUTE(SUBSTITUTE(SUBSTITUTE(SUBSTITUTE(SUBSTITUTE(SUBSTITUTE(V34,$AA$3,"-"),$AC$3,""),$AC$4,""),$AC$5,""),$AC$6,""),$AD$3,""),$AD$4,""),$AD$5,""),$AD$6,""),$AD$7,""),$AD$8,""),$AD$9,""),$AE$3,""),$AE$4,""),$AE$5,""),$AF$3,""),$AF$4,""),$AF$5,""),$AF$6,""),$AF$7,""),$AF$8,""),$AF$9,""),$AE$6,""),$AE$7,""),$AE$8,""),$AE$9,""),$AC$7,""),$AC$8,""),$AC$9,""),$AA$4,"")," ","")," ","")," ","")*$AA$12/1000,"") | Y34: =IF(N34=0,0,IF(AND(W34>0,W34<>""),MAX($Y$1:Y33)+1,0)) -> 0
A35: =IFERROR(INDEX($U$1:$U$110,MATCH($L35,$Y$1:$Y$110,0),1),"") -> 繰延資産合計 | B35: =IFERROR(INDEX($W$1:$W$110,MATCH($L35,$Y$1:$Y$110,0),1),"") -> 63925 | D35: =IF(A35="","",IFERROR(VLOOKUP(A35,科目対照表!$C$6:$F$114,科目対照表!$F$4,0),"")) | E35: =IF(A35="","",IFERROR(VLOOKUP(A35,科目対照表!$C$6:$H$114,科目対照表!$H$4,0),"")) | F35: =IF(D35="","",IF(E35="Y",IF(C35="",MAX($F$5:F34)+1,""),"")) | G35: =IF(D35="","",IF(E35="Y",IF(C35="Y",MAX($G$5:G34)+1,""),"")) | H35: =IF(D35="","",IF(E35="",IF(C35="",MAX($H$5:H34)+1,""),"")) | L35: =L34+1 -> 32 | N35: =IF(N34=1,IF(P38=$N$1,0,1),0) -> 1 | P35: 信託建物 | Q35: 99858541 | R35: 100599189 | T35: =IF(OR(P35=$AE$15,P35=$AE$16,P35=$AE$17,P35=$AE$18,P35=$AE$19,P35=$AE$20,P35=$AE$21,P35=$AE$22,P35=$AE$23),P35,T34) -> 有形固定資産 | U35: =IF(OR(P35=$AA$14,P35=$AA$15,P35=$AA$16,P35=$AA$17,P35=$AA$18,P35=$AA$19,P35=$AA$20,P35=$AB$14,P35=$AB$15,P35=$AB$16,P35=$AB$17,P35=$AB$18,P35=$AB$19,P35=$AB$20),T35&P35,P35) -> 信託建物 | V35: =ASC(R35) -> 100599189 | W35: =IFERROR(SUBSTITUTE(SUBSTITUTE(SUBSTITUTE(SUBSTITUTE(SUBSTITUTE(SUBSTITUTE(SUBSTITUTE(SUBSTITUTE(SUBSTITUTE(SUBSTITUTE(SUBSTITUTE(SUBSTITUTE(SUBSTITUTE(SUBSTITUTE(SUBSTITUTE(SUBSTITUTE(SUBSTITUTE(SUBSTITUTE(SUBSTITUTE(SUBSTITUTE(SUBSTITUTE(SUBSTITUTE(SUBSTITUTE(SUBSTITUTE(SUBSTITUTE(SUBSTITUTE(SUBSTITUTE(SUBSTITUTE(SUBSTITUTE(SUBSTITUTE(SUBSTITUTE(SUBSTITUTE(SUBSTITUTE(V35,$AA$3,"-"),$AC$3,""),$AC$4,""),$AC$5,""),$AC$6,""),$AD$3,""),$AD$4,""),$AD$5,""),$AD$6,""),$AD$7,""),$AD$8,""),$AD$9,""),$AE$3,""),$AE$4,""),$AE$5,""),$AF$3,""),$AF$4,""),$AF$5,""),$AF$6,""),$AF$7,""),$AF$8,""),$AF$9,""),$AE$6,""),$AE$7,""),$AE$8,""),$AE$9,""),$AC$7,""),$AC$8,""),$AC$9,""),$AA$4,"")," ","")," ","")," ","")*$AA$12/1000,"") -> 100599189 | Y35: =IF(N35=0,0,IF(AND(W35>0,W35<>""),MAX($Y$1:Y34)+1,0)) -> 12
A36: =IFERROR(INDEX($U$1:$U$110,MATCH($L36,$Y$1:$Y$110,0),1),"") -> 資産合計 | B36: =IFERROR(INDEX($W$1:$W$110,MATCH($L36,$Y$1:$Y$110,0),1),"") -> 562050490 | D36: =IF(A36="","",IFERROR(VLOOKUP(A36,科目対照表!$C$6:$F$114,科目対照表!$F$4,0),"")) | E36: =IF(A36="","",IFERROR(VLOOKUP(A36,科目対照表!$C$6:$H$114,科目対照表!$H$4,0),"")) | F36: =IF(D36="","",IF(E36="Y",IF(C36="",MAX($F$5:F35)+1,""),"")) | G36: =IF(D36="","",IF(E36="Y",IF(C36="Y",MAX($G$5:G35)+1,""),"")) | H36: =IF(D36="","",IF(E36="",IF(C36="",MAX($H$5:H35)+1,""),"")) | L36: =L35+1 -> 33 | N36: =IF(N35=1,IF(P39=$N$1,0,1),0) -> 1 | P36: 減価償却累計額 | Q36: -27608230 | R36: -28451575 | T36: =IF(OR(P36=$AE$15,P36=$AE$16,P36=$AE$17,P36=$AE$18,P36=$AE$19,P36=$AE$20,P36=$AE$21,P36=$AE$22,P36=$AE$23),P36,T35) -> 有形固定資産 | U36: =IF(OR(P36=$AA$14,P36=$AA$15,P36=$AA$16,P36=$AA$17,P36=$AA$18,P36=$AA$19,P36=$AA$20,P36=$AB$14,P36=$AB$15,P36=$AB$16,P36=$AB$17,P36=$AB$18,P36=$AB$19,P36=$AB$20),T36&P36,P36) -> 減価償却累計額 | V36: =ASC(R36) -> -28451575 | W36: =IFERROR(SUBSTITUTE(SUBSTITUTE(SUBSTITUTE(SUBSTITUTE(SUBSTITUTE(SUBSTITUTE(SUBSTITUTE(SUBSTITUTE(SUBSTITUTE(SUBSTITUTE(SUBSTITUTE(SUBSTITUTE(SUBSTITUTE(SUBSTITUTE(SUBSTITUTE(SUBSTITUTE(SUBSTITUTE(SUBSTITUTE(SUBSTITUTE(SUBSTITUTE(SUBSTITUTE(SUBSTITUTE(SUBSTITUTE(SUBSTITUTE(SUBSTITUTE(SUBSTITUTE(SUBSTITUTE(SUBSTITUTE(SUBSTITUTE(SUBSTITUTE(SUBSTITUTE(SUBSTITUTE(SUBSTITUTE(V36,$AA$3,"-"),$AC$3,""),$AC$4,""),$AC$5,""),$AC$6,""),$AD$3,""),$AD$4,""),$AD$5,""),$AD$6,""),$AD$7,""),$AD$8,""),$AD$9,""),$AE$3,""),$AE$4,""),$AE$5,""),$AF$3,""),$AF$4,""),$AF$5,""),$AF$6,""),$AF$7,""),$AF$8,""),$AF$9,""),$AE$6,""),$AE$7,""),$AE$8,""),$AE$9,""),$AC$7,""),$AC$8,""),$AC$9,""),$AA$4,"")," ","")," ","")," ","")*$AA$12/1000,"") -> -28451575 | Y36: =IF(N36=0,0,IF(AND(W36>0,W36<>""),MAX($Y$1:Y35)+1,0)) -> 0
A37: =IFERROR(INDEX($U$1:$U$110,MATCH($L37,$Y$1:$Y$110,0),1),"") | B37: =IFERROR(INDEX($W$1:$W$110,MATCH($L37,$Y$1:$Y$110,0),1),"") | D37: =IF(A37="","",IFERROR(VLOOKUP(A37,科目対照表!$C$6:$F$114,科目対照表!$F$4,0),"")) | E37: =IF(A37="","",IFERROR(VLOOKUP(A37,科目対照表!$C$6:$H$114,科目対照表!$H$4,0),"")) | F37: =IF(D37="","",IF(E37="Y",IF(C37="",MAX($F$5:F36)+1,""),"")) | G37: =IF(D37="","",IF(E37="Y",IF(C37="Y",MAX($G$5:G36)+1,""),"")) | H37: =IF(D37="","",IF(E37="",IF(C37="",MAX($H$5:H36)+1,""),"")) | L37: =L36+1 -> 34 | N37: =IF(N36=1,IF(P40=$N$1,0,1),0) -> 1 | P37: 信託建物（純額） | Q37: 72250311 | R37: 72147614 | T37: =IF(OR(P37=$AE$15,P37=$AE$16,P37=$AE$17,P37=$AE$18,P37=$AE$19,P37=$AE$20,P37=$AE$21,P37=$AE$22,P37=$AE$23),P37,T36) -> 有形固定資産 | U37: =IF(OR(P37=$AA$14,P37=$AA$15,P37=$AA$16,P37=$AA$17,P37=$AA$18,P37=$AA$19,P37=$AA$20,P37=$AB$14,P37=$AB$15,P37=$AB$16,P37=$AB$17,P37=$AB$18,P37=$AB$19,P37=$AB$20),T37&P37,P37) -> 信託建物（純額） | V37: =ASC(R37) -> 72147614 | W37: =IFERROR(SUBSTITUTE(SUBSTITUTE(SUBSTITUTE(SUBSTITUTE(SUBSTITUTE(SUBSTITUTE(SUBSTITUTE(SUBSTITUTE(SUBSTITUTE(SUBSTITUTE(SUBSTITUTE(SUBSTITUTE(SUBSTITUTE(SUBSTITUTE(SUBSTITUTE(SUBSTITUTE(SUBSTITUTE(SUBSTITUTE(SUBSTITUTE(SUBSTITUTE(SUBSTITUTE(SUBSTITUTE(SUBSTITUTE(SUBSTITUTE(SUBSTITUTE(SUBSTITUTE(SUBSTITUTE(SUBSTITUTE(SUBSTITUTE(SUBSTITUTE(SUBSTITUTE(SUBSTITUTE(SUBSTITUTE(V37,$AA$3,"-"),$AC$3,""),$AC$4,""),$AC$5,""),$AC$6,""),$AD$3,""),$AD$4,""),$AD$5,""),$AD$6,""),$AD$7,""),$AD$8,""),$AD$9,""),$AE$3,""),$AE$4,""),$AE$5,""),$AF$3,""),$AF$4,""),$AF$5,""),$AF$6,""),$AF$7,""),$AF$8,""),$AF$9,""),$AE$6,""),$AE$7,""),$AE$8,""),$AE$9,""),$AC$7,""),$AC$8,""),$AC$9,""),$AA$4,"")," ","")," ","")," ","")*$AA$12/1000,"") -> 72147614 | Y37: =IF(N37=0,0,IF(AND(W37>0,W37<>""),MAX($Y$1:Y36)+1,0)) -> 13
A38: =IFERROR(INDEX($U$1:$U$110,MATCH($L38,$Y$1:$Y$110,0),1),"") | B38: =IFERROR(INDEX($W$1:$W$110,MATCH($L38,$Y$1:$Y$110,0),1),"") | D38: =IF(A38="","",IFERROR(VLOOKUP(A38,科目対照表!$C$6:$F$114,科目対照表!$F$4,0),"")) | E38: =IF(A38="","",IFERROR(VLOOKUP(A38,科目対照表!$C$6:$H$114,科目対照表!$H$4,0),"")) | F38: =IF(D38="","",IF(E38="Y",IF(C38="",MAX($F$5:F37)+1,""),"")) | G38: =IF(D38="","",IF(E38="Y",IF(C38="Y",MAX($G$5:G37)+1,""),"")) | H38: =IF(D38="","",IF(E38="",IF(C38="",MAX($H$5:H37)+1,""),"")) | L38: =L37+1 -> 35 | N38: =IF(N37=1,IF(P41=$N$1,0,1),0) -> 1 | P38: 信託構築物 | Q38: 844275 | R38: 839978 | T38: =IF(OR(P38=$AE$15,P38=$AE$16,P38=$AE$17,P38=$AE$18,P38=$AE$19,P38=$AE$20,P38=$AE$21,P38=$AE$22,P38=$AE$23),P38,T37) -> 有形固定資産 | U38: =IF(OR(P38=$AA$14,P38=$AA$15,P38=$AA$16,P38=$AA$17,P38=$AA$18,P38=$AA$19,P38=$AA$20,P38=$AB$14,P38=$AB$15,P38=$AB$16,P38=$AB$17,P38=$AB$18,P38=$AB$19,P38=$AB$20),T38&P38,P38) -> 信託構築物 | V38: =ASC(R38) -> 839978 | W38: =IFERROR(SUBSTITUTE(SUBSTITUTE(SUBSTITUTE(SUBSTITUTE(SUBSTITUTE(SUBSTITUTE(SUBSTITUTE(SUBSTITUTE(SUBSTITUTE(SUBSTITUTE(SUBSTITUTE(SUBSTITUTE(SUBSTITUTE(SUBSTITUTE(SUBSTITUTE(SUBSTITUTE(SUBSTITUTE(SUBSTITUTE(SUBSTITUTE(SUBSTITUTE(SUBSTITUTE(SUBSTITUTE(SUBSTITUTE(SUBSTITUTE(SUBSTITUTE(SUBSTITUTE(SUBSTITUTE(SUBSTITUTE(SUBSTITUTE(SUBSTITUTE(SUBSTITUTE(SUBSTITUTE(SUBSTITUTE(V38,$AA$3,"-"),$AC$3,""),$AC$4,""),$AC$5,""),$AC$6,""),$AD$3,""),$AD$4,""),$AD$5,""),$AD$6,""),$AD$7,""),$AD$8,""),$AD$9,""),$AE$3,""),$AE$4,""),$AE$5,""),$AF$3,""),$AF$4,""),$AF$5,""),$AF$6,""),$AF$7,""),$AF$8,""),$AF$9,""),$AE$6,""),$AE$7,""),$AE$8,""),$AE$9,""),$AC$7,""),$AC$8,""),$AC$9,""),$AA$4,"")," ","")," ","")," ","")*$AA$12/1000,"") -> 839978 | Y38: =IF(N38=0,0,IF(AND(W38>0,W38<>""),MAX($Y$1:Y37)+1,0)) -> 14
A39: =IFERROR(INDEX($U$1:$U$110,MATCH($L39,$Y$1:$Y$110,0),1),"") | B39: =IFERROR(INDEX($W$1:$W$110,MATCH($L39,$Y$1:$Y$110,0),1),"") | D39: =IF(A39="","",IFERROR(VLOOKUP(A39,科目対照表!$C$6:$F$114,科目対照表!$F$4,0),"")) | E39: =IF(A39="","",IFERROR(VLOOKUP(A39,科目対照表!$C$6:$H$114,科目対照表!$H$4,0),"")) | F39: =IF(D39="","",IF(E39="Y",IF(C39="",MAX($F$5:F38)+1,""),"")) | G39: =IF(D39="","",IF(E39="Y",IF(C39="Y",MAX($G$5:G38)+1,""),"")) | H39: =IF(D39="","",IF(E39="",IF(C39="",MAX($H$5:H38)+1,""),"")) | L39: =L38+1 -> 36 | N39: =IF(N38=1,IF(P42=$N$1,0,1),0) -> 1 | P39: 減価償却累計額 | Q39: -421595 | R39: -437016 | T39: =IF(OR(P39=$AE$15,P39=$AE$16,P39=$AE$17,P39=$AE$18,P39=$AE$19,P39=$AE$20,P39=$AE$21,P39=$AE$22,P39=$AE$23),P39,T38) -> 有形固定資産 | U39: =IF(OR(P39=$AA$14,P39=$AA$15,P39=$AA$16,P39=$AA$17,P39=$AA$18,P39=$AA$19,P39=$AA$20,P39=$AB$14,P39=$AB$15,P39=$AB$16,P39=$AB$17,P39=$AB$18,P39=$AB$19,P39=$AB$20),T39&P39,P39) -> 減価償却累計額 | V39: =ASC(R39) -> -437016 | W39: =IFERROR(SUBSTITUTE(SUBSTITUTE(SUBSTITUTE(SUBSTITUTE(SUBSTITUTE(SUBSTITUTE(SUBSTITUTE(SUBSTITUTE(SUBSTITUTE(SUBSTITUTE(SUBSTITUTE(SUBSTITUTE(SUBSTITUTE(SUBSTITUTE(SUBSTITUTE(SUBSTITUTE(SUBSTITUTE(SUBSTITUTE(SUBSTITUTE(SUBSTITUTE(SUBSTITUTE(SUBSTITUTE(SUBSTITUTE(SUBSTITUTE(SUBSTITUTE(SUBSTITUTE(SUBSTITUTE(SUBSTITUTE(SUBSTITUTE(SUBSTITUTE(SUBSTITUTE(SUBSTITUTE(SUBSTITUTE(V39,$AA$3,"-"),$AC$3,""),$AC$4,""),$AC$5,""),$AC$6,""),$AD$3,""),$AD$4,""),$AD$5,""),$AD$6,""),$AD$7,""),$AD$8,""),$AD$9,""),$AE$3,""),$AE$4,""),$AE$5,""),$AF$3,""),$AF$4,""),$AF$5,""),$AF$6,""),$AF$7,""),$AF$8,""),$AF$9,""),$AE$6,""),$AE$7,""),$AE$8,""),$AE$9,""),$AC$7,""),$AC$8,""),$AC$9,""),$AA$4,"")," ","")," ","")," ","")*$AA$12/1000,"") -> -437016 | Y39: =IF(N39=0,0,IF(AND(W39>0,W39<>""),MAX($Y$1:Y38)+1,0)) -> 0
A40: =IFERROR(INDEX($U$1:$U$110,MATCH($L40,$Y$1:$Y$110,0),1),"") | B40: =IFERROR(INDEX($W$1:$W$110,MATCH($L40,$Y$1:$Y$110,0),1),"") | D40: =IF(A40="","",IFERROR(VLOOKUP(A40,科目対照表!$C$6:$F$114,科目対照表!$F$4,0),"")) | E40: =IF(A40="","",IFERROR(VLOOKUP(A40,科目対照表!$C$6:$H$114,科目対照表!$H$4,0),"")) | F40: =IF(D40="","",IF(E40="Y",IF(C40="",MAX($F$5:F39)+1,""),"")) | G40: =IF(D40="","",IF(E40="Y",IF(C40="Y",MAX($G$5:G39)+1,""),"")) | H40: =IF(D40="","",IF(E40="",IF(C40="",MAX($H$5:H39)+1,""),"")) | L40: =L39+1 -> 37 | N40: =IF(N39=1,IF(P43=$N$1,0,1),0) -> 1 | P40: 信託構築物（純額） | Q40: 422680 | R40: 402961 | T40: =IF(OR(P40=$AE$15,P40=$AE$16,P40=$AE$17,P40=$AE$18,P40=$AE$19,P40=$AE$20,P40=$AE$21,P40=$AE$22,P40=$AE$23),P40,T39) -> 有形固定資産 | U40: =IF(OR(P40=$AA$14,P40=$AA$15,P40=$AA$16,P40=$AA$17,P40=$AA$18,P40=$AA$19,P40=$AA$20,P40=$AB$14,P40=$AB$15,P40=$AB$16,P40=$AB$17,P40=$AB$18,P40=$AB$19,P40=$AB$20),T40&P40,P40) -> 信託構築物（純額） | V40: =ASC(R40) -> 402961 | W40: =IFERROR(SUBSTITUTE(SUBSTITUTE(SUBSTITUTE(SUBSTITUTE(SUBSTITUTE(SUBSTITUTE(SUBSTITUTE(SUBSTITUTE(SUBSTITUTE(SUBSTITUTE(SUBSTITUTE(SUBSTITUTE(SUBSTITUTE(SUBSTITUTE(SUBSTITUTE(SUBSTITUTE(SUBSTITUTE(SUBSTITUTE(SUBSTITUTE(SUBSTITUTE(SUBSTITUTE(SUBSTITUTE(SUBSTITUTE(SUBSTITUTE(SUBSTITUTE(SUBSTITUTE(SUBSTITUTE(SUBSTITUTE(SUBSTITUTE(SUBSTITUTE(SUBSTITUTE(SUBSTITUTE(SUBSTITUTE(V40,$AA$3,"-"),$AC$3,""),$AC$4,""),$AC$5,""),$AC$6,""),$AD$3,""),$AD$4,""),$AD$5,""),$AD$6,""),$AD$7,""),$AD$8,""),$AD$9,""),$AE$3,""),$AE$4,""),$AE$5,""),$AF$3,""),$AF$4,""),$AF$5,""),$AF$6,""),$AF$7,""),$AF$8,""),$AF$9,""),$AE$6,""),$AE$7,""),$AE$8,""),$AE$9,""),$AC$7,""),$AC$8,""),$AC$9,""),$AA$4,"")," ","")," ","")," ","")*$AA$12/1000,"") -> 402961 | Y40: =IF(N40=0,0,IF(AND(W40>0,W40<>""),MAX($Y$1:Y39)+1,0)) -> 15
A41: =IFERROR(INDEX($U$1:$U$110,MATCH($L41,$Y$1:$Y$110,0),1),"") | D41: =IF(A41="","",IFERROR(VLOOKUP(A41,科目対照表!$C$6:$F$114,科目対照表!$F$4,0),"")) | E41: =IF(A41="","",IFERROR(VLOOKUP(A41,科目対照表!$C$6:$H$114,科目対照表!$H$4,0),"")) | F41: =IF(D41="","",IF(E41="Y",IF(C41="",MAX($F$5:F40)+1,""),"")) | G41: =IF(D41="","",IF(E41="Y",IF(C41="Y",MAX($G$5:G40)+1,""),"")) | H41: =IF(D41="","",IF(E41="",IF(C41="",MAX($H$5:H40)+1,""),"")) | L41: =L40+1 -> 38 | N41: =IF(N40=1,IF(P44=$N$1,0,1),0) -> 1 | P41: 信託機械及び装置 | Q41: 2077785 | R41: 1980711 | T41: =IF(OR(P41=$AE$15,P41=$AE$16,P41=$AE$17,P41=$AE$18,P41=$AE$19,P41=$AE$20,P41=$AE$21,P41=$AE$22,P41=$AE$23),P41,T40) -> 有形固定資産 | U41: =IF(OR(P41=$AA$14,P41=$AA$15,P41=$AA$16,P41=$AA$17,P41=$AA$18,P41=$AA$19,P41=$AA$20,P41=$AB$14,P41=$AB$15,P41=$AB$16,P41=$AB$17,P41=$AB$18,P41=$AB$19,P41=$AB$20),T41&P41,P41) -> 信託機械及び装置 | V41: =ASC(R41) -> 1980711 | W41: =IFERROR(SUBSTITUTE(SUBSTITUTE(SUBSTITUTE(SUBSTITUTE(SUBSTITUTE(SUBSTITUTE(SUBSTITUTE(SUBSTITUTE(SUBSTITUTE(SUBSTITUTE(SUBSTITUTE(SUBSTITUTE(SUBSTITUTE(SUBSTITUTE(SUBSTITUTE(SUBSTITUTE(SUBSTITUTE(SUBSTITUTE(SUBSTITUTE(SUBSTITUTE(SUBSTITUTE(SUBSTITUTE(SUBSTITUTE(SUBSTITUTE(SUBSTITUTE(SUBSTITUTE(SUBSTITUTE(SUBSTITUTE(SUBSTITUTE(SUBSTITUTE(SUBSTITUTE(SUBSTITUTE(SUBSTITUTE(V41,$AA$3,"-"),$AC$3,""),$AC$4,""),$AC$5,""),$AC$6,""),$AD$3,""),$AD$4,""),$AD$5,""),$AD$6,""),$AD$7,""),$AD$8,""),$AD$9,""),$AE$3,""),$AE$4,""),$AE$5,""),$AF$3,""),$AF$4,""),$AF$5,""),$AF$6,""),$AF$7,""),$AF$8,""),$AF$9,""),$AE$6,""),$AE$7,""),$AE$8,""),$AE$9,""),$AC$7,""),$AC$8,""),$AC$9,""),$AA$4,"")," ","")," ","")," ","")*$AA$12/1000,"") -> 1980711 | Y41: =IF(N41=0,0,IF(AND(W41>0,W41<>""),MAX($Y$1:Y40)+1,0)) -> 16
A42: =IFERROR(INDEX($U$1:$U$110,MATCH($L42,$Y$1:$Y$110,0),1),"") | D42: =IF(A42="","",IFERROR(VLOOKUP(A42,科目対照表!$C$6:$F$114,科目対照表!$F$4,0),"")) | E42: =IF(A42="","",IFERROR(VLOOKUP(A42,科目対照表!$C$6:$H$114,科目対照表!$H$4,0),"")) | F42: =IF(D42="","",IF(E42="Y",IF(C42="",MAX($F$5:F41)+1,""),"")) | G42: =IF(D42="","",IF(E42="Y",IF(C42="Y",MAX($G$5:G41)+1,""),"")) | H42: =IF(D42="","",IF(E42="",IF(C42="",MAX($H$5:H41)+1,""),"")) | L42: =L41+1 -> 39 | N42: =IF(N41=1,IF(P45=$N$1,0,1),0) -> 1 | P42: 減価償却累計額 | Q42: -763318 | R42: -781937 | T42: =IF(OR(P42=$AE$15,P42=$AE$16,P42=$AE$17,P42=$AE$18,P42=$AE$19,P42=$AE$20,P42=$AE$21,P42=$AE$22,P42=$AE$23),P42,T41) -> 有形固定資産 | U42: =IF(OR(P42=$AA$14,P42=$AA$15,P42=$AA$16,P42=$AA$17,P42=$AA$18,P42=$AA$19,P42=$AA$20,P42=$AB$14,P42=$AB$15,P42=$AB$16,P42=$AB$17,P42=$AB$18,P42=$AB$19,P42=$AB$20),T42&P42,P42) -> 減価償却累計額 | V42: =ASC(R42) -> -781937 | W42: =IFERROR(SUBSTITUTE(SUBSTITUTE(SUBSTITUTE(SUBSTITUTE(SUBSTITUTE(SUBSTITUTE(SUBSTITUTE(SUBSTITUTE(SUBSTITUTE(SUBSTITUTE(SUBSTITUTE(SUBSTITUTE(SUBSTITUTE(SUBSTITUTE(SUBSTITUTE(SUBSTITUTE(SUBSTITUTE(SUBSTITUTE(SUBSTITUTE(SUBSTITUTE(SUBSTITUTE(SUBSTITUTE(SUBSTITUTE(SUBSTITUTE(SUBSTITUTE(SUBSTITUTE(SUBSTITUTE(SUBSTITUTE(SUBSTITUTE(SUBSTITUTE(SUBSTITUTE(SUBSTITUTE(SUBSTITUTE(V42,$AA$3,"-"),$AC$3,""),$AC$4,""),$AC$5,""),$AC$6,""),$AD$3,""),$AD$4,""),$AD$5,""),$AD$6,""),$AD$7,""),$AD$8,""),$AD$9,""),$AE$3,""),$AE$4,""),$AE$5,""),$AF$3,""),$AF$4,""),$AF$5,""),$AF$6,""),$AF$7,""),$AF$8,""),$AF$9,""),$AE$6,""),$AE$7,""),$AE$8,""),$AE$9,""),$AC$7,""),$AC$8,""),$AC$9,""),$AA$4,"")," ","")," ","")," ","")*$AA$12/1000,"") -> -781937 | Y42: =IF(N42=0,0,IF(AND(W42>0,W42<>""),MAX($Y$1:Y41)+1,0)) -> 0
A43: =IFERROR(INDEX($U$1:$U$110,MATCH($L43,$Y$1:$Y$110,0),1),"") | D43: =IF(A43="","",IFERROR(VLOOKUP(A43,科目対照表!$C$6:$F$114,科目対照表!$F$4,0),"")) | E43: =IF(A43="","",IFERROR(VLOOKUP(A43,科目対照表!$C$6:$H$114,科目対照表!$H$4,0),"")) | F43: =IF(D43="","",IF(E43="Y",IF(C43="",MAX($F$5:F42)+1,""),"")) | G43: =IF(D43="","",IF(E43="Y",IF(C43="Y",MAX($G$5:G42)+1,""),"")) | H43: =IF(D43="","",IF(E43="",IF(C43="",MAX($H$5:H42)+1,""),"")) | L43: =L42+1 -> 40 | N43: =IF(N42=1,IF(P46=$N$1,0,1),0) -> 1 | P43: 信託機械及び装置（純額） | Q43: 1314466 | R43: 1198773 | T43: =IF(OR(P43=$AE$15,P43=$AE$16,P43=$AE$17,P43=$AE$18,P43=$AE$19,P43=$AE$20,P43=$AE$21,P43=$AE$22,P43=$AE$23),P43,T42) -> 有形固定資産 | U43: =IF(OR(P43=$AA$14,P43=$AA$15,P43=$AA$16,P43=$AA$17,P43=$AA$18,P43=$AA$19,P43=$AA$20,P43=$AB$14,P43=$AB$15,P43=$AB$16,P43=$AB$17,P43=$AB$18,P43=$AB$19,P43=$AB$20),T43&P43,P43) -> 信託機械及び装置（純額） | V43: =ASC(R43) -> 1198773 | W43: =IFERROR(SUBSTITUTE(SUBSTITUTE(SUBSTITUTE(SUBSTITUTE(SUBSTITUTE(SUBSTITUTE(SUBSTITUTE(SUBSTITUTE(SUBSTITUTE(SUBSTITUTE(SUBSTITUTE(SUBSTITUTE(SUBSTITUTE(SUBSTITUTE(SUBSTITUTE(SUBSTITUTE(SUBSTITUTE(SUBSTITUTE(SUBSTITUTE(SUBSTITUTE(SUBSTITUTE(SUBSTITUTE(SUBSTITUTE(SUBSTITUTE(SUBSTITUTE(SUBSTITUTE(SUBSTITUTE(SUBSTITUTE(SUBSTITUTE(SUBSTITUTE(SUBSTITUTE(SUBSTITUTE(SUBSTITUTE(V43,$AA$3,"-"),$AC$3,""),$AC$4,""),$AC$5,""),$AC$6,""),$AD$3,""),$AD$4,""),$AD$5,""),$AD$6,""),$AD$7,""),$AD$8,""),$AD$9,""),$AE$3,""),$AE$4,""),$AE$5,""),$AF$3,""),$AF$4,""),$AF$5,""),$AF$6,""),$AF$7,""),$AF$8,""),$AF$9,""),$AE$6,""),$AE$7,""),$AE$8,""),$AE$9,""),$AC$7,""),$AC$8,""),$AC$9,""),$AA$4,"")," ","")," ","")," ","")*$AA$12/1000,"") -> 1198773 | Y43: =IF(N43=0,0,IF(AND(W43>0,W43<>""),MAX($Y$1:Y42)+1,0)) -> 17
A44: =IFERROR(INDEX($U$1:$U$110,MATCH($L44,$Y$1:$Y$110,0),1),"") | B44: =IFERROR(INDEX($W$1:$W$110,MATCH($L44,$Y$1:$Y$110,0),1),"") | D44: =IF(A44="","",IFERROR(VLOOKUP(A44,科目対照表!$C$6:$F$114,科目対照表!$F$4,0),"")) | E44: =IF(A44="","",IFERROR(VLOOKUP(A44,科目対照表!$C$6:$H$114,科目対照表!$H$4,0),"")) | F44: =IF(D44="","",IF(E44="Y",IF(C44="",MAX($F$5:F43)+1,""),"")) | G44: =IF(D44="","",IF(E44="Y",IF(C44="Y",MAX($G$5:G43)+1,""),"")) | H44: =IF(D44="","",IF(E44="",IF(C44="",MAX($H$5:H43)+1,""),"")) | L44: =L43+1 -> 41 | N44: =IF(N43=1,IF(P47=$N$1,0,1),0) -> 1 | P44: 信託工具、器具及び備品 | Q44: 596394 | R44: 646586 | T44: =IF(OR(P44=$AE$15,P44=$AE$16,P44=$AE$17,P44=$AE$18,P44=$AE$19,P44=$AE$20,P44=$AE$21,P44=$AE$22,P44=$AE$23),P44,T43) -> 有形固定資産 | U44: =IF(OR(P44=$AA$14,P44=$AA$15,P44=$AA$16,P44=$AA$17,P44=$AA$18,P44=$AA$19,P44=$AA$20,P44=$AB$14,P44=$AB$15,P44=$AB$16,P44=$AB$17,P44=$AB$18,P44=$AB$19,P44=$AB$20),T44&P44,P44) -> 信託工具、器具及び備品 | V44: =ASC(R44) -> 646586 | W44: =IFERROR(SUBSTITUTE(SUBSTITUTE(SUBSTITUTE(SUBSTITUTE(SUBSTITUTE(SUBSTITUTE(SUBSTITUTE(SUBSTITUTE(SUBSTITUTE(SUBSTITUTE(SUBSTITUTE(SUBSTITUTE(SUBSTITUTE(SUBSTITUTE(SUBSTITUTE(SUBSTITUTE(SUBSTITUTE(SUBSTITUTE(SUBSTITUTE(SUBSTITUTE(SUBSTITUTE(SUBSTITUTE(SUBSTITUTE(SUBSTITUTE(SUBSTITUTE(SUBSTITUTE(SUBSTITUTE(SUBSTITUTE(SUBSTITUTE(SUBSTITUTE(SUBSTITUTE(SUBSTITUTE(SUBSTITUTE(V44,$AA$3,"-"),$AC$3,""),$AC$4,""),$AC$5,""),$AC$6,""),$AD$3,""),$AD$4,""),$AD$5,""),$AD$6,""),$AD$7,""),$AD$8,""),$AD$9,""),$AE$3,""),$AE$4,""),$AE$5,""),$AF$3,""),$AF$4,""),$AF$5,""),$AF$6,""),$AF$7,""),$AF$8,""),$AF$9,""),$AE$6,""),$AE$7,""),$AE$8,""),$AE$9,""),$AC$7,""),$AC$8,""),$AC$9,""),$AA$4,"")," ","")," ","")," ","")*$AA$12/1000,"") -> 646586 | Y44: =IF(N44=0,0,IF(AND(W44>0,W44<>""),MAX($Y$1:Y43)+1,0)) -> 18
A45: =IFERROR(INDEX($U$1:$U$110,MATCH($L45,$Y$1:$Y$110,0),1),"") | B45: =IFERROR(INDEX($W$1:$W$110,MATCH($L45,$Y$1:$Y$110,0),1),"") | D45: =IF(A45="","",IFERROR(VLOOKUP(A45,科目対照表!$C$6:$F$114,科目対照表!$F$4,0),"")) | E45: =IF(A45="","",IFERROR(VLOOKUP(A45,科目対照表!$C$6:$H$114,科目対照表!$H$4,0),"")) | F45: =IF(D45="","",IF(E45="Y",IF(C45="",MAX($F$5:F44)+1,""),"")) | G45: =IF(D45="","",IF(E45="Y",IF(C45="Y",MAX($G$5:G44)+1,""),"")) | H45: =IF(D45="","",IF(E45="",IF(C45="",MAX($H$5:H44)+1,""),"")) | L45: =L44+1 -> 42 | N45: =IF(N44=1,IF(P48=$N$1,0,1),0) -> 1 | P45: 減価償却累計額 | Q45: -336620 | R45: -360526 | T45: =IF(OR(P45=$AE$15,P45=$AE$16,P45=$AE$17,P45=$AE$18,P45=$AE$19,P45=$AE$20,P45=$AE$21,P45=$AE$22,P45=$AE$23),P45,T44) -> 有形固定資産 | U45: =IF(OR(P45=$AA$14,P45=$AA$15,P45=$AA$16,P45=$AA$17,P45=$AA$18,P45=$AA$19,P45=$AA$20,P45=$AB$14,P45=$AB$15,P45=$AB$16,P45=$AB$17,P45=$AB$18,P45=$AB$19,P45=$AB$20),T45&P45,P45) -> 減価償却累計額 | V45: =ASC(R45) -> -360526 | W45: =IFERROR(SUBSTITUTE(SUBSTITUTE(SUBSTITUTE(SUBSTITUTE(SUBSTITUTE(SUBSTITUTE(SUBSTITUTE(SUBSTITUTE(SUBSTITUTE(SUBSTITUTE(SUBSTITUTE(SUBSTITUTE(SUBSTITUTE(SUBSTITUTE(SUBSTITUTE(SUBSTITUTE(SUBSTITUTE(SUBSTITUTE(SUBSTITUTE(SUBSTITUTE(SUBSTITUTE(SUBSTITUTE(SUBSTITUTE(SUBSTITUTE(SUBSTITUTE(SUBSTITUTE(SUBSTITUTE(SUBSTITUTE(SUBSTITUTE(SUBSTITUTE(SUBSTITUTE(SUBSTITUTE(SUBSTITUTE(V45,$AA$3,"-"),$AC$3,""),$AC$4,""),$AC$5,""),$AC$6,""),$AD$3,""),$AD$4,""),$AD$5,""),$AD$6,""),$AD$7,""),$AD$8,""),$AD$9,""),$AE$3,""),$AE$4,""),$AE$5,""),$AF$3,""),$AF$4,""),$AF$5,""),$AF$6,""),$AF$7,""),$AF$8,""),$AF$9,""),$AE$6,""),$AE$7,""),$AE$8,""),$AE$9,""),$AC$7,""),$AC$8,""),$AC$9,""),$AA$4,"")," ","")," ","")," ","")*$AA$12/1000,"") -> -360526 | Y45: =IF(N45=0,0,IF(AND(W45>0,W45<>""),MAX($Y$1:Y44)+1,0)) -> 0
A46: =IFERROR(INDEX($U$1:$U$110,MATCH($L46,$Y$1:$Y$110,0),1),"") | B46: =IFERROR(INDEX($W$1:$W$110,MATCH($L46,$Y$1:$Y$110,0),1),"") | D46: =IF(A46="","",IFERROR(VLOOKUP(A46,科目対照表!$C$6:$F$114,科目対照表!$F$4,0),"")) | E46: =IF(A46="","",IFERROR(VLOOKUP(A46,科目対照表!$C$6:$H$114,科目対照表!$H$4,0),"")) | F46: =IF(D46="","",IF(E46="Y",IF(C46="",MAX($F$5:F45)+1,""),"")) | G46: =IF(D46="","",IF(E46="Y",IF(C46="Y",MAX($G$5:G45)+1,""),"")) | H46: =IF(D46="","",IF(E46="",IF(C46="",MAX($H$5:H45)+1,""),"")) | L46: =L45+1 -> 43 | N46: =IF(N45=1,IF(P49=$N$1,0,1),0) -> 1 | P46: 信託工具、器具及び備品（純額） | Q46: 259774 | R46: 286059 | T46: =IF(OR(P46=$AE$15,P46=$AE$16,P46=$AE$17,P46=$AE$18,P46=$AE$19,P46=$AE$20,P46=$AE$21,P46=$AE$22,P46=$AE$23),P46,T45) -> 有形固定資産 | U46: =IF(OR(P46=$AA$14,P46=$AA$15,P46=$AA$16,P46=$AA$17,P46=$AA$18,P46=$AA$19,P46=$AA$20,P46=$AB$14,P46=$AB$15,P46=$AB$16,P46=$AB$17,P46=$AB$18,P46=$AB$19,P46=$AB$20),T46&P46,P46) -> 信託工具、器具及び備品（純額） | V46: =ASC(R46) -> 286059 | W46: =IFERROR(SUBSTITUTE(SUBSTITUTE(SUBSTITUTE(SUBSTITUTE(SUBSTITUTE(SUBSTITUTE(SUBSTITUTE(SUBSTITUTE(SUBSTITUTE(SUBSTITUTE(SUBSTITUTE(SUBSTITUTE(SUBSTITUTE(SUBSTITUTE(SUBSTITUTE(SUBSTITUTE(SUBSTITUTE(SUBSTITUTE(SUBSTITUTE(SUBSTITUTE(SUBSTITUTE(SUBSTITUTE(SUBSTITUTE(SUBSTITUTE(SUBSTITUTE(SUBSTITUTE(SUBSTITUTE(SUBSTITUTE(SUBSTITUTE(SUBSTITUTE(SUBSTITUTE(SUBSTITUTE(SUBSTITUTE(V46,$AA$3,"-"),$AC$3,""),$AC$4,""),$AC$5,""),$AC$6,""),$AD$3,""),$AD$4,""),$AD$5,""),$AD$6,""),$AD$7,""),$AD$8,""),$AD$9,""),$AE$3,""),$AE$4,""),$AE$5,""),$AF$3,""),$AF$4,""),$AF$5,""),$AF$6,""),$AF$7,""),$AF$8,""),$AF$9,""),$AE$6,""),$AE$7,""),$AE$8,""),$AE$9,""),$AC$7,""),$AC$8,""),$AC$9,""),$AA$4,"")," ","")," ","")," ","")*$AA$12/1000,"") -> 286059 | Y46: =IF(N46=0,0,IF(AND(W46>0,W46<>""),MAX($Y$1:Y45)+1,0)) -> 19
A47: =IFERROR(INDEX($U$1:$U$110,MATCH($L47,$Y$1:$Y$110,0),1),"") | B47: =IFERROR(INDEX($W$1:$W$110,MATCH($L47,$Y$1:$Y$110,0),1),"") | D47: =IF(A47="","",IFERROR(VLOOKUP(A47,科目対照表!$C$6:$F$114,科目対照表!$F$4,0),"")) | E47: =IF(A47="","",IFERROR(VLOOKUP(A47,科目対照表!$C$6:$H$114,科目対照表!$H$4,0),"")) | F47: =IF(D47="","",IF(E47="Y",IF(C47="",MAX($F$5:F46)+1,""),"")) | G47: =IF(D47="","",IF(E47="Y",IF(C47="Y",MAX($G$5:G46)+1,""),"")) | H47: =IF(D47="","",IF(E47="",IF(C47="",MAX($H$5:H46)+1,""),"")) | L47: =L46+1 -> 44 | N47: =IF(N46=1,IF(P50=$N$1,0,1),0) -> 1 | P47: 信託土地 | Q47: 452419828 | R47: 453337142 | T47: =IF(OR(P47=$AE$15,P47=$AE$16,P47=$AE$17,P47=$AE$18,P47=$AE$19,P47=$AE$20,P47=$AE$21,P47=$AE$22,P47=$AE$23),P47,T46) -> 有形固定資産 | U47: =IF(OR(P47=$AA$14,P47=$AA$15,P47=$AA$16,P47=$AA$17,P47=$AA$18,P47=$AA$19,P47=$AA$20,P47=$AB$14,P47=$AB$15,P47=$AB$16,P47=$AB$17,P47=$AB$18,P47=$AB$19,P47=$AB$20),T47&P47,P47) -> 信託土地 | V47: =ASC(R47) -> 453337142 | W47: =IFERROR(SUBSTITUTE(SUBSTITUTE(SUBSTITUTE(SUBSTITUTE(SUBSTITUTE(SUBSTITUTE(SUBSTITUTE(SUBSTITUTE(SUBSTITUTE(SUBSTITUTE(SUBSTITUTE(SUBSTITUTE(SUBSTITUTE(SUBSTITUTE(SUBSTITUTE(SUBSTITUTE(SUBSTITUTE(SUBSTITUTE(SUBSTITUTE(SUBSTITUTE(SUBSTITUTE(SUBSTITUTE(SUBSTITUTE(SUBSTITUTE(SUBSTITUTE(SUBSTITUTE(SUBSTITUTE(SUBSTITUTE(SUBSTITUTE(SUBSTITUTE(SUBSTITUTE(SUBSTITUTE(SUBSTITUTE(V47,$AA$3,"-"),$AC$3,""),$AC$4,""),$AC$5,""),$AC$6,""),$AD$3,""),$AD$4,""),$AD$5,""),$AD$6,""),$AD$7,""),$AD$8,""),$AD$9,""),$AE$3,""),$AE$4,""),$AE$5,""),$AF$3,""),$AF$4,""),$AF$5,""),$AF$6,""),$AF$7,""),$AF$8,""),$AF$9,""),$AE$6,""),$AE$7,""),$AE$8,""),$AE$9,""),$AC$7,""),$AC$8,""),$AC$9,""),$AA$4,"")," ","")," ","")," ","")*$AA$12/1000,"") -> 453337142 | Y47: =IF(N47=0,0,IF(AND(W47>0,W47<>""),MAX($Y$1:Y46)+1,0)) -> 20
A48: =IFERROR(INDEX($U$1:$U$110,MATCH($L48,$Y$1:$Y$110,0),1),"") | B48: =IFERROR(INDEX($W$1:$W$110,MATCH($L48,$Y$1:$Y$110,0),1),"") | D48: =IF(A48="","",IFERROR(VLOOKUP(A48,科目対照表!$C$6:$F$114,科目対照表!$F$4,0),"")) | E48: =IF(A48="","",IFERROR(VLOOKUP(A48,科目対照表!$C$6:$H$114,科目対照表!$H$4,0),"")) | F48: =IF(D48="","",IF(E48="Y",IF(C48="",MAX($F$5:F47)+1,""),"")) | G48: =IF(D48="","",IF(E48="Y",IF(C48="Y",MAX($G$5:G47)+1,""),"")) | H48: =IF(D48="","",IF(E48="",IF(C48="",MAX($H$5:H47)+1,""),"")) | L48: =L47+1 -> 45 | N48: =IF(N47=1,IF(P51=$N$1,0,1),0) -> 1 | P48: 信託建設仮勘定 | Q48: 29044 | R48: 55374 | T48: =IF(OR(P48=$AE$15,P48=$AE$16,P48=$AE$17,P48=$AE$18,P48=$AE$19,P48=$AE$20,P48=$AE$21,P48=$AE$22,P48=$AE$23),P48,T47) -> 有形固定資産 | U48: =IF(OR(P48=$AA$14,P48=$AA$15,P48=$AA$16,P48=$AA$17,P48=$AA$18,P48=$AA$19,P48=$AA$20,P48=$AB$14,P48=$AB$15,P48=$AB$16,P48=$AB$17,P48=$AB$18,P48=$AB$19,P48=$AB$20),T48&P48,P48) -> 信託建設仮勘定 | V48: =ASC(R48) -> 55374 | W48: =IFERROR(SUBSTITUTE(SUBSTITUTE(SUBSTITUTE(SUBSTITUTE(SUBSTITUTE(SUBSTITUTE(SUBSTITUTE(SUBSTITUTE(SUBSTITUTE(SUBSTITUTE(SUBSTITUTE(SUBSTITUTE(SUBSTITUTE(SUBSTITUTE(SUBSTITUTE(SUBSTITUTE(SUBSTITUTE(SUBSTITUTE(SUBSTITUTE(SUBSTITUTE(SUBSTITUTE(SUBSTITUTE(SUBSTITUTE(SUBSTITUTE(SUBSTITUTE(SUBSTITUTE(SUBSTITUTE(SUBSTITUTE(SUBSTITUTE(SUBSTITUTE(SUBSTITUTE(SUBSTITUTE(SUBSTITUTE(V48,$AA$3,"-"),$AC$3,""),$AC$4,""),$AC$5,""),$AC$6,""),$AD$3,""),$AD$4,""),$AD$5,""),$AD$6,""),$AD$7,""),$AD$8,""),$AD$9,""),$AE$3,""),$AE$4,""),$AE$5,""),$AF$3,""),$AF$4,""),$AF$5,""),$AF$6,""),$AF$7,""),$AF$8,""),$AF$9,""),$AE$6,""),$AE$7,""),$AE$8,""),$AE$9,""),$AC$7,""),$AC$8,""),$AC$9,""),$AA$4,"")," ","")," ","")," ","")*$AA$12/1000,"") -> 55374 | Y48: =IF(N48=0,0,IF(AND(W48>0,W48<>""),MAX($Y$1:Y47)+1,0)) -> 21
A49: =IFERROR(INDEX($U$1:$U$110,MATCH($L49,$Y$1:$Y$110,0),1),"") | B49: =IFERROR(INDEX($W$1:$W$110,MATCH($L49,$Y$1:$Y$110,0),1),"") | D49: =IF(A49="","",IFERROR(VLOOKUP(A49,科目対照表!$C$6:$F$114,科目対照表!$F$4,0),"")) | E49: =IF(A49="","",IFERROR(VLOOKUP(A49,科目対照表!$C$6:$H$114,科目対照表!$H$4,0),"")) | F49: =IF(D49="","",IF(E49="Y",IF(C49="",MAX($F$5:F48)+1,""),"")) | G49: =IF(D49="","",IF(E49="Y",IF(C49="Y",MAX($G$5:G48)+1,""),"")) | H49: =IF(D49="","",IF(E49="",IF(C49="",MAX($H$5:H48)+1,""),"")) | L49: =L48+1 -> 46 | N49: =IF(N48=1,IF(P52=$N$1,0,1),0) -> 1 | P49: 有形固定資産合計 | Q49: 526696106 | R49: 527446517 | T49: =IF(OR(P49=$AE$15,P49=$AE$16,P49=$AE$17,P49=$AE$18,P49=$AE$19,P49=$AE$20,P49=$AE$21,P49=$AE$22,P49=$AE$23),P49,T48) -> 有形固定資産 | U49: =IF(OR(P49=$AA$14,P49=$AA$15,P49=$AA$16,P49=$AA$17,P49=$AA$18,P49=$AA$19,P49=$AA$20,P49=$AB$14,P49=$AB$15,P49=$AB$16,P49=$AB$17,P49=$AB$18,P49=$AB$19,P49=$AB$20),T49&P49,P49) -> 有形固定資産合計 | V49: =ASC(R49) -> 527446517 | W49: =IFERROR(SUBSTITUTE(SUBSTITUTE(SUBSTITUTE(SUBSTITUTE(SUBSTITUTE(SUBSTITUTE(SUBSTITUTE(SUBSTITUTE(SUBSTITUTE(SUBSTITUTE(SUBSTITUTE(SUBSTITUTE(SUBSTITUTE(SUBSTITUTE(SUBSTITUTE(SUBSTITUTE(SUBSTITUTE(SUBSTITUTE(SUBSTITUTE(SUBSTITUTE(SUBSTITUTE(SUBSTITUTE(SUBSTITUTE(SUBSTITUTE(SUBSTITUTE(SUBSTITUTE(SUBSTITUTE(SUBSTITUTE(SUBSTITUTE(SUBSTITUTE(SUBSTITUTE(SUBSTITUTE(SUBSTITUTE(V49,$AA$3,"-"),$AC$3,""),$AC$4,""),$AC$5,""),$AC$6,""),$AD$3,""),$AD$4,""),$AD$5,""),$AD$6,""),$AD$7,""),$AD$8,""),$AD$9,""),$AE$3,""),$AE$4,""),$AE$5,""),$AF$3,""),$AF$4,""),$AF$5,""),$AF$6,""),$AF$7,""),$AF$8,""),$AF$9,""),$AE$6,""),$AE$7,""),$AE$8,""),$AE$9,""),$AC$7,""),$AC$8,""),$AC$9,""),$AA$4,"")," ","")," ","")," ","")*$AA$12/1000,"") -> 527446517 | Y49: =IF(N49=0,0,IF(AND(W49>0,W49<>""),MAX($Y$1:Y48)+1,0)) -> 22
A50: =IFERROR(INDEX($U$1:$U$110,MATCH($L50,$Y$1:$Y$110,0),1),"") | B50: =IFERROR(INDEX($W$1:$W$110,MATCH($L50,$Y$1:$Y$110,0),1),"") | D50: =IF(A50="","",IFERROR(VLOOKUP(A50,科目対照表!$C$6:$F$114,科目対照表!$F$4,0),"")) | E50: =IF(A50="","",IFERROR(VLOOKUP(A50,科目対照表!$C$6:$H$114,科目対照表!$H$4,0),"")) | F50: =IF(D50="","",IF(E50="Y",IF(C50="",MAX($F$5:F49)+1,""),"")) | G50: =IF(D50="","",IF(E50="Y",IF(C50="Y",MAX($G$5:G49)+1,""),"")) | H50: =IF(D50="","",IF(E50="",IF(C50="",MAX($H$5:H49)+1,""),"")) | L50: =L49+1 -> 47 | N50: =IF(N49=1,IF(P53=$N$1,0,1),0) -> 1 | P50: 無形固定資産 | T50: =IF(OR(P50=$AE$15,P50=$AE$16,P50=$AE$17,P50=$AE$18,P50=$AE$19,P50=$AE$20,P50=$AE$21,P50=$AE$22,P50=$AE$23),P50,T49) -> 無形固定資産 | U50: =IF(OR(P50=$AA$14,P50=$AA$15,P50=$AA$16,P50=$AA$17,P50=$AA$18,P50=$AA$19,P50=$AA$20,P50=$AB$14,P50=$AB$15,P50=$AB$16,P50=$AB$17,P50=$AB$18,P50=$AB$19,P50=$AB$20),T50&P50,P50) -> 無形固定資産 | V50: =ASC(R50) | W50: =IFERROR(SUBSTITUTE(SUBSTITUTE(SUBSTITUTE(SUBSTITUTE(SUBSTITUTE(SUBSTITUTE(SUBSTITUTE(SUBSTITUTE(SUBSTITUTE(SUBSTITUTE(SUBSTITUTE(SUBSTITUTE(SUBSTITUTE(SUBSTITUTE(SUBSTITUTE(SUBSTITUTE(SUBSTITUTE(SUBSTITUTE(SUBSTITUTE(SUBSTITUTE(SUBSTITUTE(SUBSTITUTE(SUBSTITUTE(SUBSTITUTE(SUBSTITUTE(SUBSTITUTE(SUBSTITUTE(SUBSTITUTE(SUBSTITUTE(SUBSTITUTE(SUBSTITUTE(SUBSTITUTE(SUBSTITUTE(V50,$AA$3,"-"),$AC$3,""),$AC$4,""),$AC$5,""),$AC$6,""),$AD$3,""),$AD$4,""),$AD$5,""),$AD$6,""),$AD$7,""),$AD$8,""),$AD$9,""),$AE$3,""),$AE$4,""),$AE$5,""),$AF$3,""),$AF$4,""),$AF$5,""),$AF$6,""),$AF$7,""),$AF$8,""),$AF$9,""),$AE$6,""),$AE$7,""),$AE$8,""),$AE$9,""),$AC$7,""),$AC$8,""),$AC$9,""),$AA$4,"")," ","")," ","")," ","")*$AA$12/1000,"") | Y50: =IF(N50=0,0,IF(AND(W50>0,W50<>""),MAX($Y$1:Y49)+1,0)) -> 0
A51: =IFERROR(INDEX($U$1:$U$110,MATCH($L51,$Y$1:$Y$110,0),1),"") | B51: =IFERROR(INDEX($W$1:$W$110,MATCH($L51,$Y$1:$Y$110,0),1),"") | D51: =IF(A51="","",IFERROR(VLOOKUP(A51,科目対照表!$C$6:$F$114,科目対照表!$F$4,0),"")) | E51: =IF(A51="","",IFERROR(VLOOKUP(A51,科目対照表!$C$6:$H$114,科目対照表!$H$4,0),"")) | F51: =IF(D51="","",IF(E51="Y",IF(C51="",MAX($F$5:F50)+1,""),"")) | G51: =IF(D51="","",IF(E51="Y",IF(C51="Y",MAX($G$5:G50)+1,""),"")) | H51: =IF(D51="","",IF(E51="",IF(C51="",MAX($H$5:H50)+1,""),"")) | L51: =L50+1 -> 48 | N51: =IF(N50=1,IF(P54=$N$1,0,1),0) -> 1 | P51: 借地権 | Q51: － | R51: － | T51: =IF(OR(P51=$AE$15,P51=$AE$16,P51=$AE$17,P51=$AE$18,P51=$AE$19,P51=$AE$20,P51=$AE$21,P51=$AE$22,P51=$AE$23),P51,T50) -> 無形固定資産 | U51: =IF(OR(P51=$AA$14,P51=$AA$15,P51=$AA$16,P51=$AA$17,P51=$AA$18,P51=$AA$19,P51=$AA$20,P51=$AB$14,P51=$AB$15,P51=$AB$16,P51=$AB$17,P51=$AB$18,P51=$AB$19,P51=$AB$20),T51&P51,P51) -> 借地権 | V51: =ASC(R51) -> - | W51: =IFERROR(SUBSTITUTE(SUBSTITUTE(SUBSTITUTE(SUBSTITUTE(SUBSTITUTE(SUBSTITUTE(SUBSTITUTE(SUBSTITUTE(SUBSTITUTE(SUBSTITUTE(SUBSTITUTE(SUBSTITUTE(SUBSTITUTE(SUBSTITUTE(SUBSTITUTE(SUBSTITUTE(SUBSTITUTE(SUBSTITUTE(SUBSTITUTE(SUBSTITUTE(SUBSTITUTE(SUBSTITUTE(SUBSTITUTE(SUBSTITUTE(SUBSTITUTE(SUBSTITUTE(SUBSTITUTE(SUBSTITUTE(SUBSTITUTE(SUBSTITUTE(SUBSTITUTE(SUBSTITUTE(SUBSTITUTE(V51,$AA$3,"-"),$AC$3,""),$AC$4,""),$AC$5,""),$AC$6,""),$AD$3,""),$AD$4,""),$AD$5,""),$AD$6,""),$AD$7,""),$AD$8,""),$AD$9,""),$AE$3,""),$AE$4,""),$AE$5,""),$AF$3,""),$AF$4,""),$AF$5,""),$AF$6,""),$AF$7,""),$AF$8,""),$AF$9,""),$AE$6,""),$AE$7,""),$AE$8,""),$AE$9,""),$AC$7,""),$AC$8,""),$AC$9,""),$AA$4,"")," ","")," ","")," ","")*$AA$12/1000,"") | Y51: =IF(N51=0,0,IF(AND(W51>0,W51<>""),MAX($Y$1:Y50)+1,0)) -> 0
A52: =IFERROR(INDEX($U$1:$U$110,MATCH($L52,$Y$1:$Y$110,0),1),"") | B52: =IFERROR(INDEX($W$1:$W$110,MATCH($L52,$Y$1:$Y$110,0),1),"") | D52: =IF(A52="","",IFERROR(VLOOKUP(A52,科目対照表!$C$6:$F$114,科目対照表!$F$4,0),"")) | E52: =IF(A52="","",IFERROR(VLOOKUP(A52,科目対照表!$C$6:$H$114,科目対照表!$H$4,0),"")) | F52: =IF(D52="","",IF(E52="Y",IF(C52="",MAX($F$5:F51)+1,""),"")) | G52: =IF(D52="","",IF(E52="Y",IF(C52="Y",MAX($G$5:G51)+1,""),"")) | H52: =IF(D52="","",IF(E52="",IF(C52="",MAX($H$5:H51)+1,""),"")) | L52: =L51+1 -> 49 | N52: =IF(N51=1,IF(P55=$N$1,0,1),0) -> 1 | P52: 信託借地権 | Q52: 9055086 | R52: 9055086 | T52: =IF(OR(P52=$AE$15,P52=$AE$16,P52=$AE$17,P52=$AE$18,P52=$AE$19,P52=$AE$20,P52=$AE$21,P52=$AE$22,P52=$AE$23),P52,T51) -> 無形固定資産 | U52: =IF(OR(P52=$AA$14,P52=$AA$15,P52=$AA$16,P52=$AA$17,P52=$AA$18,P52=$AA$19,P52=$AA$20,P52=$AB$14,P52=$AB$15,P52=$AB$16,P52=$AB$17,P52=$AB$18,P52=$AB$19,P52=$AB$20),T52&P52,P52) -> 信託借地権 | V52: =ASC(R52) -> 9055086 | W52: =IFERROR(SUBSTITUTE(SUBSTITUTE(SUBSTITUTE(SUBSTITUTE(SUBSTITUTE(SUBSTITUTE(SUBSTITUTE(SUBSTITUTE(SUBSTITUTE(SUBSTITUTE(SUBSTITUTE(SUBSTITUTE(SUBSTITUTE(SUBSTITUTE(SUBSTITUTE(SUBSTITUTE(SUBSTITUTE(SUBSTITUTE(SUBSTITUTE(SUBSTITUTE(SUBSTITUTE(SUBSTITUTE(SUBSTITUTE(SUBSTITUTE(SUBSTITUTE(SUBSTITUTE(SUBSTITUTE(SUBSTITUTE(SUBSTITUTE(SUBSTITUTE(SUBSTITUTE(SUBSTITUTE(SUBSTITUTE(V52,$AA$3,"-"),$AC$3,""),$AC$4,""),$AC$5,""),$AC$6,""),$AD$3,""),$AD$4,""),$AD$5,""),$AD$6,""),$AD$7,""),$AD$8,""),$AD$9,""),$AE$3,""),$AE$4,""),$AE$5,""),$AF$3,""),$AF$4,""),$AF$5,""),$AF$6,""),$AF$7,""),$AF$8,""),$AF$9,""),$AE$6,""),$AE$7,""),$AE$8,""),$AE$9,""),$AC$7,""),$AC$8,""),$AC$9,""),$AA$4,"")," ","")," ","")," ","")*$AA$12/1000,"") -> 9055086 | Y52: =IF(N52=0,0,IF(AND(W52>0,W52<>""),MAX($Y$1:Y51)+1,0)) -> 23
A53: =IFERROR(INDEX($U$1:$U$110,MATCH($L53,$Y$1:$Y$110,0),1),"") | B53: =IFERROR(INDEX($W$1:$W$110,MATCH($L53,$Y$1:$Y$110,0),1),"") | D53: =IF(A53="","",IFERROR(VLOOKUP(A53,科目対照表!$C$6:$F$114,科目対照表!$F$4,0),"")) | E53: =IF(A53="","",IFERROR(VLOOKUP(A53,科目対照表!$C$6:$H$114,科目対照表!$H$4,0),"")) | F53: =IF(D53="","",IF(E53="Y",IF(C53="",MAX($F$5:F52)+1,""),"")) | G53: =IF(D53="","",IF(E53="Y",IF(C53="Y",MAX($G$5:G52)+1,""),"")) | H53: =IF(D53="","",IF(E53="",IF(C53="",MAX($H$5:H52)+1,""),"")) | L53: =L52+1 -> 50 | N53: =IF(N52=1,IF(P56=$N$1,0,1),0) -> 1 | P53: その他 | Q53: 3896 | R53: 3326 | T53: =IF(OR(P53=$AE$15,P53=$AE$16,P53=$AE$17,P53=$AE$18,P53=$AE$19,P53=$AE$20,P53=$AE$21,P53=$AE$22,P53=$AE$23),P53,T52) -> 無形固定資産 | U53: =IF(OR(P53=$AA$14,P53=$AA$15,P53=$AA$16,P53=$AA$17,P53=$AA$18,P53=$AA$19,P53=$AA$20,P53=$AB$14,P53=$AB$15,P53=$AB$16,P53=$AB$17,P53=$AB$18,P53=$AB$19,P53=$AB$20),T53&P53,P53) -> 無形固定資産その他 | V53: =ASC(R53) -> 3326 | W53: =IFERROR(SUBSTITUTE(SUBSTITUTE(SUBSTITUTE(SUBSTITUTE(SUBSTITUTE(SUBSTITUTE(SUBSTITUTE(SUBSTITUTE(SUBSTITUTE(SUBSTITUTE(SUBSTITUTE(SUBSTITUTE(SUBSTITUTE(SUBSTITUTE(SUBSTITUTE(SUBSTITUTE(SUBSTITUTE(SUBSTITUTE(SUBSTITUTE(SUBSTITUTE(SUBSTITUTE(SUBSTITUTE(SUBSTITUTE(SUBSTITUTE(SUBSTITUTE(SUBSTITUTE(SUBSTITUTE(SUBSTITUTE(SUBSTITUTE(SUBSTITUTE(SUBSTITUTE(SUBSTITUTE(SUBSTITUTE(V53,$AA$3,"-"),$AC$3,""),$AC$4,""),$AC$5,""),$AC$6,""),$AD$3,""),$AD$4,""),$AD$5,""),$AD$6,""),$AD$7,""),$AD$8,""),$AD$9,""),$AE$3,""),$AE$4,""),$AE$5,""),$AF$3,""),$AF$4,""),$AF$5,""),$AF$6,""),$AF$7,""),$AF$8,""),$AF$9,""),$AE$6,""),$AE$7,""),$AE$8,""),$AE$9,""),$AC$7,""),$AC$8,""),$AC$9,""),$AA$4,"")," ","")," ","")," ","")*$AA$12/1000,"") -> 3326 | Y53: =IF(N53=0,0,IF(AND(W53>0,W53<>""),MAX($Y$1:Y52)+1,0)) -> 24
A54: =IFERROR(INDEX($U$1:$U$110,MATCH($L54,$Y$1:$Y$110,0),1),"") | B54: =IFERROR(INDEX($W$1:$W$110,MATCH($L54,$Y$1:$Y$110,0),1),"") | D54: =IF(A54="","",IFERROR(VLOOKUP(A54,科目対照表!$C$6:$F$114,科目対照表!$F$4,0),"")) | E54: =IF(A54="","",IFERROR(VLOOKUP(A54,科目対照表!$C$6:$H$114,科目対照表!$H$4,0),"")) | F54: =IF(D54="","",IF(E54="Y",IF(C54="",MAX($F$5:F53)+1,""),"")) | G54: =IF(D54="","",IF(E54="Y",IF(C54="Y",MAX($G$5:G53)+1,""),"")) | H54: =IF(D54="","",IF(E54="",IF(C54="",MAX($H$5:H53)+1,""),"")) | L54: =L53+1 -> 51 | N54: =IF(N53=1,IF(P57=$N$1,0,1),0) -> 1 | P54: 無形固定資産合計 | Q54: 9058982 | R54: 9058412 | T54: =IF(OR(P54=$AE$15,P54=$AE$16,P54=$AE$17,P54=$AE$18,P54=$AE$19,P54=$AE$20,P54=$AE$21,P54=$AE$22,P54=$AE$23),P54,T53) -> 無形固定資産 | U54: =IF(OR(P54=$AA$14,P54=$AA$15,P54=$AA$16,P54=$AA$17,P54=$AA$18,P54=$AA$19,P54=$AA$20,P54=$AB$14,P54=$AB$15,P54=$AB$16,P54=$AB$17,P54=$AB$18,P54=$AB$19,P54=$AB$20),T54&P54,P54) -> 無形固定資産合計 | V54: =ASC(R54) -> 9058412 | W54: =IFERROR(SUBSTITUTE(SUBSTITUTE(SUBSTITUTE(SUBSTITUTE(SUBSTITUTE(SUBSTITUTE(SUBSTITUTE(SUBSTITUTE(SUBSTITUTE(SUBSTITUTE(SUBSTITUTE(SUBSTITUTE(SUBSTITUTE(SUBSTITUTE(SUBSTITUTE(SUBSTITUTE(SUBSTITUTE(SUBSTITUTE(SUBSTITUTE(SUBSTITUTE(SUBSTITUTE(SUBSTITUTE(SUBSTITUTE(SUBSTITUTE(SUBSTITUTE(SUBSTITUTE(SUBSTITUTE(SUBSTITUTE(SUBSTITUTE(SUBSTITUTE(SUBSTITUTE(SUBSTITUTE(SUBSTITUTE(V54,$AA$3,"-"),$AC$3,""),$AC$4,""),$AC$5,""),$AC$6,""),$AD$3,""),$AD$4,""),$AD$5,""),$AD$6,""),$AD$7,""),$AD$8,""),$AD$9,""),$AE$3,""),$AE$4,""),$AE$5,""),$AF$3,""),$AF$4,""),$AF$5,""),$AF$6,""),$AF$7,""),$AF$8,""),$AF$9,""),$AE$6,""),$AE$7,""),$AE$8,""),$AE$9,""),$AC$7,""),$AC$8,""),$AC$9,""),$AA$4,"")," ","")," ","")," ","")*$AA$12/1000,"") -> 9058412 | Y54: =IF(N54=0,0,IF(AND(W54>0,W54<>""),MAX($Y$1:Y53)+1,0)) -> 25
A55: =IFERROR(INDEX($U$1:$U$110,MATCH($L55,$Y$1:$Y$110,0),1),"") | B55: =IFERROR(INDEX($W$1:$W$110,MATCH($L55,$Y$1:$Y$110,0),1),"") | D55: =IF(A55="","",IFERROR(VLOOKUP(A55,科目対照表!$C$6:$F$114,科目対照表!$F$4,0),"")) | E55: =IF(A55="","",IFERROR(VLOOKUP(A55,科目対照表!$C$6:$H$114,科目対照表!$H$4,0),"")) | F55: =IF(D55="","",IF(E55="Y",IF(C55="",MAX($F$5:F54)+1,""),"")) | G55: =IF(D55="","",IF(E55="Y",IF(C55="Y",MAX($G$5:G54)+1,""),"")) | H55: =IF(D55="","",IF(E55="",IF(C55="",MAX($H$5:H54)+1,""),"")) | L55: =L54+1 -> 52 | N55: =IF(N54=1,IF(P58=$N$1,0,1),0) -> 1 | P55: 投資その他の資産 | T55: =IF(OR(P55=$AE$15,P55=$AE$16,P55=$AE$17,P55=$AE$18,P55=$AE$19,P55=$AE$20,P55=$AE$21,P55=$AE$22,P55=$AE$23),P55,T54) -> 投資その他の資産 | U55: =IF(OR(P55=$AA$14,P55=$AA$15,P55=$AA$16,P55=$AA$17,P55=$AA$18,P55=$AA$19,P55=$AA$20,P55=$AB$14,P55=$AB$15,P55=$AB$16,P55=$AB$17,P55=$AB$18,P55=$AB$19,P55=$AB$20),T55&P55,P55) -> 投資その他の資産 | V55: =ASC(R55) | W55: =IFERROR(SUBSTITUTE(SUBSTITUTE(SUBSTITUTE(SUBSTITUTE(SUBSTITUTE(SUBSTITUTE(SUBSTITUTE(SUBSTITUTE(SUBSTITUTE(SUBSTITUTE(SUBSTITUTE(SUBSTITUTE(SUBSTITUTE(SUBSTITUTE(SUBSTITUTE(SUBSTITUTE(SUBSTITUTE(SUBSTITUTE(SUBSTITUTE(SUBSTITUTE(SUBSTITUTE(SUBSTITUTE(SUBSTITUTE(SUBSTITUTE(SUBSTITUTE(SUBSTITUTE(SUBSTITUTE(SUBSTITUTE(SUBSTITUTE(SUBSTITUTE(SUBSTITUTE(SUBSTITUTE(SUBSTITUTE(V55,$AA$3,"-"),$AC$3,""),$AC$4,""),$AC$5,""),$AC$6,""),$AD$3,""),$AD$4,""),$AD$5,""),$AD$6,""),$AD$7,""),$AD$8,""),$AD$9,""),$AE$3,""),$AE$4,""),$AE$5,""),$AF$3,""),$AF$4,""),$AF$5,""),$AF$6,""),$AF$7,""),$AF$8,""),$AF$9,""),$AE$6,""),$AE$7,""),$AE$8,""),$AE$9,""),$AC$7,""),$AC$8,""),$AC$9,""),$AA$4,"")," ","")," ","")," ","")*$AA$12/1000,"") | Y55: =IF(N55=0,0,IF(AND(W55>0,W55<>""),MAX($Y$1:Y54)+1,0)) -> 0
A56: =IFERROR(INDEX($U$1:$U$110,MATCH($L56,$Y$1:$Y$110,0),1),"") | B56: =IFERROR(INDEX($W$1:$W$110,MATCH($L56,$Y$1:$Y$110,0),1),"") | D56: =IF(A56="","",IFERROR(VLOOKUP(A56,科目対照表!$C$6:$F$114,科目対照表!$F$4,0),"")) | E56: =IF(A56="","",IFERROR(VLOOKUP(A56,科目対照表!$C$6:$H$114,科目対照表!$H$4,0),"")) | F56: =IF(D56="","",IF(E56="Y",IF(C56="",MAX($F$5:F55)+1,""),"")) | G56: =IF(D56="","",IF(E56="Y",IF(C56="Y",MAX($G$5:G55)+1,""),"")) | H56: =IF(D56="","",IF(E56="",IF(C56="",MAX($H$5:H55)+1,""),"")) | L56: =L55+1 -> 53 | N56: =IF(N55=1,IF(P59=$N$1,0,1),0) -> 1 | P56: 投資有価証券 | Q56: 1624008 | R56: 1605910 | T56: =IF(OR(P56=$AE$15,P56=$AE$16,P56=$AE$17,P56=$AE$18,P56=$AE$19,P56=$AE$20,P56=$AE$21,P56=$AE$22,P56=$AE$23),P56,T55) -> 投資その他の資産 | U56: =IF(OR(P56=$AA$14,P56=$AA$15,P56=$AA$16,P56=$AA$17,P56=$AA$18,P56=$AA$19,P56=$AA$20,P56=$AB$14,P56=$AB$15,P56=$AB$16,P56=$AB$17,P56=$AB$18,P56=$AB$19,P56=$AB$20),T56&P56,P56) -> 投資有価証券 | V56: =ASC(R56) -> 1605910 | W56: =IFERROR(SUBSTITUTE(SUBSTITUTE(SUBSTITUTE(SUBSTITUTE(SUBSTITUTE(SUBSTITUTE(SUBSTITUTE(SUBSTITUTE(SUBSTITUTE(SUBSTITUTE(SUBSTITUTE(SUBSTITUTE(SUBSTITUTE(SUBSTITUTE(SUBSTITUTE(SUBSTITUTE(SUBSTITUTE(SUBSTITUTE(SUBSTITUTE(SUBSTITUTE(SUBSTITUTE(SUBSTITUTE(SUBSTITUTE(SUBSTITUTE(SUBSTITUTE(SUBSTITUTE(SUBSTITUTE(SUBSTITUTE(SUBSTITUTE(SUBSTITUTE(SUBSTITUTE(SUBSTITUTE(SUBSTITUTE(V56,$AA$3,"-"),$AC$3,""),$AC$4,""),$AC$5,""),$AC$6,""),$AD$3,""),$AD$4,""),$AD$5,""),$AD$6,""),$AD$7,""),$AD$8,""),$AD$9,""),$AE$3,""),$AE$4,""),$AE$5,""),$AF$3,""),$AF$4,""),$AF$5,""),$AF$6,""),$AF$7,""),$AF$8,""),$AF$9,""),$AE$6,""),$AE$7,""),$AE$8,""),$AE$9,""),$AC$7,""),$AC$8,""),$AC$9,""),$AA$4,"")," ","")," ","")," ","")*$AA$12/1000,"") -> 1605910 | Y56: =IF(N56=0,0,IF(AND(W56>0,W56<>""),MAX($Y$1:Y55)+1,0)) -> 26
A57: =IFERROR(INDEX($U$1:$U$110,MATCH($L57,$Y$1:$Y$110,0),1),"") | B57: =IFERROR(INDEX($W$1:$W$110,MATCH($L57,$Y$1:$Y$110,0),1),"") | D57: =IF(A57="","",IFERROR(VLOOKUP(A57,科目対照表!$C$6:$F$114,科目対照表!$F$4,0),"")) | E57: =IF(A57="","",IFERROR(VLOOKUP(A57,科目対照表!$C$6:$H$114,科目対照表!$H$4,0),"")) | F57: =IF(D57="","",IF(E57="Y",IF(C57="",MAX($F$5:F56)+1,""),"")) | G57: =IF(D57="","",IF(E57="Y",IF(C57="Y",MAX($G$5:G56)+1,""),"")) | H57: =IF(D57="","",IF(E57="",IF(C57="",MAX($H$5:H56)+1,""),"")) | L57: =L56+1 -> 54 | N57: =IF(N56=1,IF(P60=$N$1,0,1),0) -> 1 | P57: 長期前払費用 | Q57: 1343794 | R57: 1315671 | T57: =IF(OR(P57=$AE$15,P57=$AE$16,P57=$AE$17,P57=$AE$18,P57=$AE$19,P57=$AE$20,P57=$AE$21,P57=$AE$22,P57=$AE$23),P57,T56) -> 投資その他の資産 | U57: =IF(OR(P57=$AA$14,P57=$AA$15,P57=$AA$16,P57=$AA$17,P57=$AA$18,P57=$AA$19,P57=$AA$20,P57=$AB$14,P57=$AB$15,P57=$AB$16,P57=$AB$17,P57=$AB$18,P57=$AB$19,P57=$AB$20),T57&P57,P57) -> 長期前払費用 | V57: =ASC(R57) -> 1315671 | W57: =IFERROR(SUBSTITUTE(SUBSTITUTE(SUBSTITUTE(SUBSTITUTE(SUBSTITUTE(SUBSTITUTE(SUBSTITUTE(SUBSTITUTE(SUBSTITUTE(SUBSTITUTE(SUBSTITUTE(SUBSTITUTE(SUBSTITUTE(SUBSTITUTE(SUBSTITUTE(SUBSTITUTE(SUBSTITUTE(SUBSTITUTE(SUBSTITUTE(SUBSTITUTE(SUBSTITUTE(SUBSTITUTE(SUBSTITUTE(SUBSTITUTE(SUBSTITUTE(SUBSTITUTE(SUBSTITUTE(SUBSTITUTE(SUBSTITUTE(SUBSTITUTE(SUBSTITUTE(SUBSTITUTE(SUBSTITUTE(V57,$AA$3,"-"),$AC$3,""),$AC$4,""),$AC$5,""),$AC$6,""),$AD$3,""),$AD$4,""),$AD$5,""),$AD$6,""),$AD$7,""),$AD$8,""),$AD$9,""),$AE$3,""),$AE$4,""),$AE$5,""),$AF$3,""),$AF$4,""),$AF$5,""),$AF$6,""),$AF$7,""),$AF$8,""),$AF$9,""),$AE$6,""),$AE$7,""),$AE$8,""),$AE$9,""),$AC$7,""),$AC$8,""),$AC$9,""),$AA$4,"")," ","")," ","")," ","")*$AA$12/1000,"") -> 1315671 | Y57: =IF(N57=0,0,IF(AND(W57>0,W57<>""),MAX($Y$1:Y56)+1,0)) -> 27
A58: =IFERROR(INDEX($U$1:$U$110,MATCH($L58,$Y$1:$Y$110,0),1),"") | B58: =IFERROR(INDEX($W$1:$W$110,MATCH($L58,$Y$1:$Y$110,0),1),"") | D58: =IF(A58="","",IFERROR(VLOOKUP(A58,科目対照表!$C$6:$F$114,科目対照表!$F$4,0),"")) | E58: =IF(A58="","",IFERROR(VLOOKUP(A58,科目対照表!$C$6:$H$114,科目対照表!$H$4,0),"")) | F58: =IF(D58="","",IF(E58="Y",IF(C58="",MAX($F$5:F57)+1,""),"")) | G58: =IF(D58="","",IF(E58="Y",IF(C58="Y",MAX($G$5:G57)+1,""),"")) | H58: =IF(D58="","",IF(E58="",IF(C58="",MAX($H$5:H57)+1,""),"")) | L58: =L57+1 -> 55 | N58: =IF(N57=1,IF(P61=$N$1,0,1),0) -> 1 | P58: 差入保証有価証券 | Q58: － | R58: － | T58: =IF(OR(P58=$AE$15,P58=$AE$16,P58=$AE$17,P58=$AE$18,P58=$AE$19,P58=$AE$20,P58=$AE$21,P58=$AE$22,P58=$AE$23),P58,T57) -> 投資その他の資産 | U58: =IF(OR(P58=$AA$14,P58=$AA$15,P58=$AA$16,P58=$AA$17,P58=$AA$18,P58=$AA$19,P58=$AA$20,P58=$AB$14,P58=$AB$15,P58=$AB$16,P58=$AB$17,P58=$AB$18,P58=$AB$19,P58=$AB$20),T58&P58,P58) -> 差入保証有価証券 | V58: =ASC(R58) -> - | W58: =IFERROR(SUBSTITUTE(SUBSTITUTE(SUBSTITUTE(SUBSTITUTE(SUBSTITUTE(SUBSTITUTE(SUBSTITUTE(SUBSTITUTE(SUBSTITUTE(SUBSTITUTE(SUBSTITUTE(SUBSTITUTE(SUBSTITUTE(SUBSTITUTE(SUBSTITUTE(SUBSTITUTE(SUBSTITUTE(SUBSTITUTE(SUBSTITUTE(SUBSTITUTE(SUBSTITUTE(SUBSTITUTE(SUBSTITUTE(SUBSTITUTE(SUBSTITUTE(SUBSTITUTE(SUBSTITUTE(SUBSTITUTE(SUBSTITUTE(SUBSTITUTE(SUBSTITUTE(SUBSTITUTE(SUBSTITUTE(V58,$AA$3,"-"),$AC$3,""),$AC$4,""),$AC$5,""),$AC$6,""),$AD$3,""),$AD$4,""),$AD$5,""),$AD$6,""),$AD$7,""),$AD$8,""),$AD$9,""),$AE$3,""),$AE$4,""),$AE$5,""),$AF$3,""),$AF$4,""),$AF$5,""),$AF$6,""),$AF$7,""),$AF$8,""),$AF$9,""),$AE$6,""),$AE$7,""),$AE$8,""),$AE$9,""),$AC$7,""),$AC$8,""),$AC$9,""),$AA$4,"")," ","")," ","")," ","")*$AA$12/1000,"") | Y58: =IF(N58=0,0,IF(AND(W58>0,W58<>""),MAX($Y$1:Y57)+1,0)) -> 0
A59: =IFERROR(INDEX($U$1:$U$110,MATCH($L59,$Y$1:$Y$110,0),1),"") | B59: =IFERROR(INDEX($W$1:$W$110,MATCH($L59,$Y$1:$Y$110,0),1),"") | D59: =IF(A59="","",IFERROR(VLOOKUP(A59,科目対照表!$C$6:$F$114,科目対照表!$F$4,0),"")) | E59: =IF(A59="","",IFERROR(VLOOKUP(A59,科目対照表!$C$6:$H$114,科目対照表!$H$4,0),"")) | F59: =IF(D59="","",IF(E59="Y",IF(C59="",MAX($F$5:F58)+1,""),"")) | G59: =IF(D59="","",IF(E59="Y",IF(C59="Y",MAX($G$5:G58)+1,""),"")) | H59: =IF(D59="","",IF(E59="",IF(C59="",MAX($H$5:H58)+1,""),"")) | L59: =L58+1 -> 56 | N59: =IF(N58=1,IF(P62=$N$1,0,1),0) -> 1 | P59: デリバティブ債権 | Q59: － | R59: － | T59: =IF(OR(P59=$AE$15,P59=$AE$16,P59=$AE$17,P59=$AE$18,P59=$AE$19,P59=$AE$20,P59=$AE$21,P59=$AE$22,P59=$AE$23),P59,T58) -> 投資その他の資産 | U59: =IF(OR(P59=$AA$14,P59=$AA$15,P59=$AA$16,P59=$AA$17,P59=$AA$18,P59=$AA$19,P59=$AA$20,P59=$AB$14,P59=$AB$15,P59=$AB$16,P59=$AB$17,P59=$AB$18,P59=$AB$19,P59=$AB$20),T59&P59,P59) -> 投資その他の資産デリバティブ債権 | V59: =ASC(R59) -> - | W59: =IFERROR(SUBSTITUTE(SUBSTITUTE(SUBSTITUTE(SUBSTITUTE(SUBSTITUTE(SUBSTITUTE(SUBSTITUTE(SUBSTITUTE(SUBSTITUTE(SUBSTITUTE(SUBSTITUTE(SUBSTITUTE(SUBSTITUTE(SUBSTITUTE(SUBSTITUTE(SUBSTITUTE(SUBSTITUTE(SUBSTITUTE(SUBSTITUTE(SUBSTITUTE(SUBSTITUTE(SUBSTITUTE(SUBSTITUTE(SUBSTITUTE(SUBSTITUTE(SUBSTITUTE(SUBSTITUTE(SUBSTITUTE(SUBSTITUTE(SUBSTITUTE(SUBSTITUTE(SUBSTITUTE(SUBSTITUTE(V59,$AA$3,"-"),$AC$3,""),$AC$4,""),$AC$5,""),$AC$6,""),$AD$3,""),$AD$4,""),$AD$5,""),$AD$6,""),$AD$7,""),$AD$8,""),$AD$9,""),$AE$3,""),$AE$4,""),$AE$5,""),$AF$3,""),$AF$4,""),$AF$5,""),$AF$6,""),$AF$7,""),$AF$8,""),$AF$9,""),$AE$6,""),$AE$7,""),$AE$8,""),$AE$9,""),$AC$7,""),$AC$8,""),$AC$9,""),$AA$4,"")," ","")," ","")," ","")*$AA$12/1000,"") | Y59: =IF(N59=0,0,IF(AND(W59>0,W59<>""),MAX($Y$1:Y58)+1,0)) -> 0
A60: =IFERROR(INDEX($U$1:$U$110,MATCH($L60,$Y$1:$Y$110,0),1),"") | B60: =IFERROR(INDEX($W$1:$W$110,MATCH($L60,$Y$1:$Y$110,0),1),"") | D60: =IF(A60="","",IFERROR(VLOOKUP(A60,科目対照表!$C$6:$F$114,科目対照表!$F$4,0),"")) | E60: =IF(A60="","",IFERROR(VLOOKUP(A60,科目対照表!$C$6:$H$114,科目対照表!$H$4,0),"")) | F60: =IF(D60="","",IF(E60="Y",IF(C60="",MAX($F$5:F59)+1,""),"")) | G60: =IF(D60="","",IF(E60="Y",IF(C60="Y",MAX($G$5:G59)+1,""),"")) | H60: =IF(D60="","",IF(E60="",IF(C60="",MAX($H$5:H59)+1,""),"")) | L60: =L59+1 -> 57 | N60: =IF(N59=1,IF(P63=$N$1,0,1),0) -> 1 | P60: 繰延税金資産 | Q60: － | R60: － | T60: =IF(OR(P60=$AE$15,P60=$AE$16,P60=$AE$17,P60=$AE$18,P60=$AE$19,P60=$AE$20,P60=$AE$21,P60=$AE$22,P60=$AE$23),P60,T59) -> 投資その他の資産 | U60: =IF(OR(P60=$AA$14,P60=$AA$15,P60=$AA$16,P60=$AA$17,P60=$AA$18,P60=$AA$19,P60=$AA$20,P60=$AB$14,P60=$AB$15,P60=$AB$16,P60=$AB$17,P60=$AB$18,P60=$AB$19,P60=$AB$20),T60&P60,P60) -> 繰延税金資産 | V60: =ASC(R60) -> - | W60: =IFERROR(SUBSTITUTE(SUBSTITUTE(SUBSTITUTE(SUBSTITUTE(SUBSTITUTE(SUBSTITUTE(SUBSTITUTE(SUBSTITUTE(SUBSTITUTE(SUBSTITUTE(SUBSTITUTE(SUBSTITUTE(SUBSTITUTE(SUBSTITUTE(SUBSTITUTE(SUBSTITUTE(SUBSTITUTE(SUBSTITUTE(SUBSTITUTE(SUBSTITUTE(SUBSTITUTE(SUBSTITUTE(SUBSTITUTE(SUBSTITUTE(SUBSTITUTE(SUBSTITUTE(SUBSTITUTE(SUBSTITUTE(SUBSTITUTE(SUBSTITUTE(SUBSTITUTE(SUBSTITUTE(SUBSTITUTE(V60,$AA$3,"-"),$AC$3,""),$AC$4,""),$AC$5,""),$AC$6,""),$AD$3,""),$AD$4,""),$AD$5,""),$AD$6,""),$AD$7,""),$AD$8,""),$AD$9,""),$AE$3,""),$AE$4,""),$AE$5,""),$AF$3,""),$AF$4,""),$AF$5,""),$AF$6,""),$AF$7,""),$AF$8,""),$AF$9,""),$AE$6,""),$AE$7,""),$AE$8,""),$AE$9,""),$AC$7,""),$AC$8,""),$AC$9,""),$AA$4,"")," ","")," ","")," ","")*$AA$12/1000,"") | Y60: =IF(N60=0,0,IF(AND(W60>0,W60<>""),MAX($Y$1:Y59)+1,0)) -> 0
A61: =IFERROR(INDEX($U$1:$U$110,MATCH($L61,$Y$1:$Y$110,0),1),"") | B61: =IFERROR(INDEX($W$1:$W$110,MATCH($L61,$Y$1:$Y$110,0),1),"") | D61: =IF(A61="","",IFERROR(VLOOKUP(A61,科目対照表!$C$6:$F$114,科目対照表!$F$4,0),"")) | E61: =IF(A61="","",IFERROR(VLOOKUP(A61,科目対照表!$C$6:$H$114,科目対照表!$H$4,0),"")) | F61: =IF(D61="","",IF(E61="Y",IF(C61="",MAX($F$5:F60)+1,""),"")) | G61: =IF(D61="","",IF(E61="Y",IF(C61="Y",MAX($G$5:G60)+1,""),"")) | H61: =IF(D61="","",IF(E61="",IF(C61="",MAX($H$5:H60)+1,""),"")) | L61: =L60+1 -> 58 | N61: =IF(N60=1,IF(P64=$N$1,0,1),0) -> 1 | P61: その他 | Q61: 39222 | R61: 39222 | T61: =IF(OR(P61=$AE$15,P61=$AE$16,P61=$AE$17,P61=$AE$18,P61=$AE$19,P61=$AE$20,P61=$AE$21,P61=$AE$22,P61=$AE$23),P61,T60) -> 投資その他の資産 | U61: =IF(OR(P61=$AA$14,P61=$AA$15,P61=$AA$16,P61=$AA$17,P61=$AA$18,P61=$AA$19,P61=$AA$20,P61=$AB$14,P61=$AB$15,P61=$AB$16,P61=$AB$17,P61=$AB$18,P61=$AB$19,P61=$AB$20),T61&P61,P61) -> 投資その他の資産その他 | V61: =ASC(R61) -> 39222 | W61: =IFERROR(SUBSTITUTE(SUBSTITUTE(SUBSTITUTE(SUBSTITUTE(SUBSTITUTE(SUBSTITUTE(SUBSTITUTE(SUBSTITUTE(SUBSTITUTE(SUBSTITUTE(SUBSTITUTE(SUBSTITUTE(SUBSTITUTE(SUBSTITUTE(SUBSTITUTE(SUBSTITUTE(SUBSTITUTE(SUBSTITUTE(SUBSTITUTE(SUBSTITUTE(SUBSTITUTE(SUBSTITUTE(SUBSTITUTE(SUBSTITUTE(SUBSTITUTE(SUBSTITUTE(SUBSTITUTE(SUBSTITUTE(SUBSTITUTE(SUBSTITUTE(SUBSTITUTE(SUBSTITUTE(SUBSTITUTE(V61,$AA$3,"-"),$AC$3,""),$AC$4,""),$AC$5,""),$AC$6,""),$AD$3,""),$AD$4,""),$AD$5,""),$AD$6,""),$AD$7,""),$AD$8,""),$AD$9,""),$AE$3,""),$AE$4,""),$AE$5,""),$AF$3,""),$AF$4,""),$AF$5,""),$AF$6,""),$AF$7,""),$AF$8,""),$AF$9,""),$AE$6,""),$AE$7,""),$AE$8,""),$AE$9,""),$AC$7,""),$AC$8,""),$AC$9,""),$AA$4,"")," ","")," ","")," ","")*$AA$12/1000,"") -> 39222 | Y61: =IF(N61=0,0,IF(AND(W61>0,W61<>""),MAX($Y$1:Y60)+1,0)) -> 28
A62: =IFERROR(INDEX($U$1:$U$110,MATCH($L62,$Y$1:$Y$110,0),1),"") | B62: =IFERROR(INDEX($W$1:$W$110,MATCH($L62,$Y$1:$Y$110,0),1),"") | D62: =IF(A62="","",IFERROR(VLOOKUP(A62,科目対照表!$C$6:$F$114,科目対照表!$F$4,0),"")) | E62: =IF(A62="","",IFERROR(VLOOKUP(A62,科目対照表!$C$6:$H$114,科目対照表!$H$4,0),"")) | F62: =IF(D62="","",IF(E62="Y",IF(C62="",MAX($F$5:F61)+1,""),"")) | G62: =IF(D62="","",IF(E62="Y",IF(C62="Y",MAX($G$5:G61)+1,""),"")) | H62: =IF(D62="","",IF(E62="",IF(C62="",MAX($H$5:H61)+1,""),"")) | L62: =L61+1 -> 59 | N62: =IF(N61=1,IF(P65=$N$1,0,1),0) -> 1 | P62: 投資その他の資産合計 | Q62: 3007025 | R62: 2960804 | T62: =IF(OR(P62=$AE$15,P62=$AE$16,P62=$AE$17,P62=$AE$18,P62=$AE$19,P62=$AE$20,P62=$AE$21,P62=$AE$22,P62=$AE$23),P62,T61) -> 投資その他の資産 | U62: =IF(OR(P62=$AA$14,P62=$AA$15,P62=$AA$16,P62=$AA$17,P62=$AA$18,P62=$AA$19,P62=$AA$20,P62=$AB$14,P62=$AB$15,P62=$AB$16,P62=$AB$17,P62=$AB$18,P62=$AB$19,P62=$AB$20),T62&P62,P62) -> 投資その他の資産合計 | V62: =ASC(R62) -> 2960804 | W62: =IFERROR(SUBSTITUTE(SUBSTITUTE(SUBSTITUTE(SUBSTITUTE(SUBSTITUTE(SUBSTITUTE(SUBSTITUTE(SUBSTITUTE(SUBSTITUTE(SUBSTITUTE(SUBSTITUTE(SUBSTITUTE(SUBSTITUTE(SUBSTITUTE(SUBSTITUTE(SUBSTITUTE(SUBSTITUTE(SUBSTITUTE(SUBSTITUTE(SUBSTITUTE(SUBSTITUTE(SUBSTITUTE(SUBSTITUTE(SUBSTITUTE(SUBSTITUTE(SUBSTITUTE(SUBSTITUTE(SUBSTITUTE(SUBSTITUTE(SUBSTITUTE(SUBSTITUTE(SUBSTITUTE(SUBSTITUTE(V62,$AA$3,"-"),$AC$3,""),$AC$4,""),$AC$5,""),$AC$6,""),$AD$3,""),$AD$4,""),$AD$5,""),$AD$6,""),$AD$7,""),$AD$8,""),$AD$9,""),$AE$3,""),$AE$4,""),$AE$5,""),$AF$3,""),$AF$4,""),$AF$5,""),$AF$6,""),$AF$7,""),$AF$8,""),$AF$9,""),$AE$6,""),$AE$7,""),$AE$8,""),$AE$9,""),$AC$7,""),$AC$8,""),$AC$9,""),$AA$4,"")," ","")," ","")," ","")*$AA$12/1000,"") -> 2960804 | Y62: =IF(N62=0,0,IF(AND(W62>0,W62<>""),MAX($Y$1:Y61)+1,0)) -> 29
A63: =IFERROR(INDEX($U$1:$U$110,MATCH($L63,$Y$1:$Y$110,0),1),"") | B63: =IFERROR(INDEX($W$1:$W$110,MATCH($L63,$Y$1:$Y$110,0),1),"") | D63: =IF(A63="","",IFERROR(VLOOKUP(A63,科目対照表!$C$6:$F$114,科目対照表!$F$4,0),"")) | E63: =IF(A63="","",IFERROR(VLOOKUP(A63,科目対照表!$C$6:$H$114,科目対照表!$H$4,0),"")) | F63: =IF(D63="","",IF(E63="Y",IF(C63="",MAX($F$5:F62)+1,""),"")) | G63: =IF(D63="","",IF(E63="Y",IF(C63="Y",MAX($G$5:G62)+1,""),"")) | H63: =IF(D63="","",IF(E63="",IF(C63="",MAX($H$5:H62)+1,""),"")) | L63: =L62+1 -> 60 | N63: =IF(N62=1,IF(P66=$N$1,0,1),0) -> 1 | P63: 固定資産合計 | Q63: 538762114 | R63: 539465734 | T63: =IF(OR(P63=$AE$15,P63=$AE$16,P63=$AE$17,P63=$AE$18,P63=$AE$19,P63=$AE$20,P63=$AE$21,P63=$AE$22,P63=$AE$23),P63,T62) -> 投資その他の資産 | U63: =IF(OR(P63=$AA$14,P63=$AA$15,P63=$AA$16,P63=$AA$17,P63=$AA$18,P63=$AA$19,P63=$AA$20,P63=$AB$14,P63=$AB$15,P63=$AB$16,P63=$AB$17,P63=$AB$18,P63=$AB$19,P63=$AB$20),T63&P63,P63) -> 固定資産合計 | V63: =ASC(R63) -> 539465734 | W63: =IFERROR(SUBSTITUTE(SUBSTITUTE(SUBSTITUTE(SUBSTITUTE(SUBSTITUTE(SUBSTITUTE(SUBSTITUTE(SUBSTITUTE(SUBSTITUTE(SUBSTITUTE(SUBSTITUTE(SUBSTITUTE(SUBSTITUTE(SUBSTITUTE(SUBSTITUTE(SUBSTITUTE(SUBSTITUTE(SUBSTITUTE(SUBSTITUTE(SUBSTITUTE(SUBSTITUTE(SUBSTITUTE(SUBSTITUTE(SUBSTITUTE(SUBSTITUTE(SUBSTITUTE(SUBSTITUTE(SUBSTITUTE(SUBSTITUTE(SUBSTITUTE(SUBSTITUTE(SUBSTITUTE(SUBSTITUTE(V63,$AA$3,"-"),$AC$3,""),$AC$4,""),$AC$5,""),$AC$6,""),$AD$3,""),$AD$4,""),$AD$5,""),$AD$6,""),$AD$7,""),$AD$8,""),$AD$9,""),$AE$3,""),$AE$4,""),$AE$5,""),$AF$3,""),$AF$4,""),$AF$5,""),$AF$6,""),$AF$7,""),$AF$8,""),$AF$9,""),$AE$6,""),$AE$7,""),$AE$8,""),$AE$9,""),$AC$7,""),$AC$8,""),$AC$9,""),$AA$4,"")," ","")," ","")," ","")*$AA$12/1000,"") -> 539465734 | Y63: =IF(N63=0,0,IF(AND(W63>0,W63<>""),MAX($Y$1:Y62)+1,0)) -> 30
A64: =IFERROR(INDEX($U$1:$U$110,MATCH($L64,$Y$1:$Y$110,0),1),"") | B64: =IFERROR(INDEX($W$1:$W$110,MATCH($L64,$Y$1:$Y$110,0),1),"") | D64: =IF(A64="","",IFERROR(VLOOKUP(A64,科目対照表!$C$6:$F$114,科目対照表!$F$4,0),"")) | E64: =IF(A64="","",IFERROR(VLOOKUP(A64,科目対照表!$C$6:$H$114,科目対照表!$H$4,0),"")) | F64: =IF(D64="","",IF(E64="Y",IF(C64="",MAX($F$5:F63)+1,""),"")) | G64: =IF(D64="","",IF(E64="Y",IF(C64="Y",MAX($G$5:G63)+1,""),"")) | H64: =IF(D64="","",IF(E64="",IF(C64="",MAX($H$5:H63)+1,""),"")) | L64: =L63+1 -> 61 | N64: =IF(N63=1,IF(P67=$N$1,0,1),0) -> 1 | P64: 繰延資産 | T64: =IF(OR(P64=$AE$15,P64=$AE$16,P64=$AE$17,P64=$AE$18,P64=$AE$19,P64=$AE$20,P64=$AE$21,P64=$AE$22,P64=$AE$23),P64,T63) -> 繰延資産 | U64: =IF(OR(P64=$AA$14,P64=$AA$15,P64=$AA$16,P64=$AA$17,P64=$AA$18,P64=$AA$19,P64=$AA$20,P64=$AB$14,P64=$AB$15,P64=$AB$16,P64=$AB$17,P64=$AB$18,P64=$AB$19,P64=$AB$20),T64&P64,P64) -> 繰延資産 | V64: =ASC(R64) | W64: =IFERROR(SUBSTITUTE(SUBSTITUTE(SUBSTITUTE(SUBSTITUTE(SUBSTITUTE(SUBSTITUTE(SUBSTITUTE(SUBSTITUTE(SUBSTITUTE(SUBSTITUTE(SUBSTITUTE(SUBSTITUTE(SUBSTITUTE(SUBSTITUTE(SUBSTITUTE(SUBSTITUTE(SUBSTITUTE(SUBSTITUTE(SUBSTITUTE(SUBSTITUTE(SUBSTITUTE(SUBSTITUTE(SUBSTITUTE(SUBSTITUTE(SUBSTITUTE(SUBSTITUTE(SUBSTITUTE(SUBSTITUTE(SUBSTITUTE(SUBSTITUTE(SUBSTITUTE(SUBSTITUTE(SUBSTITUTE(V64,$AA$3,"-"),$AC$3,""),$AC$4,""),$AC$5,""),$AC$6,""),$AD$3,""),$AD$4,""),$AD$5,""),$AD$6,""),$AD$7,""),$AD$8,""),$AD$9,""),$AE$3,""),$AE$4,""),$AE$5,""),$AF$3,""),$AF$4,""),$AF$5,""),$AF$6,""),$AF$7,""),$AF$8,""),$AF$9,""),$AE$6,""),$AE$7,""),$AE$8,""),$AE$9,""),$AC$7,""),$AC$8,""),$AC$9,""),$AA$4,"")," ","")," ","")," ","")*$AA$12/1000,"") | Y64: =IF(N64=0,0,IF(AND(W64>0,W64<>""),MAX($Y$1:Y63)+1,0)) -> 0
A65: =IFERROR(INDEX($U$1:$U$110,MATCH($L65,$Y$1:$Y$110,0),1),"") | B65: =IFERROR(INDEX($W$1:$W$110,MATCH($L65,$Y$1:$Y$110,0),1),"") | D65: =IF(A65="","",IFERROR(VLOOKUP(A65,科目対照表!$C$6:$F$114,科目対照表!$F$4,0),"")) | E65: =IF(A65="","",IFERROR(VLOOKUP(A65,科目対照表!$C$6:$H$114,科目対照表!$H$4,0),"")) | F65: =IF(D65="","",IF(E65="Y",IF(C65="",MAX($F$5:F64)+1,""),"")) | G65: =IF(D65="","",IF(E65="Y",IF(C65="Y",MAX($G$5:G64)+1,""),"")) | H65: =IF(D65="","",IF(E65="",IF(C65="",MAX($H$5:H64)+1,""),"")) | L65: =L64+1 -> 62 | N65: =IF(N64=1,IF(P68=$N$1,0,1),0) -> 1 | P65: 投資口交付費 | Q65: － | R65: － | T65: =IF(OR(P65=$AE$15,P65=$AE$16,P65=$AE$17,P65=$AE$18,P65=$AE$19,P65=$AE$20,P65=$AE$21,P65=$AE$22,P65=$AE$23),P65,T64) -> 繰延資産 | U65: =IF(OR(P65=$AA$14,P65=$AA$15,P65=$AA$16,P65=$AA$17,P65=$AA$18,P65=$AA$19,P65=$AA$20,P65=$AB$14,P65=$AB$15,P65=$AB$16,P65=$AB$17,P65=$AB$18,P65=$AB$19,P65=$AB$20),T65&P65,P65) -> 投資口交付費 | V65: =ASC(R65) -> - | W65: =IFERROR(SUBSTITUTE(SUBSTITUTE(SUBSTITUTE(SUBSTITUTE(SUBSTITUTE(SUBSTITUTE(SUBSTITUTE(SUBSTITUTE(SUBSTITUTE(SUBSTITUTE(SUBSTITUTE(SUBSTITUTE(SUBSTITUTE(SUBSTITUTE(SUBSTITUTE(SUBSTITUTE(SUBSTITUTE(SUBSTITUTE(SUBSTITUTE(SUBSTITUTE(SUBSTITUTE(SUBSTITUTE(SUBSTITUTE(SUBSTITUTE(SUBSTITUTE(SUBSTITUTE(SUBSTITUTE(SUBSTITUTE(SUBSTITUTE(SUBSTITUTE(SUBSTITUTE(SUBSTITUTE(SUBSTITUTE(V65,$AA$3,"-"),$AC$3,""),$AC$4,""),$AC$5,""),$AC$6,""),$AD$3,""),$AD$4,""),$AD$5,""),$AD$6,""),$AD$7,""),$AD$8,""),$AD$9,""),$AE$3,""),$AE$4,""),$AE$5,""),$AF$3,""),$AF$4,""),$AF$5,""),$AF$6,""),$AF$7,""),$AF$8,""),$AF$9,""),$AE$6,""),$AE$7,""),$AE$8,""),$AE$9,""),$AC$7,""),$AC$8,""),$AC$9,""),$AA$4,"")," ","")," ","")," ","")*$AA$12/1000,"") | Y65: =IF(N65=0,0,IF(AND(W65>0,W65<>""),MAX($Y$1:Y64)+1,0)) -> 0
A66: =IFERROR(INDEX($U$1:$U$110,MATCH($L66,$Y$1:$Y$110,0),1),"") | B66: =IFERROR(INDEX($W$1:$W$110,MATCH($L66,$Y$1:$Y$110,0),1),"") | D66: =IF(A66="","",IFERROR(VLOOKUP(A66,科目対照表!$C$6:$F$114,科目対照表!$F$4,0),"")) | E66: =IF(A66="","",IFERROR(VLOOKUP(A66,科目対照表!$C$6:$H$114,科目対照表!$H$4,0),"")) | F66: =IF(D66="","",IF(E66="Y",IF(C66="",MAX($F$5:F65)+1,""),"")) | G66: =IF(D66="","",IF(E66="Y",IF(C66="Y",MAX($G$5:G65)+1,""),"")) | H66: =IF(D66="","",IF(E66="",IF(C66="",MAX($H$5:H65)+1,""),"")) | L66: =L65+1 -> 63 | N66: =IF(N65=1,IF(P69=$N$1,0,1),0) -> 1 | P66: 投資法人債発行費 | Q66: 70357 | R66: 63925 | T66: =IF(OR(P66=$AE$15,P66=$AE$16,P66=$AE$17,P66=$AE$18,P66=$AE$19,P66=$AE$20,P66=$AE$21,P66=$AE$22,P66=$AE$23),P66,T65) -> 繰延資産 | U66: =IF(OR(P66=$AA$14,P66=$AA$15,P66=$AA$16,P66=$AA$17,P66=$AA$18,P66=$AA$19,P66=$AA$20,P66=$AB$14,P66=$AB$15,P66=$AB$16,P66=$AB$17,P66=$AB$18,P66=$AB$19,P66=$AB$20),T66&P66,P66) -> 投資法人債発行費 | V66: =ASC(R66) -> 63925 | W66: =IFERROR(SUBSTITUTE(SUBSTITUTE(SUBSTITUTE(SUBSTITUTE(SUBSTITUTE(SUBSTITUTE(SUBSTITUTE(SUBSTITUTE(SUBSTITUTE(SUBSTITUTE(SUBSTITUTE(SUBSTITUTE(SUBSTITUTE(SUBSTITUTE(SUBSTITUTE(SUBSTITUTE(SUBSTITUTE(SUBSTITUTE(SUBSTITUTE(SUBSTITUTE(SUBSTITUTE(SUBSTITUTE(SUBSTITUTE(SUBSTITUTE(SUBSTITUTE(SUBSTITUTE(SUBSTITUTE(SUBSTITUTE(SUBSTITUTE(SUBSTITUTE(SUBSTITUTE(SUBSTITUTE(SUBSTITUTE(V66,$AA$3,"-"),$AC$3,""),$AC$4,""),$AC$5,""),$AC$6,""),$AD$3,""),$AD$4,""),$AD$5,""),$AD$6,""),$AD$7,""),$AD$8,""),$AD$9,""),$AE$3,""),$AE$4,""),$AE$5,""),$AF$3,""),$AF$4,""),$AF$5,""),$AF$6,""),$AF$7,""),$AF$8,""),$AF$9,""),$AE$6,""),$AE$7,""),$AE$8,""),$AE$9,""),$AC$7,""),$AC$8,""),$AC$9,""),$AA$4,"")," ","")," ","")," ","")*$AA$12/1000,"") -> 63925 | Y66: =IF(N66=0,0,IF(AND(W66>0,W66<>""),MAX($Y$1:Y65)+1,0)) -> 31
A67: =IFERROR(INDEX($U$1:$U$110,MATCH($L67,$Y$1:$Y$110,0),1),"") | B67: =IFERROR(INDEX($W$1:$W$110,MATCH($L67,$Y$1:$Y$110,0),1),"") | D67: =IF(A67="","",IFERROR(VLOOKUP(A67,科目対照表!$C$6:$F$114,科目対照表!$F$4,0),"")) | E67: =IF(A67="","",IFERROR(VLOOKUP(A67,科目対照表!$C$6:$H$114,科目対照表!$H$4,0),"")) | F67: =IF(D67="","",IF(E67="Y",IF(C67="",MAX($F$5:F66)+1,""),"")) | G67: =IF(D67="","",IF(E67="Y",IF(C67="Y",MAX($G$5:G66)+1,""),"")) | H67: =IF(D67="","",IF(E67="",IF(C67="",MAX($H$5:H66)+1,""),"")) | L67: =L66+1 -> 64 | N67: =IF(N66=1,IF(P70=$N$1,0,1),0) -> 1 | P67: 繰延資産合計 | Q67: 70357 | R67: 63925 | T67: =IF(OR(P67=$AE$15,P67=$AE$16,P67=$AE$17,P67=$AE$18,P67=$AE$19,P67=$AE$20,P67=$AE$21,P67=$AE$22,P67=$AE$23),P67,T66) -> 繰延資産 | U67: =IF(OR(P67=$AA$14,P67=$AA$15,P67=$AA$16,P67=$AA$17,P67=$AA$18,P67=$AA$19,P67=$AA$20,P67=$AB$14,P67=$AB$15,P67=$AB$16,P67=$AB$17,P67=$AB$18,P67=$AB$19,P67=$AB$20),T67&P67,P67) -> 繰延資産合計 | V67: =ASC(R67) -> 63925 | W67: =IFERROR(SUBSTITUTE(SUBSTITUTE(SUBSTITUTE(SUBSTITUTE(SUBSTITUTE(SUBSTITUTE(SUBSTITUTE(SUBSTITUTE(SUBSTITUTE(SUBSTITUTE(SUBSTITUTE(SUBSTITUTE(SUBSTITUTE(SUBSTITUTE(SUBSTITUTE(SUBSTITUTE(SUBSTITUTE(SUBSTITUTE(SUBSTITUTE(SUBSTITUTE(SUBSTITUTE(SUBSTITUTE(SUBSTITUTE(SUBSTITUTE(SUBSTITUTE(SUBSTITUTE(SUBSTITUTE(SUBSTITUTE(SUBSTITUTE(SUBSTITUTE(SUBSTITUTE(SUBSTITUTE(SUBSTITUTE(V67,$AA$3,"-"),$AC$3,""),$AC$4,""),$AC$5,""),$AC$6,""),$AD$3,""),$AD$4,""),$AD$5,""),$AD$6,""),$AD$7,""),$AD$8,""),$AD$9,""),$AE$3,""),$AE$4,""),$AE$5,""),$AF$3,""),$AF$4,""),$AF$5,""),$AF$6,""),$AF$7,""),$AF$8,""),$AF$9,""),$AE$6,""),$AE$7,""),$AE$8,""),$AE$9,""),$AC$7,""),$AC$8,""),$AC$9,""),$AA$4,"")," ","")," ","")," ","")*$AA$12/1000,"") -> 63925 | Y67: =IF(N67=0,0,IF(AND(W67>0,W67<>""),MAX($Y$1:Y66)+1,0)) -> 32
A68: =IFERROR(INDEX($U$1:$U$110,MATCH($L68,$Y$1:$Y$110,0),1),"") | B68: =IFERROR(INDEX($W$1:$W$110,MATCH($L68,$Y$1:$Y$110,0),1),"") | D68: =IF(A68="","",IFERROR(VLOOKUP(A68,科目対照表!$C$6:$F$114,科目対照表!$F$4,0),"")) | E68: =IF(A68="","",IFERROR(VLOOKUP(A68,科目対照表!$C$6:$H$114,科目対照表!$H$4,0),"")) | F68: =IF(D68="","",IF(E68="Y",IF(C68="",MAX($F$5:F67)+1,""),"")) | G68: =IF(D68="","",IF(E68="Y",IF(C68="Y",MAX($G$5:G67)+1,""),"")) | H68: =IF(D68="","",IF(E68="",IF(C68="",MAX($H$5:H67)+1,""),"")) | L68: =L67+1 -> 65 | N68: =IF(N67=1,IF(P71=$N$1,0,1),0) -> 1 | P68: 資産合計 | Q68: 561233948 | R68: 562050490 | T68: =IF(OR(P68=$AE$15,P68=$AE$16,P68=$AE$17,P68=$AE$18,P68=$AE$19,P68=$AE$20,P68=$AE$21,P68=$AE$22,P68=$AE$23),P68,T67) -> 繰延資産 | U68: =IF(OR(P68=$AA$14,P68=$AA$15,P68=$AA$16,P68=$AA$17,P68=$AA$18,P68=$AA$19,P68=$AA$20,P68=$AB$14,P68=$AB$15,P68=$AB$16,P68=$AB$17,P68=$AB$18,P68=$AB$19,P68=$AB$20),T68&P68,P68) -> 資産合計 | V68: =ASC(R68) -> 562050490 | W68: =IFERROR(SUBSTITUTE(SUBSTITUTE(SUBSTITUTE(SUBSTITUTE(SUBSTITUTE(SUBSTITUTE(SUBSTITUTE(SUBSTITUTE(SUBSTITUTE(SUBSTITUTE(SUBSTITUTE(SUBSTITUTE(SUBSTITUTE(SUBSTITUTE(SUBSTITUTE(SUBSTITUTE(SUBSTITUTE(SUBSTITUTE(SUBSTITUTE(SUBSTITUTE(SUBSTITUTE(SUBSTITUTE(SUBSTITUTE(SUBSTITUTE(SUBSTITUTE(SUBSTITUTE(SUBSTITUTE(SUBSTITUTE(SUBSTITUTE(SUBSTITUTE(SUBSTITUTE(SUBSTITUTE(SUBSTITUTE(V68,$AA$3,"-"),$AC$3,""),$AC$4,""),$AC$5,""),$AC$6,""),$AD$3,""),$AD$4,""),$AD$5,""),$AD$6,""),$AD$7,""),$AD$8,""),$AD$9,""),$AE$3,""),$AE$4,""),$AE$5,""),$AF$3,""),$AF$4,""),$AF$5,""),$AF$6,""),$AF$7,""),$AF$8,""),$AF$9,""),$AE$6,""),$AE$7,""),$AE$8,""),$AE$9,""),$AC$7,""),$AC$8,""),$AC$9,""),$AA$4,"")," ","")," ","")," ","")*$AA$12/1000,"") -> 562050490 | Y68: =IF(N68=0,0,IF(AND(W68>0,W68<>""),MAX($Y$1:Y67)+1,0)) -> 33
A69: =IFERROR(INDEX($U$1:$U$110,MATCH($L69,$Y$1:$Y$110,0),1),"") | B69: =IFERROR(INDEX($W$1:$W$110,MATCH($L69,$Y$1:$Y$110,0),1),"") | D69: =IF(A69="","",IFERROR(VLOOKUP(A69,科目対照表!$C$6:$F$114,科目対照表!$F$4,0),"")) | E69: =IF(A69="","",IFERROR(VLOOKUP(A69,科目対照表!$C$6:$H$114,科目対照表!$H$4,0),"")) | F69: =IF(D69="","",IF(E69="Y",IF(C69="",MAX($F$5:F68)+1,""),"")) | G69: =IF(D69="","",IF(E69="Y",IF(C69="Y",MAX($G$5:G68)+1,""),"")) | H69: =IF(D69="","",IF(E69="",IF(C69="",MAX($H$5:H68)+1,""),"")) | L69: =L68+1 -> 66 | N69: =IF(N68=1,IF(P72=$N$1,0,1),0) -> 1 | T69: =IF(OR(P69=$AE$15,P69=$AE$16,P69=$AE$17,P69=$AE$18,P69=$AE$19,P69=$AE$20,P69=$AE$21,P69=$AE$22,P69=$AE$23),P69,T68) -> 繰延資産 | U69: =IF(OR(P69=$AA$14,P69=$AA$15,P69=$AA$16,P69=$AA$17,P69=$AA$18,P69=$AA$19,P69=$AA$20,P69=$AB$14,P69=$AB$15,P69=$AB$16,P69=$AB$17,P69=$AB$18,P69=$AB$19,P69=$AB$20),T69&P69,P69) -> 繰延資産 | V69: =ASC(R69) | W69: =IFERROR(SUBSTITUTE(SUBSTITUTE(SUBSTITUTE(SUBSTITUTE(SUBSTITUTE(SUBSTITUTE(SUBSTITUTE(SUBSTITUTE(SUBSTITUTE(SUBSTITUTE(SUBSTITUTE(SUBSTITUTE(SUBSTITUTE(SUBSTITUTE(SUBSTITUTE(SUBSTITUTE(SUBSTITUTE(SUBSTITUTE(SUBSTITUTE(SUBSTITUTE(SUBSTITUTE(SUBSTITUTE(SUBSTITUTE(SUBSTITUTE(SUBSTITUTE(SUBSTITUTE(SUBSTITUTE(SUBSTITUTE(SUBSTITUTE(SUBSTITUTE(SUBSTITUTE(SUBSTITUTE(SUBSTITUTE(V69,$AA$3,"-"),$AC$3,""),$AC$4,""),$AC$5,""),$AC$6,""),$AD$3,""),$AD$4,""),$AD$5,""),$AD$6,""),$AD$7,""),$AD$8,""),$AD$9,""),$AE$3,""),$AE$4,""),$AE$5,""),$AF$3,""),$AF$4,""),$AF$5,""),$AF$6,""),$AF$7,""),$AF$8,""),$AF$9,""),$AE$6,""),$AE$7,""),$AE$8,""),$AE$9,""),$AC$7,""),$AC$8,""),$AC$9,""),$AA$4,"")," ","")," ","")," ","")*$AA$12/1000,"") | Y69: =IF(N69=0,0,IF(AND(W69>0,W69<>""),MAX($Y$1:Y68)+1,0)) -> 0
A70: =IFERROR(INDEX($U$1:$U$110,MATCH($L70,$Y$1:$Y$110,0),1),"") | B70: =IFERROR(INDEX($W$1:$W$110,MATCH($L70,$Y$1:$Y$110,0),1),"") | D70: =IF(A70="","",IFERROR(VLOOKUP(A70,科目対照表!$C$6:$F$114,科目対照表!$F$4,0),"")) | E70: =IF(A70="","",IFERROR(VLOOKUP(A70,科目対照表!$C$6:$H$114,科目対照表!$H$4,0),"")) | F70: =IF(D70="","",IF(E70="Y",IF(C70="",MAX($F$5:F69)+1,""),"")) | G70: =IF(D70="","",IF(E70="Y",IF(C70="Y",MAX($G$5:G69)+1,""),"")) | H70: =IF(D70="","",IF(E70="",IF(C70="",MAX($H$5:H69)+1,""),"")) | L70: =L69+1 -> 67 | N70: =IF(N69=1,IF(P73=$N$1,0,1),0) -> 1 | T70: =IF(OR(P70=$AE$15,P70=$AE$16,P70=$AE$17,P70=$AE$18,P70=$AE$19,P70=$AE$20,P70=$AE$21,P70=$AE$22,P70=$AE$23),P70,T69) -> 繰延資産 | U70: =IF(OR(P70=$AA$14,P70=$AA$15,P70=$AA$16,P70=$AA$17,P70=$AA$18,P70=$AA$19,P70=$AA$20,P70=$AB$14,P70=$AB$15,P70=$AB$16,P70=$AB$17,P70=$AB$18,P70=$AB$19,P70=$AB$20),T70&P70,P70) -> 繰延資産 | V70: =ASC(R70) | W70: =IFERROR(SUBSTITUTE(SUBSTITUTE(SUBSTITUTE(SUBSTITUTE(SUBSTITUTE(SUBSTITUTE(SUBSTITUTE(SUBSTITUTE(SUBSTITUTE(SUBSTITUTE(SUBSTITUTE(SUBSTITUTE(SUBSTITUTE(SUBSTITUTE(SUBSTITUTE(SUBSTITUTE(SUBSTITUTE(SUBSTITUTE(SUBSTITUTE(SUBSTITUTE(SUBSTITUTE(SUBSTITUTE(SUBSTITUTE(SUBSTITUTE(SUBSTITUTE(SUBSTITUTE(SUBSTITUTE(SUBSTITUTE(SUBSTITUTE(SUBSTITUTE(SUBSTITUTE(SUBSTITUTE(SUBSTITUTE(V70,$AA$3,"-"),$AC$3,""),$AC$4,""),$AC$5,""),$AC$6,""),$AD$3,""),$AD$4,""),$AD$5,""),$AD$6,""),$AD$7,""),$AD$8,""),$AD$9,""),$AE$3,""),$AE$4,""),$AE$5,""),$AF$3,""),$AF$4,""),$AF$5,""),$AF$6,""),$AF$7,""),$AF$8,""),$AF$9,""),$AE$6,""),$AE$7,""),$AE$8,""),$AE$9,""),$AC$7,""),$AC$8,""),$AC$9,""),$AA$4,"")," ","")," ","")," ","")*$AA$12/1000,"") | Y70: =IF(N70=0,0,IF(AND(W70>0,W70<>""),MAX($Y$1:Y69)+1,0)) -> 0
A71: =IFERROR(INDEX($U$1:$U$110,MATCH($L71,$Y$1:$Y$110,0),1),"") | B71: =IFERROR(INDEX($W$1:$W$110,MATCH($L71,$Y$1:$Y$110,0),1),"") | D71: =IF(A71="","",IFERROR(VLOOKUP(A71,科目対照表!$C$6:$F$114,科目対照表!$F$4,0),"")) | E71: =IF(A71="","",IFERROR(VLOOKUP(A71,科目対照表!$C$6:$H$114,科目対照表!$H$4,0),"")) | F71: =IF(D71="","",IF(E71="Y",IF(C71="",MAX($F$5:F70)+1,""),"")) | G71: =IF(D71="","",IF(E71="Y",IF(C71="Y",MAX($G$5:G70)+1,""),"")) | H71: =IF(D71="","",IF(E71="",IF(C71="",MAX($H$5:H70)+1,""),"")) | L71: =L70+1 -> 68 | N71: =IF(N70=1,IF(P74=$N$1,0,1),0) -> 1 | T71: =IF(OR(P71=$AE$15,P71=$AE$16,P71=$AE$17,P71=$AE$18,P71=$AE$19,P71=$AE$20,P71=$AE$21,P71=$AE$22,P71=$AE$23),P71,T70) -> 繰延資産 | U71: =IF(OR(P71=$AA$14,P71=$AA$15,P71=$AA$16,P71=$AA$17,P71=$AA$18,P71=$AA$19,P71=$AA$20,P71=$AB$14,P71=$AB$15,P71=$AB$16,P71=$AB$17,P71=$AB$18,P71=$AB$19,P71=$AB$20),T71&P71,P71) -> 繰延資産 | V71: =ASC(R71) | W71: =IFERROR(SUBSTITUTE(SUBSTITUTE(SUBSTITUTE(SUBSTITUTE(SUBSTITUTE(SUBSTITUTE(SUBSTITUTE(SUBSTITUTE(SUBSTITUTE(SUBSTITUTE(SUBSTITUTE(SUBSTITUTE(SUBSTITUTE(SUBSTITUTE(SUBSTITUTE(SUBSTITUTE(SUBSTITUTE(SUBSTITUTE(SUBSTITUTE(SUBSTITUTE(SUBSTITUTE(SUBSTITUTE(SUBSTITUTE(SUBSTITUTE(SUBSTITUTE(SUBSTITUTE(SUBSTITUTE(SUBSTITUTE(SUBSTITUTE(SUBSTITUTE(SUBSTITUTE(SUBSTITUTE(SUBSTITUTE(V71,$AA$3,"-"),$AC$3,""),$AC$4,""),$AC$5,""),$AC$6,""),$AD$3,""),$AD$4,""),$AD$5,""),$AD$6,""),$AD$7,""),$AD$8,""),$AD$9,""),$AE$3,""),$AE$4,""),$AE$5,""),$AF$3,""),$AF$4,""),$AF$5,""),$AF$6,""),$AF$7,""),$AF$8,""),$AF$9,""),$AE$6,""),$AE$7,""),$AE$8,""),$AE$9,""),$AC$7,""),$AC$8,""),$AC$9,""),$AA$4,"")," ","")," ","")," ","")*$AA$12/1000,"") | Y71: =IF(N71=0,0,IF(AND(W71>0,W71<>""),MAX($Y$1:Y70)+1,0)) -> 0
A72: =IFERROR(INDEX($U$1:$U$110,MATCH($L72,$Y$1:$Y$110,0),1),"") | B72: =IFERROR(INDEX($W$1:$W$110,MATCH($L72,$Y$1:$Y$110,0),1),"") | D72: =IF(A72="","",IFERROR(VLOOKUP(A72,科目対照表!$C$6:$F$114,科目対照表!$F$4,0),"")) | E72: =IF(A72="","",IFERROR(VLOOKUP(A72,科目対照表!$C$6:$H$114,科目対照表!$H$4,0),"")) | F72: =IF(D72="","",IF(E72="Y",IF(C72="",MAX($F$5:F71)+1,""),"")) | G72: =IF(D72="","",IF(E72="Y",IF(C72="Y",MAX($G$5:G71)+1,""),"")) | H72: =IF(D72="","",IF(E72="",IF(C72="",MAX($H$5:H71)+1,""),"")) | L72: =L71+1 -> 69 | N72: =IF(N71=1,IF(P75=$N$1,0,1),0) -> 0 | Q72: （単位：千円） | R72: （単位：千円） | T72: =IF(OR(P72=$AE$15,P72=$AE$16,P72=$AE$17,P72=$AE$18,P72=$AE$19,P72=$AE$20,P72=$AE$21,P72=$AE$22,P72=$AE$23),P72,T71) -> 繰延資産 | U72: =IF(OR(P72=$AA$14,P72=$AA$15,P72=$AA$16,P72=$AA$17,P72=$AA$18,P72=$AA$19,P72=$AA$20,P72=$AB$14,P72=$AB$15,P72=$AB$16,P72=$AB$17,P72=$AB$18,P72=$AB$19,P72=$AB$20),T72&P72,P72) -> 繰延資産 | V72: =ASC(R72) -> (単位:千円) | W72: =IFERROR(SUBSTITUTE(SUBSTITUTE(SUBSTITUTE(SUBSTITUTE(SUBSTITUTE(SUBSTITUTE(SUBSTITUTE(SUBSTITUTE(SUBSTITUTE(SUBSTITUTE(SUBSTITUTE(SUBSTITUTE(SUBSTITUTE(SUBSTITUTE(SUBSTITUTE(SUBSTITUTE(SUBSTITUTE(SUBSTITUTE(SUBSTITUTE(SUBSTITUTE(SUBSTITUTE(SUBSTITUTE(SUBSTITUTE(SUBSTITUTE(SUBSTITUTE(SUBSTITUTE(SUBSTITUTE(SUBSTITUTE(SUBSTITUTE(SUBSTITUTE(SUBSTITUTE(SUBSTITUTE(SUBSTITUTE(V72,$AA$3,"-"),$AC$3,""),$AC$4,""),$AC$5,""),$AC$6,""),$AD$3,""),$AD$4,""),$AD$5,""),$AD$6,""),$AD$7,""),$AD$8,""),$AD$9,""),$AE$3,""),$AE$4,""),$AE$5,""),$AF$3,""),$AF$4,""),$AF$5,""),$AF$6,""),$AF$7,""),$AF$8,""),$AF$9,""),$AE$6,""),$AE$7,""),$AE$8,""),$AE$9,""),$AC$7,""),$AC$8,""),$AC$9,""),$AA$4,"")," ","")," ","")," ","")*$AA$12/1000,"") | Y72: =IF(N72=0,0,IF(AND(W72>0,W72<>""),MAX($Y$1:Y71)+1,0)) -> 0
A73: =IFERROR(INDEX($U$1:$U$110,MATCH($L73,$Y$1:$Y$110,0),1),"") | B73: =IFERROR(INDEX($W$1:$W$110,MATCH($L73,$Y$1:$Y$110,0),1),"") | D73: =IF(A73="","",IFERROR(VLOOKUP(A73,科目対照表!$C$6:$F$114,科目対照表!$F$4,0),"")) | E73: =IF(A73="","",IFERROR(VLOOKUP(A73,科目対照表!$C$6:$H$114,科目対照表!$H$4,0),"")) | F73: =IF(D73="","",IF(E73="Y",IF(C73="",MAX($F$5:F72)+1,""),"")) | G73: =IF(D73="","",IF(E73="Y",IF(C73="Y",MAX($G$5:G72)+1,""),"")) | H73: =IF(D73="","",IF(E73="",IF(C73="",MAX($H$5:H72)+1,""),"")) | L73: =L72+1 -> 70 | N73: =IF(N72=1,IF(P76=$N$1,0,1),0) -> 0 | Q73: 当 期 | R73: 当 期 | T73: =IF(OR(P73=$AE$15,P73=$AE$16,P73=$AE$17,P73=$AE$18,P73=$AE$19,P73=$AE$20,P73=$AE$21,P73=$AE$22,P73=$AE$23),P73,T72) -> 繰延資産 | U73: =IF(OR(P73=$AA$14,P73=$AA$15,P73=$AA$16,P73=$AA$17,P73=$AA$18,P73=$AA$19,P73=$AA$20,P73=$AB$14,P73=$AB$15,P73=$AB$16,P73=$AB$17,P73=$AB$18,P73=$AB$19,P73=$AB$20),T73&P73,P73) -> 繰延資産 | V73: =ASC(R73) -> 当 期 | W73: =IFERROR(SUBSTITUTE(SUBSTITUTE(SUBSTITUTE(SUBSTITUTE(SUBSTITUTE(SUBSTITUTE(SUBSTITUTE(SUBSTITUTE(SUBSTITUTE(SUBSTITUTE(SUBSTITUTE(SUBSTITUTE(SUBSTITUTE(SUBSTITUTE(SUBSTITUTE(SUBSTITUTE(SUBSTITUTE(SUBSTITUTE(SUBSTITUTE(SUBSTITUTE(SUBSTITUTE(SUBSTITUTE(SUBSTITUTE(SUBSTITUTE(SUBSTITUTE(SUBSTITUTE(SUBSTITUTE(SUBSTITUTE(SUBSTITUTE(SUBSTITUTE(SUBSTITUTE(SUBSTITUTE(SUBSTITUTE(V73,$AA$3,"-"),$AC$3,""),$AC$4,""),$AC$5,""),$AC$6,""),$AD$3,""),$AD$4,""),$AD$5,""),$AD$6,""),$AD$7,""),$AD$8,""),$AD$9,""),$AE$3,""),$AE$4,""),$AE$5,""),$AF$3,""),$AF$4,""),$AF$5,""),$AF$6,""),$AF$7,""),$AF$8,""),$AF$9,""),$AE$6,""),$AE$7,""),$AE$8,""),$AE$9,""),$AC$7,""),$AC$8,""),$AC$9,""),$AA$4,"")," ","")," ","")," ","")*$AA$12/1000,"") | Y73: =IF(N73=0,0,IF(AND(W73>0,W73<>""),MAX($Y$1:Y72)+1,0)) -> 0
A74: =IFERROR(INDEX($U$1:$U$110,MATCH($L74,$Y$1:$Y$110,0),1),"") | B74: =IFERROR(INDEX($W$1:$W$110,MATCH($L74,$Y$1:$Y$110,0),1),"") | D74: =IF(A74="","",IFERROR(VLOOKUP(A74,科目対照表!$C$6:$F$114,科目対照表!$F$4,0),"")) | E74: =IF(A74="","",IFERROR(VLOOKUP(A74,科目対照表!$C$6:$H$114,科目対照表!$H$4,0),"")) | F74: =IF(D74="","",IF(E74="Y",IF(C74="",MAX($F$5:F73)+1,""),"")) | G74: =IF(D74="","",IF(E74="Y",IF(C74="Y",MAX($G$5:G73)+1,""),"")) | H74: =IF(D74="","",IF(E74="",IF(C74="",MAX($H$5:H73)+1,""),"")) | L74: =L73+1 -> 71 | N74: =IF(N73=1,IF(P77=$N$1,0,1),0) -> 0 | Q74: 2025年11月30日 | R74: 2026年5月31日 | T74: =IF(OR(P74=$AE$15,P74=$AE$16,P74=$AE$17,P74=$AE$18,P74=$AE$19,P74=$AE$20,P74=$AE$21,P74=$AE$22,P74=$AE$23),P74,T73) -> 繰延資産 | U74: =IF(OR(P74=$AA$14,P74=$AA$15,P74=$AA$16,P74=$AA$17,P74=$AA$18,P74=$AA$19,P74=$AA$20,P74=$AB$14,P74=$AB$15,P74=$AB$16,P74=$AB$17,P74=$AB$18,P74=$AB$19,P74=$AB$20),T74&P74,P74) -> 繰延資産 | V74: =ASC(R74) -> 2026年5月31日 | W74: =IFERROR(SUBSTITUTE(SUBSTITUTE(SUBSTITUTE(SUBSTITUTE(SUBSTITUTE(SUBSTITUTE(SUBSTITUTE(SUBSTITUTE(SUBSTITUTE(SUBSTITUTE(SUBSTITUTE(SUBSTITUTE(SUBSTITUTE(SUBSTITUTE(SUBSTITUTE(SUBSTITUTE(SUBSTITUTE(SUBSTITUTE(SUBSTITUTE(SUBSTITUTE(SUBSTITUTE(SUBSTITUTE(SUBSTITUTE(SUBSTITUTE(SUBSTITUTE(SUBSTITUTE(SUBSTITUTE(SUBSTITUTE(SUBSTITUTE(SUBSTITUTE(SUBSTITUTE(SUBSTITUTE(SUBSTITUTE(V74,$AA$3,"-"),$AC$3,""),$AC$4,""),$AC$5,""),$AC$6,""),$AD$3,""),$AD$4,""),$AD$5,""),$AD$6,""),$AD$7,""),$AD$8,""),$AD$9,""),$AE$3,""),$AE$4,""),$AE$5,""),$AF$3,""),$AF$4,""),$AF$5,""),$AF$6,""),$AF$7,""),$AF$8,""),$AF$9,""),$AE$6,""),$AE$7,""),$AE$8,""),$AE$9,""),$AC$7,""),$AC$8,""),$AC$9,""),$AA$4,"")," ","")," ","")," ","")*$AA$12/1000,"") -> 46173 | Y74: =IF(N74=0,0,IF(AND(W74>0,W74<>""),MAX($Y$1:Y73)+1,0)) -> 0
A75: =IFERROR(INDEX($U$1:$U$110,MATCH($L75,$Y$1:$Y$110,0),1),"") | B75: =IFERROR(INDEX($W$1:$W$110,MATCH($L75,$Y$1:$Y$110,0),1),"") | D75: =IF(A75="","",IFERROR(VLOOKUP(A75,科目対照表!$C$6:$F$114,科目対照表!$F$4,0),"")) | E75: =IF(A75="","",IFERROR(VLOOKUP(A75,科目対照表!$C$6:$H$114,科目対照表!$H$4,0),"")) | F75: =IF(D75="","",IF(E75="Y",IF(C75="",MAX($F$5:F74)+1,""),"")) | G75: =IF(D75="","",IF(E75="Y",IF(C75="Y",MAX($G$5:G74)+1,""),"")) | H75: =IF(D75="","",IF(E75="",IF(C75="",MAX($H$5:H74)+1,""),"")) | L75: =L74+1 -> 72 | N75: =IF(N74=1,IF(P78=$N$1,0,1),0) -> 0 | P75: 負債の部 | T75: =IF(OR(P75=$AE$15,P75=$AE$16,P75=$AE$17,P75=$AE$18,P75=$AE$19,P75=$AE$20,P75=$AE$21,P75=$AE$22,P75=$AE$23),P75,T74) -> 繰延資産 | U75: =IF(OR(P75=$AA$14,P75=$AA$15,P75=$AA$16,P75=$AA$17,P75=$AA$18,P75=$AA$19,P75=$AA$20,P75=$AB$14,P75=$AB$15,P75=$AB$16,P75=$AB$17,P75=$AB$18,P75=$AB$19,P75=$AB$20),T75&P75,P75) -> 負債の部 | V75: =ASC(R75) | W75: =IFERROR(SUBSTITUTE(SUBSTITUTE(SUBSTITUTE(SUBSTITUTE(SUBSTITUTE(SUBSTITUTE(SUBSTITUTE(SUBSTITUTE(SUBSTITUTE(SUBSTITUTE(SUBSTITUTE(SUBSTITUTE(SUBSTITUTE(SUBSTITUTE(SUBSTITUTE(SUBSTITUTE(SUBSTITUTE(SUBSTITUTE(SUBSTITUTE(SUBSTITUTE(SUBSTITUTE(SUBSTITUTE(SUBSTITUTE(SUBSTITUTE(SUBSTITUTE(SUBSTITUTE(SUBSTITUTE(SUBSTITUTE(SUBSTITUTE(SUBSTITUTE(SUBSTITUTE(SUBSTITUTE(SUBSTITUTE(V75,$AA$3,"-"),$AC$3,""),$AC$4,""),$AC$5,""),$AC$6,""),$AD$3,""),$AD$4,""),$AD$5,""),$AD$6,""),$AD$7,""),$AD$8,""),$AD$9,""),$AE$3,""),$AE$4,""),$AE$5,""),$AF$3,""),$AF$4,""),$AF$5,""),$AF$6,""),$AF$7,""),$AF$8,""),$AF$9,""),$AE$6,""),$AE$7,""),$AE$8,""),$AE$9,""),$AC$7,""),$AC$8,""),$AC$9,""),$AA$4,"")," ","")," ","")," ","")*$AA$12/1000,"") | Y75: =IF(N75=0,0,IF(AND(W75>0,W75<>""),MAX($Y$1:Y74)+1,0)) -> 0
A76: =IFERROR(INDEX($U$1:$U$110,MATCH($L76,$Y$1:$Y$110,0),1),"") | B76: =IFERROR(INDEX($W$1:$W$110,MATCH($L76,$Y$1:$Y$110,0),1),"") | D76: =IF(A76="","",IFERROR(VLOOKUP(A76,科目対照表!$C$6:$F$114,科目対照表!$F$4,0),"")) | E76: =IF(A76="","",IFERROR(VLOOKUP(A76,科目対照表!$C$6:$H$114,科目対照表!$H$4,0),"")) | F76: =IF(D76="","",IF(E76="Y",IF(C76="",MAX($F$5:F75)+1,""),"")) | G76: =IF(D76="","",IF(E76="Y",IF(C76="Y",MAX($G$5:G75)+1,""),"")) | H76: =IF(D76="","",IF(E76="",IF(C76="",MAX($H$5:H75)+1,""),"")) | L76: =L75+1 -> 73 | N76: =IF(N75=1,IF(P79=$N$1,0,1),0) -> 0 | P76: 流動負債 | T76: =IF(OR(P76=$AE$15,P76=$AE$16,P76=$AE$17,P76=$AE$18,P76=$AE$19,P76=$AE$20,P76=$AE$21,P76=$AE$22,P76=$AE$23),P76,T75) -> 流動負債 | U76: =IF(OR(P76=$AA$14,P76=$AA$15,P76=$AA$16,P76=$AA$17,P76=$AA$18,P76=$AA$19,P76=$AA$20,P76=$AB$14,P76=$AB$15,P76=$AB$16,P76=$AB$17,P76=$AB$18,P76=$AB$19,P76=$AB$20),T76&P76,P76) -> 流動負債 | V76: =ASC(R76) | W76: =IFERROR(SUBSTITUTE(SUBSTITUTE(SUBSTITUTE(SUBSTITUTE(SUBSTITUTE(SUBSTITUTE(SUBSTITUTE(SUBSTITUTE(SUBSTITUTE(SUBSTITUTE(SUBSTITUTE(SUBSTITUTE(SUBSTITUTE(SUBSTITUTE(SUBSTITUTE(SUBSTITUTE(SUBSTITUTE(SUBSTITUTE(SUBSTITUTE(SUBSTITUTE(SUBSTITUTE(SUBSTITUTE(SUBSTITUTE(SUBSTITUTE(SUBSTITUTE(SUBSTITUTE(SUBSTITUTE(SUBSTITUTE(SUBSTITUTE(SUBSTITUTE(SUBSTITUTE(SUBSTITUTE(SUBSTITUTE(V76,$AA$3,"-"),$AC$3,""),$AC$4,""),$AC$5,""),$AC$6,""),$AD$3,""),$AD$4,""),$AD$5,""),$AD$6,""),$AD$7,""),$AD$8,""),$AD$9,""),$AE$3,""),$AE$4,""),$AE$5,""),$AF$3,""),$AF$4,""),$AF$5,""),$AF$6,""),$AF$7,""),$AF$8,""),$AF$9,""),$AE$6,""),$AE$7,""),$AE$8,""),$AE$9,""),$AC$7,""),$AC$8,""),$AC$9,""),$AA$4,"")," ","")," ","")," ","")*$AA$12/1000,"") | Y76: =IF(N76=0,0,IF(AND(W76>0,W76<>""),MAX($Y$1:Y75)+1,0)) -> 0
A77: =IFERROR(INDEX($U$1:$U$110,MATCH($L77,$Y$1:$Y$110,0),1),"") | B77: =IFERROR(INDEX($W$1:$W$110,MATCH($L77,$Y$1:$Y$110,0),1),"") | D77: =IF(A77="","",IFERROR(VLOOKUP(A77,科目対照表!$C$6:$F$114,科目対照表!$F$4,0),"")) | E77: =IF(A77="","",IFERROR(VLOOKUP(A77,科目対照表!$C$6:$H$114,科目対照表!$H$4,0),"")) | F77: =IF(D77="","",IF(E77="Y",IF(C77="",MAX($F$5:F76)+1,""),"")) | G77: =IF(D77="","",IF(E77="Y",IF(C77="Y",MAX($G$5:G76)+1,""),"")) | H77: =IF(D77="","",IF(E77="",IF(C77="",MAX($H$5:H76)+1,""),"")) | L77: =L76+1 -> 74 | N77: =IF(N76=1,IF(P80=$N$1,0,1),0) -> 0 | P77: 営業未払金 | Q77: 2010935 | R77: 1392769 | T77: =IF(OR(P77=$AE$15,P77=$AE$16,P77=$AE$17,P77=$AE$18,P77=$AE$19,P77=$AE$20,P77=$AE$21,P77=$AE$22,P77=$AE$23),P77,T76) -> 流動負債 | U77: =IF(OR(P77=$AA$14,P77=$AA$15,P77=$AA$16,P77=$AA$17,P77=$AA$18,P77=$AA$19,P77=$AA$20,P77=$AB$14,P77=$AB$15,P77=$AB$16,P77=$AB$17,P77=$AB$18,P77=$AB$19,P77=$AB$20),T77&P77,P77) -> 営業未払金 | V77: =ASC(R77) -> 1392769 | W77: =IFERROR(SUBSTITUTE(SUBSTITUTE(SUBSTITUTE(SUBSTITUTE(SUBSTITUTE(SUBSTITUTE(SUBSTITUTE(SUBSTITUTE(SUBSTITUTE(SUBSTITUTE(SUBSTITUTE(SUBSTITUTE(SUBSTITUTE(SUBSTITUTE(SUBSTITUTE(SUBSTITUTE(SUBSTITUTE(SUBSTITUTE(SUBSTITUTE(SUBSTITUTE(SUBSTITUTE(SUBSTITUTE(SUBSTITUTE(SUBSTITUTE(SUBSTITUTE(SUBSTITUTE(SUBSTITUTE(SUBSTITUTE(SUBSTITUTE(SUBSTITUTE(SUBSTITUTE(SUBSTITUTE(SUBSTITUTE(V77,$AA$3,"-"),$AC$3,""),$AC$4,""),$AC$5,""),$AC$6,""),$AD$3,""),$AD$4,""),$AD$5,""),$AD$6,""),$AD$7,""),$AD$8,""),$AD$9,""),$AE$3,""),$AE$4,""),$AE$5,""),$AF$3,""),$AF$4,""),$AF$5,""),$AF$6,""),$AF$7,""),$AF$8,""),$AF$9,""),$AE$6,""),$AE$7,""),$AE$8,""),$AE$9,""),$AC$7,""),$AC$8,""),$AC$9,""),$AA$4,"")," ","")," ","")," ","")*$AA$12/1000,"") -> 1392769 | Y77: =IF(N77=0,0,IF(AND(W77>0,W77<>""),MAX($Y$1:Y76)+1,0)) -> 0
A78: =IFERROR(INDEX($U$1:$U$110,MATCH($L78,$Y$1:$Y$110,0),1),"") | B78: =IFERROR(INDEX($W$1:$W$110,MATCH($L78,$Y$1:$Y$110,0),1),"") | D78: =IF(A78="","",IFERROR(VLOOKUP(A78,科目対照表!$C$6:$F$114,科目対照表!$F$4,0),"")) | E78: =IF(A78="","",IFERROR(VLOOKUP(A78,科目対照表!$C$6:$H$114,科目対照表!$H$4,0),"")) | F78: =IF(D78="","",IF(E78="Y",IF(C78="",MAX($F$5:F77)+1,""),"")) | G78: =IF(D78="","",IF(E78="Y",IF(C78="Y",MAX($G$5:G77)+1,""),"")) | H78: =IF(D78="","",IF(E78="",IF(C78="",MAX($H$5:H77)+1,""),"")) | L78: =L77+1 -> 75 | N78: =IF(N77=1,IF(P81=$N$1,0,1),0) -> 0 | P78: 短期借入金 | Q78: 1998000 | R78: 1998000 | T78: =IF(OR(P78=$AE$15,P78=$AE$16,P78=$AE$17,P78=$AE$18,P78=$AE$19,P78=$AE$20,P78=$AE$21,P78=$AE$22,P78=$AE$23),P78,T77) -> 流動負債 | U78: =IF(OR(P78=$AA$14,P78=$AA$15,P78=$AA$16,P78=$AA$17,P78=$AA$18,P78=$AA$19,P78=$AA$20,P78=$AB$14,P78=$AB$15,P78=$AB$16,P78=$AB$17,P78=$AB$18,P78=$AB$19,P78=$AB$20),T78&P78,P78) -> 短期借入金 | V78: =ASC(R78) -> 1998000 | W78: =IFERROR(SUBSTITUTE(SUBSTITUTE(SUBSTITUTE(SUBSTITUTE(SUBSTITUTE(SUBSTITUTE(SUBSTITUTE(SUBSTITUTE(SUBSTITUTE(SUBSTITUTE(SUBSTITUTE(SUBSTITUTE(SUBSTITUTE(SUBSTITUTE(SUBSTITUTE(SUBSTITUTE(SUBSTITUTE(SUBSTITUTE(SUBSTITUTE(SUBSTITUTE(SUBSTITUTE(SUBSTITUTE(SUBSTITUTE(SUBSTITUTE(SUBSTITUTE(SUBSTITUTE(SUBSTITUTE(SUBSTITUTE(SUBSTITUTE(SUBSTITUTE(SUBSTITUTE(SUBSTITUTE(SUBSTITUTE(V78,$AA$3,"-"),$AC$3,""),$AC$4,""),$AC$5,""),$AC$6,""),$AD$3,""),$AD$4,""),$AD$5,""),$AD$6,""),$AD$7,""),$AD$8,""),$AD$9,""),$AE$3,""),$AE$4,""),$AE$5,""),$AF$3,""),$AF$4,""),$AF$5,""),$AF$6,""),$AF$7,""),$AF$8,""),$AF$9,""),$AE$6,""),$AE$7,""),$AE$8,""),$AE$9,""),$AC$7,""),$AC$8,""),$AC$9,""),$AA$4,"")," ","")," ","")," ","")*$AA$12/1000,"") -> 1998000 | Y78: =IF(N78=0,0,IF(AND(W78>0,W78<>""),MAX($Y$1:Y77)+1,0)) -> 0
A79: =IFERROR(INDEX($U$1:$U$110,MATCH($L79,$Y$1:$Y$110,0),1),"") | B79: =IFERROR(INDEX($W$1:$W$110,MATCH($L79,$Y$1:$Y$110,0),1),"") | D79: =IF(A79="","",IFERROR(VLOOKUP(A79,科目対照表!$C$6:$F$114,科目対照表!$F$4,0),"")) | E79: =IF(A79="","",IFERROR(VLOOKUP(A79,科目対照表!$C$6:$H$114,科目対照表!$H$4,0),"")) | F79: =IF(D79="","",IF(E79="Y",IF(C79="",MAX($F$5:F78)+1,""),"")) | G79: =IF(D79="","",IF(E79="Y",IF(C79="Y",MAX($G$5:G78)+1,""),"")) | H79: =IF(D79="","",IF(E79="",IF(C79="",MAX($H$5:H78)+1,""),"")) | L79: =L78+1 -> 76 | N79: =IF(N78=1,IF(P82=$N$1,0,1),0) -> 0 | P79: １年内償還予定の投資法人債 | Q79: 2000000 | R79: 1000000 | T79: =IF(OR(P79=$AE$15,P79=$AE$16,P79=$AE$17,P79=$AE$18,P79=$AE$19,P79=$AE$20,P79=$AE$21,P79=$AE$22,P79=$AE$23),P79,T78) -> 流動負債 | U79: =IF(OR(P79=$AA$14,P79=$AA$15,P79=$AA$16,P79=$AA$17,P79=$AA$18,P79=$AA$19,P79=$AA$20,P79=$AB$14,P79=$AB$15,P79=$AB$16,P79=$AB$17,P79=$AB$18,P79=$AB$19,P79=$AB$20),T79&P79,P79) -> １年内償還予定の投資法人債 | V79: =ASC(R79) -> 1000000 | W79: =IFERROR(SUBSTITUTE(SUBSTITUTE(SUBSTITUTE(SUBSTITUTE(SUBSTITUTE(SUBSTITUTE(SUBSTITUTE(SUBSTITUTE(SUBSTITUTE(SUBSTITUTE(SUBSTITUTE(SUBSTITUTE(SUBSTITUTE(SUBSTITUTE(SUBSTITUTE(SUBSTITUTE(SUBSTITUTE(SUBSTITUTE(SUBSTITUTE(SUBSTITUTE(SUBSTITUTE(SUBSTITUTE(SUBSTITUTE(SUBSTITUTE(SUBSTITUTE(SUBSTITUTE(SUBSTITUTE(SUBSTITUTE(SUBSTITUTE(SUBSTITUTE(SUBSTITUTE(SUBSTITUTE(SUBSTITUTE(V79,$AA$3,"-"),$AC$3,""),$AC$4,""),$AC$5,""),$AC$6,""),$AD$3,""),$AD$4,""),$AD$5,""),$AD$6,""),$AD$7,""),$AD$8,""),$AD$9,""),$AE$3,""),$AE$4,""),$AE$5,""),$AF$3,""),$AF$4,""),$AF$5,""),$AF$6,""),$AF$7,""),$AF$8,""),$AF$9,""),$AE$6,""),$AE$7,""),$AE$8,""),$AE$9,""),$AC$7,""),$AC$8,""),$AC$9,""),$AA$4,"")," ","")," ","")," ","")*$AA$12/1000,"") -> 1000000 | Y79: =IF(N79=0,0,IF(AND(W79>0,W79<>""),MAX($Y$1:Y78)+1,0)) -> 0
A80: =IFERROR(INDEX($U$1:$U$110,MATCH($L80,$Y$1:$Y$110,0),1),"") | B80: =IFERROR(INDEX($W$1:$W$110,MATCH($L80,$Y$1:$Y$110,0),1),"") | D80: =IF(A80="","",IFERROR(VLOOKUP(A80,科目対照表!$C$6:$F$114,科目対照表!$F$4,0),"")) | E80: =IF(A80="","",IFERROR(VLOOKUP(A80,科目対照表!$C$6:$H$114,科目対照表!$H$4,0),"")) | F80: =IF(D80="","",IF(E80="Y",IF(C80="",MAX($F$5:F79)+1,""),"")) | G80: =IF(D80="","",IF(E80="Y",IF(C80="Y",MAX($G$5:G79)+1,""),"")) | H80: =IF(D80="","",IF(E80="",IF(C80="",MAX($H$5:H79)+1,""),"")) | L80: =L79+1 -> 77 | N80: =IF(N79=1,IF(P83=$N$1,0,1),0) -> 0 | P80: １年内返済予定の長期借入金 | Q80: 32320000 | R80: 35000000 | T80: =IF(OR(P80=$AE$15,P80=$AE$16,P80=$AE$17,P80=$AE$18,P80=$AE$19,P80=$AE$20,P80=$AE$21,P80=$AE$22,P80=$AE$23),P80,T79) -> 流動負債 | U80: =IF(OR(P80=$AA$14,P80=$AA$15,P80=$AA$16,P80=$AA$17,P80=$AA$18,P80=$AA$19,P80=$AA$20,P80=$AB$14,P80=$AB$15,P80=$AB$16,P80=$AB$17,P80=$AB$18,P80=$AB$19,P80=$AB$20),T80&P80,P80) -> １年内返済予定の長期借入金 | V80: =ASC(R80) -> 35000000 | W80: =IFERROR(SUBSTITUTE(SUBSTITUTE(SUBSTITUTE(SUBSTITUTE(SUBSTITUTE(SUBSTITUTE(SUBSTITUTE(SUBSTITUTE(SUBSTITUTE(SUBSTITUTE(SUBSTITUTE(SUBSTITUTE(SUBSTITUTE(SUBSTITUTE(SUBSTITUTE(SUBSTITUTE(SUBSTITUTE(SUBSTITUTE(SUBSTITUTE(SUBSTITUTE(SUBSTITUTE(SUBSTITUTE(SUBSTITUTE(SUBSTITUTE(SUBSTITUTE(SUBSTITUTE(SUBSTITUTE(SUBSTITUTE(SUBSTITUTE(SUBSTITUTE(SUBSTITUTE(SUBSTITUTE(SUBSTITUTE(V80,$AA$3,"-"),$AC$3,""),$AC$4,""),$AC$5,""),$AC$6,""),$AD$3,""),$AD$4,""),$AD$5,""),$AD$6,""),$AD$7,""),$AD$8,""),$AD$9,""),$AE$3,""),$AE$4,""),$AE$5,""),$AF$3,""),$AF$4,""),$AF$5,""),$AF$6,""),$AF$7,""),$AF$8,""),$AF$9,""),$AE$6,""),$AE$7,""),$AE$8,""),$AE$9,""),$AC$7,""),$AC$8,""),$AC$9,""),$AA$4,"")," ","")," ","")," ","")*$AA$12/1000,"") -> 35000000 | Y80: =IF(N80=0,0,IF(AND(W80>0,W80<>""),MAX($Y$1:Y79)+1,0)) -> 0
A81: =IFERROR(INDEX($U$1:$U$110,MATCH($L81,$Y$1:$Y$110,0),1),"") | B81: =IFERROR(INDEX($W$1:$W$110,MATCH($L81,$Y$1:$Y$110,0),1),"") | D81: =IF(A81="","",IFERROR(VLOOKUP(A81,科目対照表!$C$6:$F$114,科目対照表!$F$4,0),"")) | E81: =IF(A81="","",IFERROR(VLOOKUP(A81,科目対照表!$C$6:$H$114,科目対照表!$H$4,0),"")) | F81: =IF(D81="","",IF(E81="Y",IF(C81="",MAX($F$5:F80)+1,""),"")) | G81: =IF(D81="","",IF(E81="Y",IF(C81="Y",MAX($G$5:G80)+1,""),"")) | H81: =IF(D81="","",IF(E81="",IF(C81="",MAX($H$5:H80)+1,""),"")) | L81: =L80+1 -> 78 | N81: =IF(N80=1,IF(P84=$N$1,0,1),0) -> 0 | P81: 未払金 | Q81: 7169 | R81: 55507 | T81: =IF(OR(P81=$AE$15,P81=$AE$16,P81=$AE$17,P81=$AE$18,P81=$AE$19,P81=$AE$20,P81=$AE$21,P81=$AE$22,P81=$AE$23),P81,T80) -> 流動負債 | U81: =IF(OR(P81=$AA$14,P81=$AA$15,P81=$AA$16,P81=$AA$17,P81=$AA$18,P81=$AA$19,P81=$AA$20,P81=$AB$14,P81=$AB$15,P81=$AB$16,P81=$AB$17,P81=$AB$18,P81=$AB$19,P81=$AB$20),T81&P81,P81) -> 未払金 | V81: =ASC(R81) -> 55507 | W81: =IFERROR(SUBSTITUTE(SUBSTITUTE(SUBSTITUTE(SUBSTITUTE(SUBSTITUTE(SUBSTITUTE(SUBSTITUTE(SUBSTITUTE(SUBSTITUTE(SUBSTITUTE(SUBSTITUTE(SUBSTITUTE(SUBSTITUTE(SUBSTITUTE(SUBSTITUTE(SUBSTITUTE(SUBSTITUTE(SUBSTITUTE(SUBSTITUTE(SUBSTITUTE(SUBSTITUTE(SUBSTITUTE(SUBSTITUTE(SUBSTITUTE(SUBSTITUTE(SUBSTITUTE(SUBSTITUTE(SUBSTITUTE(SUBSTITUTE(SUBSTITUTE(SUBSTITUTE(SUBSTITUTE(SUBSTITUTE(V81,$AA$3,"-"),$AC$3,""),$AC$4,""),$AC$5,""),$AC$6,""),$AD$3,""),$AD$4,""),$AD$5,""),$AD$6,""),$AD$7,""),$AD$8,""),$AD$9,""),$AE$3,""),$AE$4,""),$AE$5,""),$AF$3,""),$AF$4,""),$AF$5,""),$AF$6,""),$AF$7,""),$AF$8,""),$AF$9,""),$AE$6,""),$AE$7,""),$AE$8,""),$AE$9,""),$AC$7,""),$AC$8,""),$AC$9,""),$AA$4,"")," ","")," ","")," ","")*$AA$12/1000,"") -> 55507 | Y81: =IF(N81=0,0,IF(AND(W81>0,W81<>""),MAX($Y$1:Y80)+1,0)) -> 0
A82: =IFERROR(INDEX($U$1:$U$110,MATCH($L82,$Y$1:$Y$110,0),1),"") | B82: =IFERROR(INDEX($W$1:$W$110,MATCH($L82,$Y$1:$Y$110,0),1),"") | D82: =IF(A82="","",IFERROR(VLOOKUP(A82,科目対照表!$C$6:$F$114,科目対照表!$F$4,0),"")) | E82: =IF(A82="","",IFERROR(VLOOKUP(A82,科目対照表!$C$6:$H$114,科目対照表!$H$4,0),"")) | F82: =IF(D82="","",IF(E82="Y",IF(C82="",MAX($F$5:F81)+1,""),"")) | G82: =IF(D82="","",IF(E82="Y",IF(C82="Y",MAX($G$5:G81)+1,""),"")) | H82: =IF(D82="","",IF(E82="",IF(C82="",MAX($H$5:H81)+1,""),"")) | L82: =L81+1 -> 79 | N82: =IF(N81=1,IF(P85=$N$1,0,1),0) -> 0 | P82: 未払費用 | Q82: 1095483 | R82: 1302170 | T82: =IF(OR(P82=$AE$15,P82=$AE$16,P82=$AE$17,P82=$AE$18,P82=$AE$19,P82=$AE$20,P82=$AE$21,P82=$AE$22,P82=$AE$23),P82,T81) -> 流動負債 | U82: =IF(OR(P82=$AA$14,P82=$AA$15,P82=$AA$16,P82=$AA$17,P82=$AA$18,P82=$AA$19,P82=$AA$20,P82=$AB$14,P82=$AB$15,P82=$AB$16,P82=$AB$17,P82=$AB$18,P82=$AB$19,P82=$AB$20),T82&P82,P82) -> 未払費用 | V82: =ASC(R82) -> 1302170 | W82: =IFERROR(SUBSTITUTE(SUBSTITUTE(SUBSTITUTE(SUBSTITUTE(SUBSTITUTE(SUBSTITUTE(SUBSTITUTE(SUBSTITUTE(SUBSTITUTE(SUBSTITUTE(SUBSTITUTE(SUBSTITUTE(SUBSTITUTE(SUBSTITUTE(SUBSTITUTE(SUBSTITUTE(SUBSTITUTE(SUBSTITUTE(SUBSTITUTE(SUBSTITUTE(SUBSTITUTE(SUBSTITUTE(SUBSTITUTE(SUBSTITUTE(SUBSTITUTE(SUBSTITUTE(SUBSTITUTE(SUBSTITUTE(SUBSTITUTE(SUBSTITUTE(SUBSTITUTE(SUBSTITUTE(SUBSTITUTE(V82,$AA$3,"-"),$AC$3,""),$AC$4,""),$AC$5,""),$AC$6,""),$AD$3,""),$AD$4,""),$AD$5,""),$AD$6,""),$AD$7,""),$AD$8,""),$AD$9,""),$AE$3,""),$AE$4,""),$AE$5,""),$AF$3,""),$AF$4,""),$AF$5,""),$AF$6,""),$AF$7,""),$AF$8,""),$AF$9,""),$AE$6,""),$AE$7,""),$AE$8,""),$AE$9,""),$AC$7,""),$AC$8,""),$AC$9,""),$AA$4,"")," ","")," ","")," ","")*$AA$12/1000,"") -> 1302170 | Y82: =IF(N82=0,0,IF(AND(W82>0,W82<>""),MAX($Y$1:Y81)+1,0)) -> 0
A83: =IFERROR(INDEX($U$1:$U$110,MATCH($L83,$Y$1:$Y$110,0),1),"") | B83: =IFERROR(INDEX($W$1:$W$110,MATCH($L83,$Y$1:$Y$110,0),1),"") | D83: =IF(A83="","",IFERROR(VLOOKUP(A83,科目対照表!$C$6:$F$114,科目対照表!$F$4,0),"")) | E83: =IF(A83="","",IFERROR(VLOOKUP(A83,科目対照表!$C$6:$H$114,科目対照表!$H$4,0),"")) | F83: =IF(D83="","",IF(E83="Y",IF(C83="",MAX($F$5:F82)+1,""),"")) | G83: =IF(D83="","",IF(E83="Y",IF(C83="Y",MAX($G$5:G82)+1,""),"")) | H83: =IF(D83="","",IF(E83="",IF(C83="",MAX($H$5:H82)+1,""),"")) | L83: =L82+1 -> 80 | N83: =IF(N82=1,IF(P86=$N$1,0,1),0) -> 0 | P83: 未払法人税等 | Q83: 605 | R83: 605 | T83: =IF(OR(P83=$AE$15,P83=$AE$16,P83=$AE$17,P83=$AE$18,P83=$AE$19,P83=$AE$20,P83=$AE$21,P83=$AE$22,P83=$AE$23),P83,T82) -> 流動負債 | U83: =IF(OR(P83=$AA$14,P83=$AA$15,P83=$AA$16,P83=$AA$17,P83=$AA$18,P83=$AA$19,P83=$AA$20,P83=$AB$14,P83=$AB$15,P83=$AB$16,P83=$AB$17,P83=$AB$18,P83=$AB$19,P83=$AB$20),T83&P83,P83) -> 未払法人税等 | V83: =ASC(R83) -> 605 | W83: =IFERROR(SUBSTITUTE(SUBSTITUTE(SUBSTITUTE(SUBSTITUTE(SUBSTITUTE(SUBSTITUTE(SUBSTITUTE(SUBSTITUTE(SUBSTITUTE(SUBSTITUTE(SUBSTITUTE(SUBSTITUTE(SUBSTITUTE(SUBSTITUTE(SUBSTITUTE(SUBSTITUTE(SUBSTITUTE(SUBSTITUTE(SUBSTITUTE(SUBSTITUTE(SUBSTITUTE(SUBSTITUTE(SUBSTITUTE(SUBSTITUTE(SUBSTITUTE(SUBSTITUTE(SUBSTITUTE(SUBSTITUTE(SUBSTITUTE(SUBSTITUTE(SUBSTITUTE(SUBSTITUTE(SUBSTITUTE(V83,$AA$3,"-"),$AC$3,""),$AC$4,""),$AC$5,""),$AC$6,""),$AD$3,""),$AD$4,""),$AD$5,""),$AD$6,""),$AD$7,""),$AD$8,""),$AD$9,""),$AE$3,""),$AE$4,""),$AE$5,""),$AF$3,""),$AF$4,""),$AF$5,""),$AF$6,""),$AF$7,""),$AF$8,""),$AF$9,""),$AE$6,""),$AE$7,""),$AE$8,""),$AE$9,""),$AC$7,""),$AC$8,""),$AC$9,""),$AA$4,"")," ","")," ","")," ","")*$AA$12/1000,"") -> 605 | Y83: =IF(N83=0,0,IF(AND(W83>0,W83<>""),MAX($Y$1:Y82)+1,0)) -> 0
A84: =IFERROR(INDEX($U$1:$U$110,MATCH($L84,$Y$1:$Y$110,0),1),"") | B84: =IFERROR(INDEX($W$1:$W$110,MATCH($L84,$Y$1:$Y$110,0),1),"") | D84: =IF(A84="","",IFERROR(VLOOKUP(A84,科目対照表!$C$6:$F$114,科目対照表!$F$4,0),"")) | E84: =IF(A84="","",IFERROR(VLOOKUP(A84,科目対照表!$C$6:$H$114,科目対照表!$H$4,0),"")) | F84: =IF(D84="","",IF(E84="Y",IF(C84="",MAX($F$5:F83)+1,""),"")) | G84: =IF(D84="","",IF(E84="Y",IF(C84="Y",MAX($G$5:G83)+1,""),"")) | H84: =IF(D84="","",IF(E84="",IF(C84="",MAX($H$5:H83)+1,""),"")) | L84: =L83+1 -> 81 | N84: =IF(N83=1,IF(P87=$N$1,0,1),0) -> 0 | P84: 未払消費税等 | Q84: 355386 | R84: 247684 | T84: =IF(OR(P84=$AE$15,P84=$AE$16,P84=$AE$17,P84=$AE$18,P84=$AE$19,P84=$AE$20,P84=$AE$21,P84=$AE$22,P84=$AE$23),P84,T83) -> 流動負債 | U84: =IF(OR(P84=$AA$14,P84=$AA$15,P84=$AA$16,P84=$AA$17,P84=$AA$18,P84=$AA$19,P84=$AA$20,P84=$AB$14,P84=$AB$15,P84=$AB$16,P84=$AB$17,P84=$AB$18,P84=$AB$19,P84=$AB$20),T84&P84,P84) -> 未払消費税等 | V84: =ASC(R84) -> 247684 | W84: =IFERROR(SUBSTITUTE(SUBSTITUTE(SUBSTITUTE(SUBSTITUTE(SUBSTITUTE(SUBSTITUTE(SUBSTITUTE(SUBSTITUTE(SUBSTITUTE(SUBSTITUTE(SUBSTITUTE(SUBSTITUTE(SUBSTITUTE(SUBSTITUTE(SUBSTITUTE(SUBSTITUTE(SUBSTITUTE(SUBSTITUTE(SUBSTITUTE(SUBSTITUTE(SUBSTITUTE(SUBSTITUTE(SUBSTITUTE(SUBSTITUTE(SUBSTITUTE(SUBSTITUTE(SUBSTITUTE(SUBSTITUTE(SUBSTITUTE(SUBSTITUTE(SUBSTITUTE(SUBSTITUTE(SUBSTITUTE(V84,$AA$3,"-"),$AC$3,""),$AC$4,""),$AC$5,""),$AC$6,""),$AD$3,""),$AD$4,""),$AD$5,""),$AD$6,""),$AD$7,""),$AD$8,""),$AD$9,""),$AE$3,""),$AE$4,""),$AE$5,""),$AF$3,""),$AF$4,""),$AF$5,""),$AF$6,""),$AF$7,""),$AF$8,""),$AF$9,""),$AE$6,""),$AE$7,""),$AE$8,""),$AE$9,""),$AC$7,""),$AC$8,""),$AC$9,""),$AA$4,"")," ","")," ","")," ","")*$AA$12/1000,"") -> 247684 | Y84: =IF(N84=0,0,IF(AND(W84>0,W84<>""),MAX($Y$1:Y83)+1,0)) -> 0
A85: =IFERROR(INDEX($U$1:$U$110,MATCH($L85,$Y$1:$Y$110,0),1),"") | B85: =IFERROR(INDEX($W$1:$W$110,MATCH($L85,$Y$1:$Y$110,0),1),"") | D85: =IF(A85="","",IFERROR(VLOOKUP(A85,科目対照表!$C$6:$F$114,科目対照表!$F$4,0),"")) | E85: =IF(A85="","",IFERROR(VLOOKUP(A85,科目対照表!$C$6:$H$114,科目対照表!$H$4,0),"")) | F85: =IF(D85="","",IF(E85="Y",IF(C85="",MAX($F$5:F84)+1,""),"")) | G85: =IF(D85="","",IF(E85="Y",IF(C85="Y",MAX($G$5:G84)+1,""),"")) | H85: =IF(D85="","",IF(E85="",IF(C85="",MAX($H$5:H84)+1,""),"")) | L85: =L84+1 -> 82 | N85: =IF(N84=1,IF(P88=$N$1,0,1),0) -> 0 | P85: 前受金 | Q85: 425441 | R85: 452329 | T85: =IF(OR(P85=$AE$15,P85=$AE$16,P85=$AE$17,P85=$AE$18,P85=$AE$19,P85=$AE$20,P85=$AE$21,P85=$AE$22,P85=$AE$23),P85,T84) -> 流動負債 | U85: =IF(OR(P85=$AA$14,P85=$AA$15,P85=$AA$16,P85=$AA$17,P85=$AA$18,P85=$AA$19,P85=$AA$20,P85=$AB$14,P85=$AB$15,P85=$AB$16,P85=$AB$17,P85=$AB$18,P85=$AB$19,P85=$AB$20),T85&P85,P85) -> 前受金 | V85: =ASC(R85) -> 452329 | W85: =IFERROR(SUBSTITUTE(SUBSTITUTE(SUBSTITUTE(SUBSTITUTE(SUBSTITUTE(SUBSTITUTE(SUBSTITUTE(SUBSTITUTE(SUBSTITUTE(SUBSTITUTE(SUBSTITUTE(SUBSTITUTE(SUBSTITUTE(SUBSTITUTE(SUBSTITUTE(SUBSTITUTE(SUBSTITUTE(SUBSTITUTE(SUBSTITUTE(SUBSTITUTE(SUBSTITUTE(SUBSTITUTE(SUBSTITUTE(SUBSTITUTE(SUBSTITUTE(SUBSTITUTE(SUBSTITUTE(SUBSTITUTE(SUBSTITUTE(SUBSTITUTE(SUBSTITUTE(SUBSTITUTE(SUBSTITUTE(V85,$AA$3,"-"),$AC$3,""),$AC$4,""),$AC$5,""),$AC$6,""),$AD$3,""),$AD$4,""),$AD$5,""),$AD$6,""),$AD$7,""),$AD$8,""),$AD$9,""),$AE$3,""),$AE$4,""),$AE$5,""),$AF$3,""),$AF$4,""),$AF$5,""),$AF$6,""),$AF$7,""),$AF$8,""),$AF$9,""),$AE$6,""),$AE$7,""),$AE$8,""),$AE$9,""),$AC$7,""),$AC$8,""),$AC$9,""),$AA$4,"")," ","")," ","")," ","")*$AA$12/1000,"") -> 452329 | Y85: =IF(N85=0,0,IF(AND(W85>0,W85<>""),MAX($Y$1:Y84)+1,0)) -> 0
A86: =IFERROR(INDEX($U$1:$U$110,MATCH($L86,$Y$1:$Y$110,0),1),"") | B86: =IFERROR(INDEX($W$1:$W$110,MATCH($L86,$Y$1:$Y$110,0),1),"") | D86: =IF(A86="","",IFERROR(VLOOKUP(A86,科目対照表!$C$6:$F$114,科目対照表!$F$4,0),"")) | E86: =IF(A86="","",IFERROR(VLOOKUP(A86,科目対照表!$C$6:$H$114,科目対照表!$H$4,0),"")) | F86: =IF(D86="","",IF(E86="Y",IF(C86="",MAX($F$5:F85)+1,""),"")) | G86: =IF(D86="","",IF(E86="Y",IF(C86="Y",MAX($G$5:G85)+1,""),"")) | H86: =IF(D86="","",IF(E86="",IF(C86="",MAX($H$5:H85)+1,""),"")) | L86: =L85+1 -> 83 | N86: =IF(N85=1,IF(P89=$N$1,0,1),0) -> 0 | P86: 預り金 | Q86: 957 | R86: 2661 | T86: =IF(OR(P86=$AE$15,P86=$AE$16,P86=$AE$17,P86=$AE$18,P86=$AE$19,P86=$AE$20,P86=$AE$21,P86=$AE$22,P86=$AE$23),P86,T85) -> 流動負債 | U86: =IF(OR(P86=$AA$14,P86=$AA$15,P86=$AA$16,P86=$AA$17,P86=$AA$18,P86=$AA$19,P86=$AA$20,P86=$AB$14,P86=$AB$15,P86=$AB$16,P86=$AB$17,P86=$AB$18,P86=$AB$19,P86=$AB$20),T86&P86,P86) -> 預り金 | V86: =ASC(R86) -> 2661 | W86: =IFERROR(SUBSTITUTE(SUBSTITUTE(SUBSTITUTE(SUBSTITUTE(SUBSTITUTE(SUBSTITUTE(SUBSTITUTE(SUBSTITUTE(SUBSTITUTE(SUBSTITUTE(SUBSTITUTE(SUBSTITUTE(SUBSTITUTE(SUBSTITUTE(SUBSTITUTE(SUBSTITUTE(SUBSTITUTE(SUBSTITUTE(SUBSTITUTE(SUBSTITUTE(SUBSTITUTE(SUBSTITUTE(SUBSTITUTE(SUBSTITUTE(SUBSTITUTE(SUBSTITUTE(SUBSTITUTE(SUBSTITUTE(SUBSTITUTE(SUBSTITUTE(SUBSTITUTE(SUBSTITUTE(SUBSTITUTE(V86,$AA$3,"-"),$AC$3,""),$AC$4,""),$AC$5,""),$AC$6,""),$AD$3,""),$AD$4,""),$AD$5,""),$AD$6,""),$AD$7,""),$AD$8,""),$AD$9,""),$AE$3,""),$AE$4,""),$AE$5,""),$AF$3,""),$AF$4,""),$AF$5,""),$AF$6,""),$AF$7,""),$AF$8,""),$AF$9,""),$AE$6,""),$AE$7,""),$AE$8,""),$AE$9,""),$AC$7,""),$AC$8,""),$AC$9,""),$AA$4,"")," ","")," ","")," ","")*$AA$12/1000,"") -> 2661 | Y86: =IF(N86=0,0,IF(AND(W86>0,W86<>""),MAX($Y$1:Y85)+1,0)) -> 0
A87: =IFERROR(INDEX($U$1:$U$110,MATCH($L87,$Y$1:$Y$110,0),1),"") | B87: =IFERROR(INDEX($W$1:$W$110,MATCH($L87,$Y$1:$Y$110,0),1),"") | D87: =IF(A87="","",IFERROR(VLOOKUP(A87,科目対照表!$C$6:$F$114,科目対照表!$F$4,0),"")) | E87: =IF(A87="","",IFERROR(VLOOKUP(A87,科目対照表!$C$6:$H$114,科目対照表!$H$4,0),"")) | F87: =IF(D87="","",IF(E87="Y",IF(C87="",MAX($F$5:F86)+1,""),"")) | G87: =IF(D87="","",IF(E87="Y",IF(C87="Y",MAX($G$5:G86)+1,""),"")) | H87: =IF(D87="","",IF(E87="",IF(C87="",MAX($H$5:H86)+1,""),"")) | L87: =L86+1 -> 84 | N87: =IF(N86=1,IF(P90=$N$1,0,1),0) -> 0 | P87: その他 | Q87: － | R87: 3278 | T87: =IF(OR(P87=$AE$15,P87=$AE$16,P87=$AE$17,P87=$AE$18,P87=$AE$19,P87=$AE$20,P87=$AE$21,P87=$AE$22,P87=$AE$23),P87,T86) -> 流動負債 | U87: =IF(OR(P87=$AA$14,P87=$AA$15,P87=$AA$16,P87=$AA$17,P87=$AA$18,P87=$AA$19,P87=$AA$20,P87=$AB$14,P87=$AB$15,P87=$AB$16,P87=$AB$17,P87=$AB$18,P87=$AB$19,P87=$AB$20),T87&P87,P87) -> 流動負債その他 | V87: =ASC(R87) -> 3278 | W87: =IFERROR(SUBSTITUTE(SUBSTITUTE(SUBSTITUTE(SUBSTITUTE(SUBSTITUTE(SUBSTITUTE(SUBSTITUTE(SUBSTITUTE(SUBSTITUTE(SUBSTITUTE(SUBSTITUTE(SUBSTITUTE(SUBSTITUTE(SUBSTITUTE(SUBSTITUTE(SUBSTITUTE(SUBSTITUTE(SUBSTITUTE(SUBSTITUTE(SUBSTITUTE(SUBSTITUTE(SUBSTITUTE(SUBSTITUTE(SUBSTITUTE(SUBSTITUTE(SUBSTITUTE(SUBSTITUTE(SUBSTITUTE(SUBSTITUTE(SUBSTITUTE(SUBSTITUTE(SUBSTITUTE(SUBSTITUTE(V87,$AA$3,"-"),$AC$3,""),$AC$4,""),$AC$5,""),$AC$6,""),$AD$3,""),$AD$4,""),$AD$5,""),$AD$6,""),$AD$7,""),$AD$8,""),$AD$9,""),$AE$3,""),$AE$4,""),$AE$5,""),$AF$3,""),$AF$4,""),$AF$5,""),$AF$6,""),$AF$7,""),$AF$8,""),$AF$9,""),$AE$6,""),$AE$7,""),$AE$8,""),$AE$9,""),$AC$7,""),$AC$8,""),$AC$9,""),$AA$4,"")," ","")," ","")," ","")*$AA$12/1000,"") -> 3278 | Y87: =IF(N87=0,0,IF(AND(W87>0,W87<>""),MAX($Y$1:Y86)+1,0)) -> 0
A88: =IFERROR(INDEX($U$1:$U$110,MATCH($L88,$Y$1:$Y$110,0),1),"") | B88: =IFERROR(INDEX($W$1:$W$110,MATCH($L88,$Y$1:$Y$110,0),1),"") | D88: =IF(A88="","",IFERROR(VLOOKUP(A88,科目対照表!$C$6:$F$114,科目対照表!$F$4,0),"")) | E88: =IF(A88="","",IFERROR(VLOOKUP(A88,科目対照表!$C$6:$H$114,科目対照表!$H$4,0),"")) | F88: =IF(D88="","",IF(E88="Y",IF(C88="",MAX($F$5:F87)+1,""),"")) | G88: =IF(D88="","",IF(E88="Y",IF(C88="Y",MAX($G$5:G87)+1,""),"")) | H88: =IF(D88="","",IF(E88="",IF(C88="",MAX($H$5:H87)+1,""),"")) | L88: =L87+1 -> 85 | N88: =IF(N87=1,IF(P91=$N$1,0,1),0) -> 0 | P88: 流動負債合計 | Q88: 40213978 | R88: 41455006 | T88: =IF(OR(P88=$AE$15,P88=$AE$16,P88=$AE$17,P88=$AE$18,P88=$AE$19,P88=$AE$20,P88=$AE$21,P88=$AE$22,P88=$AE$23),P88,T87) -> 流動負債 | U88: =IF(OR(P88=$AA$14,P88=$AA$15,P88=$AA$16,P88=$AA$17,P88=$AA$18,P88=$AA$19,P88=$AA$20,P88=$AB$14,P88=$AB$15,P88=$AB$16,P88=$AB$17,P88=$AB$18,P88=$AB$19,P88=$AB$20),T88&P88,P88) -> 流動負債合計 | V88: =ASC(R88) -> 41455006 | W88: =IFERROR(SUBSTITUTE(SUBSTITUTE(SUBSTITUTE(SUBSTITUTE(SUBSTITUTE(SUBSTITUTE(SUBSTITUTE(SUBSTITUTE(SUBSTITUTE(SUBSTITUTE(SUBSTITUTE(SUBSTITUTE(SUBSTITUTE(SUBSTITUTE(SUBSTITUTE(SUBSTITUTE(SUBSTITUTE(SUBSTITUTE(SUBSTITUTE(SUBSTITUTE(SUBSTITUTE(SUBSTITUTE(SUBSTITUTE(SUBSTITUTE(SUBSTITUTE(SUBSTITUTE(SUBSTITUTE(SUBSTITUTE(SUBSTITUTE(SUBSTITUTE(SUBSTITUTE(SUBSTITUTE(SUBSTITUTE(V88,$AA$3,"-"),$AC$3,""),$AC$4,""),$AC$5,""),$AC$6,""),$AD$3,""),$AD$4,""),$AD$5,""),$AD$6,""),$AD$7,""),$AD$8,""),$AD$9,""),$AE$3,""),$AE$4,""),$AE$5,""),$AF$3,""),$AF$4,""),$AF$5,""),$AF$6,""),$AF$7,""),$AF$8,""),$AF$9,""),$AE$6,""),$AE$7,""),$AE$8,""),$AE$9,""),$AC$7,""),$AC$8,""),$AC$9,""),$AA$4,"")," ","")," ","")," ","")*$AA$12/1000,"") -> 41455006 | Y88: =IF(N88=0,0,IF(AND(W88>0,W88<>""),MAX($Y$1:Y87)+1,0)) -> 0
A89: =IFERROR(INDEX($U$1:$U$110,MATCH($L89,$Y$1:$Y$110,0),1),"") | B89: =IFERROR(INDEX($W$1:$W$110,MATCH($L89,$Y$1:$Y$110,0),1),"") | D89: =IF(A89="","",IFERROR(VLOOKUP(A89,科目対照表!$C$6:$F$114,科目対照表!$F$4,0),"")) | E89: =IF(A89="","",IFERROR(VLOOKUP(A89,科目対照表!$C$6:$H$114,科目対照表!$H$4,0),"")) | F89: =IF(D89="","",IF(E89="Y",IF(C89="",MAX($F$5:F88)+1,""),"")) | G89: =IF(D89="","",IF(E89="Y",IF(C89="Y",MAX($G$5:G88)+1,""),"")) | H89: =IF(D89="","",IF(E89="",IF(C89="",MAX($H$5:H88)+1,""),"")) | L89: =L88+1 -> 86 | N89: =IF(N88=1,IF(P92=$N$1,0,1),0) -> 0 | P89: 固定負債 | T89: =IF(OR(P89=$AE$15,P89=$AE$16,P89=$AE$17,P89=$AE$18,P89=$AE$19,P89=$AE$20,P89=$AE$21,P89=$AE$22,P89=$AE$23),P89,T88) -> 流動負債 | U89: =IF(OR(P89=$AA$14,P89=$AA$15,P89=$AA$16,P89=$AA$17,P89=$AA$18,P89=$AA$19,P89=$AA$20,P89=$AB$14,P89=$AB$15,P89=$AB$16,P89=$AB$17,P89=$AB$18,P89=$AB$19,P89=$AB$20),T89&P89,P89) -> 固定負債 | V89: =ASC(R89) | W89: =IFERROR(SUBSTITUTE(SUBSTITUTE(SUBSTITUTE(SUBSTITUTE(SUBSTITUTE(SUBSTITUTE(SUBSTITUTE(SUBSTITUTE(SUBSTITUTE(SUBSTITUTE(SUBSTITUTE(SUBSTITUTE(SUBSTITUTE(SUBSTITUTE(SUBSTITUTE(SUBSTITUTE(SUBSTITUTE(SUBSTITUTE(SUBSTITUTE(SUBSTITUTE(SUBSTITUTE(SUBSTITUTE(SUBSTITUTE(SUBSTITUTE(SUBSTITUTE(SUBSTITUTE(SUBSTITUTE(SUBSTITUTE(SUBSTITUTE(SUBSTITUTE(SUBSTITUTE(SUBSTITUTE(SUBSTITUTE(V89,$AA$3,"-"),$AC$3,""),$AC$4,""),$AC$5,""),$AC$6,""),$AD$3,""),$AD$4,""),$AD$5,""),$AD$6,""),$AD$7,""),$AD$8,""),$AD$9,""),$AE$3,""),$AE$4,""),$AE$5,""),$AF$3,""),$AF$4,""),$AF$5,""),$AF$6,""),$AF$7,""),$AF$8,""),$AF$9,""),$AE$6,""),$AE$7,""),$AE$8,""),$AE$9,""),$AC$7,""),$AC$8,""),$AC$9,""),$AA$4,"")," ","")," ","")," ","")*$AA$12/1000,"") | Y89: =IF(N89=0,0,IF(AND(W89>0,W89<>""),MAX($Y$1:Y88)+1,0)) -> 0
A90: =IFERROR(INDEX($U$1:$U$110,MATCH($L90,$Y$1:$Y$110,0),1),"") | B90: =IFERROR(INDEX($W$1:$W$110,MATCH($L90,$Y$1:$Y$110,0),1),"") | D90: =IF(A90="","",IFERROR(VLOOKUP(A90,科目対照表!$C$6:$F$114,科目対照表!$F$4,0),"")) | E90: =IF(A90="","",IFERROR(VLOOKUP(A90,科目対照表!$C$6:$H$114,科目対照表!$H$4,0),"")) | F90: =IF(D90="","",IF(E90="Y",IF(C90="",MAX($F$5:F89)+1,""),"")) | G90: =IF(D90="","",IF(E90="Y",IF(C90="Y",MAX($G$5:G89)+1,""),"")) | H90: =IF(D90="","",IF(E90="",IF(C90="",MAX($H$5:H89)+1,""),"")) | L90: =L89+1 -> 87 | N90: =IF(N89=1,IF(P93=$N$1,0,1),0) -> 0 | P90: 投資法人債 | Q90: 18700000 | R90: 17700000 | T90: =IF(OR(P90=$AE$15,P90=$AE$16,P90=$AE$17,P90=$AE$18,P90=$AE$19,P90=$AE$20,P90=$AE$21,P90=$AE$22,P90=$AE$23),P90,T89) -> 流動負債 | U90: =IF(OR(P90=$AA$14,P90=$AA$15,P90=$AA$16,P90=$AA$17,P90=$AA$18,P90=$AA$19,P90=$AA$20,P90=$AB$14,P90=$AB$15,P90=$AB$16,P90=$AB$17,P90=$AB$18,P90=$AB$19,P90=$AB$20),T90&P90,P90) -> 投資法人債 | V90: =ASC(R90) -> 17700000 | W90: =IFERROR(SUBSTITUTE(SUBSTITUTE(SUBSTITUTE(SUBSTITUTE(SUBSTITUTE(SUBSTITUTE(SUBSTITUTE(SUBSTITUTE(SUBSTITUTE(SUBSTITUTE(SUBSTITUTE(SUBSTITUTE(SUBSTITUTE(SUBSTITUTE(SUBSTITUTE(SUBSTITUTE(SUBSTITUTE(SUBSTITUTE(SUBSTITUTE(SUBSTITUTE(SUBSTITUTE(SUBSTITUTE(SUBSTITUTE(SUBSTITUTE(SUBSTITUTE(SUBSTITUTE(SUBSTITUTE(SUBSTITUTE(SUBSTITUTE(SUBSTITUTE(SUBSTITUTE(SUBSTITUTE(SUBSTITUTE(V90,$AA$3,"-"),$AC$3,""),$AC$4,""),$AC$5,""),$AC$6,""),$AD$3,""),$AD$4,""),$AD$5,""),$AD$6,""),$AD$7,""),$AD$8,""),$AD$9,""),$AE$3,""),$AE$4,""),$AE$5,""),$AF$3,""),$AF$4,""),$AF$5,""),$AF$6,""),$AF$7,""),$AF$8,""),$AF$9,""),$AE$6,""),$AE$7,""),$AE$8,""),$AE$9,""),$AC$7,""),$AC$8,""),$AC$9,""),$AA$4,"")," ","")," ","")," ","")*$AA$12/1000,"") -> 17700000 | Y90: =IF(N90=0,0,IF(AND(W90>0,W90<>""),MAX($Y$1:Y89)+1,0)) -> 0
A91: =IFERROR(INDEX($U$1:$U$110,MATCH($L91,$Y$1:$Y$110,0),1),"") | B91: =IFERROR(INDEX($W$1:$W$110,MATCH($L91,$Y$1:$Y$110,0),1),"") | D91: =IF(A91="","",IFERROR(VLOOKUP(A91,科目対照表!$C$6:$F$114,科目対照表!$F$4,0),"")) | E91: =IF(A91="","",IFERROR(VLOOKUP(A91,科目対照表!$C$6:$H$114,科目対照表!$H$4,0),"")) | F91: =IF(D91="","",IF(E91="Y",IF(C91="",MAX($F$5:F90)+1,""),"")) | G91: =IF(D91="","",IF(E91="Y",IF(C91="Y",MAX($G$5:G90)+1,""),"")) | H91: =IF(D91="","",IF(E91="",IF(C91="",MAX($H$5:H90)+1,""),"")) | L91: =L90+1 -> 88 | N91: =IF(N90=1,IF(P94=$N$1,0,1),0) -> 0 | P91: 長期借入金 | Q91: 209830000 | R91: 209050000 | T91: =IF(OR(P91=$AE$15,P91=$AE$16,P91=$AE$17,P91=$AE$18,P91=$AE$19,P91=$AE$20,P91=$AE$21,P91=$AE$22,P91=$AE$23),P91,T90) -> 流動負債 | U91: =IF(OR(P91=$AA$14,P91=$AA$15,P91=$AA$16,P91=$AA$17,P91=$AA$18,P91=$AA$19,P91=$AA$20,P91=$AB$14,P91=$AB$15,P91=$AB$16,P91=$AB$17,P91=$AB$18,P91=$AB$19,P91=$AB$20),T91&P91,P91) -> 長期借入金 | V91: =ASC(R91) -> 209050000 | W91: =IFERROR(SUBSTITUTE(SUBSTITUTE(SUBSTITUTE(SUBSTITUTE(SUBSTITUTE(SUBSTITUTE(SUBSTITUTE(SUBSTITUTE(SUBSTITUTE(SUBSTITUTE(SUBSTITUTE(SUBSTITUTE(SUBSTITUTE(SUBSTITUTE(SUBSTITUTE(SUBSTITUTE(SUBSTITUTE(SUBSTITUTE(SUBSTITUTE(SUBSTITUTE(SUBSTITUTE(SUBSTITUTE(SUBSTITUTE(SUBSTITUTE(SUBSTITUTE(SUBSTITUTE(SUBSTITUTE(SUBSTITUTE(SUBSTITUTE(SUBSTITUTE(SUBSTITUTE(SUBSTITUTE(SUBSTITUTE(V91,$AA$3,"-"),$AC$3,""),$AC$4,""),$AC$5,""),$AC$6,""),$AD$3,""),$AD$4,""),$AD$5,""),$AD$6,""),$AD$7,""),$AD$8,""),$AD$9,""),$AE$3,""),$AE$4,""),$AE$5,""),$AF$3,""),$AF$4,""),$AF$5,""),$AF$6,""),$AF$7,""),$AF$8,""),$AF$9,""),$AE$6,""),$AE$7,""),$AE$8,""),$AE$9,""),$AC$7,""),$AC$8,""),$AC$9,""),$AA$4,"")," ","")," ","")," ","")*$AA$12/1000,"") -> 209050000 | Y91: =IF(N91=0,0,IF(AND(W91>0,W91<>""),MAX($Y$1:Y90)+1,0)) -> 0
A92: =IFERROR(INDEX($U$1:$U$110,MATCH($L92,$Y$1:$Y$110,0),1),"") | B92: =IFERROR(INDEX($W$1:$W$110,MATCH($L92,$Y$1:$Y$110,0),1),"") | D92: =IF(A92="","",IFERROR(VLOOKUP(A92,科目対照表!$C$6:$F$114,科目対照表!$F$4,0),"")) | E92: =IF(A92="","",IFERROR(VLOOKUP(A92,科目対照表!$C$6:$H$114,科目対照表!$H$4,0),"")) | F92: =IF(D92="","",IF(E92="Y",IF(C92="",MAX($F$5:F91)+1,""),"")) | G92: =IF(D92="","",IF(E92="Y",IF(C92="Y",MAX($G$5:G91)+1,""),"")) | H92: =IF(D92="","",IF(E92="",IF(C92="",MAX($H$5:H91)+1,""),"")) | L92: =L91+1 -> 89 | N92: =IF(N91=1,IF(P95=$N$1,0,1),0) -> 0 | P92: 預り敷金及び保証金 | Q92: － | R92: － | T92: =IF(OR(P92=$AE$15,P92=$AE$16,P92=$AE$17,P92=$AE$18,P92=$AE$19,P92=$AE$20,P92=$AE$21,P92=$AE$22,P92=$AE$23),P92,T91) -> 流動負債 | U92: =IF(OR(P92=$AA$14,P92=$AA$15,P92=$AA$16,P92=$AA$17,P92=$AA$18,P92=$AA$19,P92=$AA$20,P92=$AB$14,P92=$AB$15,P92=$AB$16,P92=$AB$17,P92=$AB$18,P92=$AB$19,P92=$AB$20),T92&P92,P92) -> 預り敷金及び保証金 | V92: =ASC(R92) -> - | W92: =IFERROR(SUBSTITUTE(SUBSTITUTE(SUBSTITUTE(SUBSTITUTE(SUBSTITUTE(SUBSTITUTE(SUBSTITUTE(SUBSTITUTE(SUBSTITUTE(SUBSTITUTE(SUBSTITUTE(SUBSTITUTE(SUBSTITUTE(SUBSTITUTE(SUBSTITUTE(SUBSTITUTE(SUBSTITUTE(SUBSTITUTE(SUBSTITUTE(SUBSTITUTE(SUBSTITUTE(SUBSTITUTE(SUBSTITUTE(SUBSTITUTE(SUBSTITUTE(SUBSTITUTE(SUBSTITUTE(SUBSTITUTE(SUBSTITUTE(SUBSTITUTE(SUBSTITUTE(SUBSTITUTE(SUBSTITUTE(V92,$AA$3,"-"),$AC$3,""),$AC$4,""),$AC$5,""),$AC$6,""),$AD$3,""),$AD$4,""),$AD$5,""),$AD$6,""),$AD$7,""),$AD$8,""),$AD$9,""),$AE$3,""),$AE$4,""),$AE$5,""),$AF$3,""),$AF$4,""),$AF$5,""),$AF$6,""),$AF$7,""),$AF$8,""),$AF$9,""),$AE$6,""),$AE$7,""),$AE$8,""),$AE$9,""),$AC$7,""),$AC$8,""),$AC$9,""),$AA$4,"")," ","")," ","")," ","")*$AA$12/1000,"") | Y92: =IF(N92=0,0,IF(AND(W92>0,W92<>""),MAX($Y$1:Y91)+1,0)) -> 0
A93: =IFERROR(INDEX($U$1:$U$110,MATCH($L93,$Y$1:$Y$110,0),1),"") | B93: =IFERROR(INDEX($W$1:$W$110,MATCH($L93,$Y$1:$Y$110,0),1),"") | D93: =IF(A93="","",IFERROR(VLOOKUP(A93,科目対照表!$C$6:$F$114,科目対照表!$F$4,0),"")) | E93: =IF(A93="","",IFERROR(VLOOKUP(A93,科目対照表!$C$6:$H$114,科目対照表!$H$4,0),"")) | F93: =IF(D93="","",IF(E93="Y",IF(C93="",MAX($F$5:F92)+1,""),"")) | G93: =IF(D93="","",IF(E93="Y",IF(C93="Y",MAX($G$5:G92)+1,""),"")) | H93: =IF(D93="","",IF(E93="",IF(C93="",MAX($H$5:H92)+1,""),"")) | L93: =L92+1 -> 90 | N93: =IF(N92=1,IF(P96=$N$1,0,1),0) -> 0 | P93: 信託預り敷金及び保証金 | Q93: 24678319 | R93: 24975025 | T93: =IF(OR(P93=$AE$15,P93=$AE$16,P93=$AE$17,P93=$AE$18,P93=$AE$19,P93=$AE$20,P93=$AE$21,P93=$AE$22,P93=$AE$23),P93,T92) -> 流動負債 | U93: =IF(OR(P93=$AA$14,P93=$AA$15,P93=$AA$16,P93=$AA$17,P93=$AA$18,P93=$AA$19,P93=$AA$20,P93=$AB$14,P93=$AB$15,P93=$AB$16,P93=$AB$17,P93=$AB$18,P93=$AB$19,P93=$AB$20),T93&P93,P93) -> 信託預り敷金及び保証金 | V93: =ASC(R93) -> 24975025 | W93: =IFERROR(SUBSTITUTE(SUBSTITUTE(SUBSTITUTE(SUBSTITUTE(SUBSTITUTE(SUBSTITUTE(SUBSTITUTE(SUBSTITUTE(SUBSTITUTE(SUBSTITUTE(SUBSTITUTE(SUBSTITUTE(SUBSTITUTE(SUBSTITUTE(SUBSTITUTE(SUBSTITUTE(SUBSTITUTE(SUBSTITUTE(SUBSTITUTE(SUBSTITUTE(SUBSTITUTE(SUBSTITUTE(SUBSTITUTE(SUBSTITUTE(SUBSTITUTE(SUBSTITUTE(SUBSTITUTE(SUBSTITUTE(SUBSTITUTE(SUBSTITUTE(SUBSTITUTE(SUBSTITUTE(SUBSTITUTE(V93,$AA$3,"-"),$AC$3,""),$AC$4,""),$AC$5,""),$AC$6,""),$AD$3,""),$AD$4,""),$AD$5,""),$AD$6,""),$AD$7,""),$AD$8,""),$AD$9,""),$AE$3,""),$AE$4,""),$AE$5,""),$AF$3,""),$AF$4,""),$AF$5,""),$AF$6,""),$AF$7,""),$AF$8,""),$AF$9,""),$AE$6,""),$AE$7,""),$AE$8,""),$AE$9,""),$AC$7,""),$AC$8,""),$AC$9,""),$AA$4,"")," ","")," ","")," ","")*$AA$12/1000,"") -> 24975025 | Y93: =IF(N93=0,0,IF(AND(W93>0,W93<>""),MAX($Y$1:Y92)+1,0)) -> 0
A94: =IFERROR(INDEX($U$1:$U$110,MATCH($L94,$Y$1:$Y$110,0),1),"") | B94: =IFERROR(INDEX($W$1:$W$110,MATCH($L94,$Y$1:$Y$110,0),1),"") | D94: =IF(A94="","",IFERROR(VLOOKUP(A94,科目対照表!$C$6:$F$114,科目対照表!$F$4,0),"")) | E94: =IF(A94="","",IFERROR(VLOOKUP(A94,科目対照表!$C$6:$H$114,科目対照表!$H$4,0),"")) | F94: =IF(D94="","",IF(E94="Y",IF(C94="",MAX($F$5:F93)+1,""),"")) | G94: =IF(D94="","",IF(E94="Y",IF(C94="Y",MAX($G$5:G93)+1,""),"")) | H94: =IF(D94="","",IF(E94="",IF(C94="",MAX($H$5:H93)+1,""),"")) | L94: =L93+1 -> 91 | N94: =IF(N93=1,IF(P97=$N$1,0,1),0) -> 0 | P94: デリバティブ債務 | Q94: － | R94: － | T94: =IF(OR(P94=$AE$15,P94=$AE$16,P94=$AE$17,P94=$AE$18,P94=$AE$19,P94=$AE$20,P94=$AE$21,P94=$AE$22,P94=$AE$23),P94,T93) -> 流動負債 | U94: =IF(OR(P94=$AA$14,P94=$AA$15,P94=$AA$16,P94=$AA$17,P94=$AA$18,P94=$AA$19,P94=$AA$20,P94=$AB$14,P94=$AB$15,P94=$AB$16,P94=$AB$17,P94=$AB$18,P94=$AB$19,P94=$AB$20),T94&P94,P94) -> 流動負債デリバティブ債務 | V94: =ASC(R94) -> - | W94: =IFERROR(SUBSTITUTE(SUBSTITUTE(SUBSTITUTE(SUBSTITUTE(SUBSTITUTE(SUBSTITUTE(SUBSTITUTE(SUBSTITUTE(SUBSTITUTE(SUBSTITUTE(SUBSTITUTE(SUBSTITUTE(SUBSTITUTE(SUBSTITUTE(SUBSTITUTE(SUBSTITUTE(SUBSTITUTE(SUBSTITUTE(SUBSTITUTE(SUBSTITUTE(SUBSTITUTE(SUBSTITUTE(SUBSTITUTE(SUBSTITUTE(SUBSTITUTE(SUBSTITUTE(SUBSTITUTE(SUBSTITUTE(SUBSTITUTE(SUBSTITUTE(SUBSTITUTE(SUBSTITUTE(SUBSTITUTE(V94,$AA$3,"-"),$AC$3,""),$AC$4,""),$AC$5,""),$AC$6,""),$AD$3,""),$AD$4,""),$AD$5,""),$AD$6,""),$AD$7,""),$AD$8,""),$AD$9,""),$AE$3,""),$AE$4,""),$AE$5,""),$AF$3,""),$AF$4,""),$AF$5,""),$AF$6,""),$AF$7,""),$AF$8,""),$AF$9,""),$AE$6,""),$AE$7,""),$AE$8,""),$AE$9,""),$AC$7,""),$AC$8,""),$AC$9,""),$AA$4,"")," ","")," ","")," ","")*$AA$12/1000,"") | Y94: =IF(N94=0,0,IF(AND(W94>0,W94<>""),MAX($Y$1:Y93)+1,0)) -> 0
A95: =IFERROR(INDEX($U$1:$U$110,MATCH($L95,$Y$1:$Y$110,0),1),"") | B95: =IFERROR(INDEX($W$1:$W$110,MATCH($L95,$Y$1:$Y$110,0),1),"") | D95: =IF(A95="","",IFERROR(VLOOKUP(A95,科目対照表!$C$6:$F$114,科目対照表!$F$4,0),"")) | E95: =IF(A95="","",IFERROR(VLOOKUP(A95,科目対照表!$C$6:$H$114,科目対照表!$H$4,0),"")) | F95: =IF(D95="","",IF(E95="Y",IF(C95="",MAX($F$5:F94)+1,""),"")) | G95: =IF(D95="","",IF(E95="Y",IF(C95="Y",MAX($G$5:G94)+1,""),"")) | H95: =IF(D95="","",IF(E95="",IF(C95="",MAX($H$5:H94)+1,""),"")) | L95: =L94+1 -> 92 | N95: =IF(N94=1,IF(P98=$N$1,0,1),0) -> 0 | P95: 繰延税金負債 | Q95: － | R95: － | T95: =IF(OR(P95=$AE$15,P95=$AE$16,P95=$AE$17,P95=$AE$18,P95=$AE$19,P95=$AE$20,P95=$AE$21,P95=$AE$22,P95=$AE$23),P95,T94) -> 流動負債 | U95: =IF(OR(P95=$AA$14,P95=$AA$15,P95=$AA$16,P95=$AA$17,P95=$AA$18,P95=$AA$19,P95=$AA$20,P95=$AB$14,P95=$AB$15,P95=$AB$16,P95=$AB$17,P95=$AB$18,P95=$AB$19,P95=$AB$20),T95&P95,P95) -> 繰延税金負債 | V95: =ASC(R95) -> - | W95: =IFERROR(SUBSTITUTE(SUBSTITUTE(SUBSTITUTE(SUBSTITUTE(SUBSTITUTE(SUBSTITUTE(SUBSTITUTE(SUBSTITUTE(SUBSTITUTE(SUBSTITUTE(SUBSTITUTE(SUBSTITUTE(SUBSTITUTE(SUBSTITUTE(SUBSTITUTE(SUBSTITUTE(SUBSTITUTE(SUBSTITUTE(SUBSTITUTE(SUBSTITUTE(SUBSTITUTE(SUBSTITUTE(SUBSTITUTE(SUBSTITUTE(SUBSTITUTE(SUBSTITUTE(SUBSTITUTE(SUBSTITUTE(SUBSTITUTE(SUBSTITUTE(SUBSTITUTE(SUBSTITUTE(SUBSTITUTE(V95,$AA$3,"-"),$AC$3,""),$AC$4,""),$AC$5,""),$AC$6,""),$AD$3,""),$AD$4,""),$AD$5,""),$AD$6,""),$AD$7,""),$AD$8,""),$AD$9,""),$AE$3,""),$AE$4,""),$AE$5,""),$AF$3,""),$AF$4,""),$AF$5,""),$AF$6,""),$AF$7,""),$AF$8,""),$AF$9,""),$AE$6,""),$AE$7,""),$AE$8,""),$AE$9,""),$AC$7,""),$AC$8,""),$AC$9,""),$AA$4,"")," ","")," ","")," ","")*$AA$12/1000,"") | Y95: =IF(N95=0,0,IF(AND(W95>0,W95<>""),MAX($Y$1:Y94)+1,0)) -> 0
A96: =IFERROR(INDEX($U$1:$U$110,MATCH($L96,$Y$1:$Y$110,0),1),"") | B96: =IFERROR(INDEX($W$1:$W$110,MATCH($L96,$Y$1:$Y$110,0),1),"") | D96: =IF(A96="","",IFERROR(VLOOKUP(A96,科目対照表!$C$6:$F$114,科目対照表!$F$4,0),"")) | E96: =IF(A96="","",IFERROR(VLOOKUP(A96,科目対照表!$C$6:$H$114,科目対照表!$H$4,0),"")) | F96: =IF(D96="","",IF(E96="Y",IF(C96="",MAX($F$5:F95)+1,""),"")) | G96: =IF(D96="","",IF(E96="Y",IF(C96="Y",MAX($G$5:G95)+1,""),"")) | H96: =IF(D96="","",IF(E96="",IF(C96="",MAX($H$5:H95)+1,""),"")) | L96: =L95+1 -> 93 | N96: =IF(N95=1,IF(P99=$N$1,0,1),0) -> 0 | P96: その他 | Q96: 923 | R96: 742 | T96: =IF(OR(P96=$AE$15,P96=$AE$16,P96=$AE$17,P96=$AE$18,P96=$AE$19,P96=$AE$20,P96=$AE$21,P96=$AE$22,P96=$AE$23),P96,T95) -> 流動負債 | U96: =IF(OR(P96=$AA$14,P96=$AA$15,P96=$AA$16,P96=$AA$17,P96=$AA$18,P96=$AA$19,P96=$AA$20,P96=$AB$14,P96=$AB$15,P96=$AB$16,P96=$AB$17,P96=$AB$18,P96=$AB$19,P96=$AB$20),T96&P96,P96) -> 流動負債その他 | V96: =ASC(R96) -> 742 | W96: =IFERROR(SUBSTITUTE(SUBSTITUTE(SUBSTITUTE(SUBSTITUTE(SUBSTITUTE(SUBSTITUTE(SUBSTITUTE(SUBSTITUTE(SUBSTITUTE(SUBSTITUTE(SUBSTITUTE(SUBSTITUTE(SUBSTITUTE(SUBSTITUTE(SUBSTITUTE(SUBSTITUTE(SUBSTITUTE(SUBSTITUTE(SUBSTITUTE(SUBSTITUTE(SUBSTITUTE(SUBSTITUTE(SUBSTITUTE(SUBSTITUTE(SUBSTITUTE(SUBSTITUTE(SUBSTITUTE(SUBSTITUTE(SUBSTITUTE(SUBSTITUTE(SUBSTITUTE(SUBSTITUTE(SUBSTITUTE(V96,$AA$3,"-"),$AC$3,""),$AC$4,""),$AC$5,""),$AC$6,""),$AD$3,""),$AD$4,""),$AD$5,""),$AD$6,""),$AD$7,""),$AD$8,""),$AD$9,""),$AE$3,""),$AE$4,""),$AE$5,""),$AF$3,""),$AF$4,""),$AF$5,""),$AF$6,""),$AF$7,""),$AF$8,""),$AF$9,""),$AE$6,""),$AE$7,""),$AE$8,""),$AE$9,""),$AC$7,""),$AC$8,""),$AC$9,""),$AA$4,"")," ","")," ","")," ","")*$AA$12/1000,"") -> 742 | Y96: =IF(N96=0,0,IF(AND(W96>0,W96<>""),MAX($Y$1:Y95)+1,0)) -> 0
A97: =IFERROR(INDEX($U$1:$U$110,MATCH($L97,$Y$1:$Y$110,0),1),"") | B97: =IFERROR(INDEX($W$1:$W$110,MATCH($L97,$Y$1:$Y$110,0),1),"") | D97: =IF(A97="","",IFERROR(VLOOKUP(A97,科目対照表!$C$6:$F$114,科目対照表!$F$4,0),"")) | E97: =IF(A97="","",IFERROR(VLOOKUP(A97,科目対照表!$C$6:$H$114,科目対照表!$H$4,0),"")) | F97: =IF(D97="","",IF(E97="Y",IF(C97="",MAX($F$5:F96)+1,""),"")) | G97: =IF(D97="","",IF(E97="Y",IF(C97="Y",MAX($G$5:G96)+1,""),"")) | H97: =IF(D97="","",IF(E97="",IF(C97="",MAX($H$5:H96)+1,""),"")) | L97: =L96+1 -> 94 | N97: =IF(N96=1,IF(P100=$N$1,0,1),0) -> 0 | P97: 固定負債合計 | Q97: 253209243 | R97: 251725768 | T97: =IF(OR(P97=$AE$15,P97=$AE$16,P97=$AE$17,P97=$AE$18,P97=$AE$19,P97=$AE$20,P97=$AE$21,P97=$AE$22,P97=$AE$23),P97,T96) -> 流動負債 | U97: =IF(OR(P97=$AA$14,P97=$AA$15,P97=$AA$16,P97=$AA$17,P97=$AA$18,P97=$AA$19,P97=$AA$20,P97=$AB$14,P97=$AB$15,P97=$AB$16,P97=$AB$17,P97=$AB$18,P97=$AB$19,P97=$AB$20),T97&P97,P97) -> 固定負債合計 | V97: =ASC(R97) -> 251725768 | W97: =IFERROR(SUBSTITUTE(SUBSTITUTE(SUBSTITUTE(SUBSTITUTE(SUBSTITUTE(SUBSTITUTE(SUBSTITUTE(SUBSTITUTE(SUBSTITUTE(SUBSTITUTE(SUBSTITUTE(SUBSTITUTE(SUBSTITUTE(SUBSTITUTE(SUBSTITUTE(SUBSTITUTE(SUBSTITUTE(SUBSTITUTE(SUBSTITUTE(SUBSTITUTE(SUBSTITUTE(SUBSTITUTE(SUBSTITUTE(SUBSTITUTE(SUBSTITUTE(SUBSTITUTE(SUBSTITUTE(SUBSTITUTE(SUBSTITUTE(SUBSTITUTE(SUBSTITUTE(SUBSTITUTE(SUBSTITUTE(V97,$AA$3,"-"),$AC$3,""),$AC$4,""),$AC$5,""),$AC$6,""),$AD$3,""),$AD$4,""),$AD$5,""),$AD$6,""),$AD$7,""),$AD$8,""),$AD$9,""),$AE$3,""),$AE$4,""),$AE$5,""),$AF$3,""),$AF$4,""),$AF$5,""),$AF$6,""),$AF$7,""),$AF$8,""),$AF$9,""),$AE$6,""),$AE$7,""),$AE$8,""),$AE$9,""),$AC$7,""),$AC$8,""),$AC$9,""),$AA$4,"")," ","")," ","")," ","")*$AA$12/1000,"") -> 251725768 | Y97: =IF(N97=0,0,IF(AND(W97>0,W97<>""),MAX($Y$1:Y96)+1,0)) -> 0
A98: =IFERROR(INDEX($U$1:$U$110,MATCH($L98,$Y$1:$Y$110,0),1),"") | B98: =IFERROR(INDEX($W$1:$W$110,MATCH($L98,$Y$1:$Y$110,0),1),"") | D98: =IF(A98="","",IFERROR(VLOOKUP(A98,科目対照表!$C$6:$F$114,科目対照表!$F$4,0),"")) | E98: =IF(A98="","",IFERROR(VLOOKUP(A98,科目対照表!$C$6:$H$114,科目対照表!$H$4,0),"")) | F98: =IF(D98="","",IF(E98="Y",IF(C98="",MAX($F$5:F97)+1,""),"")) | G98: =IF(D98="","",IF(E98="Y",IF(C98="Y",MAX($G$5:G97)+1,""),"")) | H98: =IF(D98="","",IF(E98="",IF(C98="",MAX($H$5:H97)+1,""),"")) | L98: =L97+1 -> 95 | N98: =IF(N97=1,IF(P101=$N$1,0,1),0) -> 0 | P98: 負債合計 | Q98: 293423221 | R98: 293180774 | T98: =IF(OR(P98=$AE$15,P98=$AE$16,P98=$AE$17,P98=$AE$18,P98=$AE$19,P98=$AE$20,P98=$AE$21,P98=$AE$22,P98=$AE$23),P98,T97) -> 流動負債 | U98: =IF(OR(P98=$AA$14,P98=$AA$15,P98=$AA$16,P98=$AA$17,P98=$AA$18,P98=$AA$19,P98=$AA$20,P98=$AB$14,P98=$AB$15,P98=$AB$16,P98=$AB$17,P98=$AB$18,P98=$AB$19,P98=$AB$20),T98&P98,P98) -> 負債合計 | V98: =ASC(R98) -> 293180774 | W98: =IFERROR(SUBSTITUTE(SUBSTITUTE(SUBSTITUTE(SUBSTITUTE(SUBSTITUTE(SUBSTITUTE(SUBSTITUTE(SUBSTITUTE(SUBSTITUTE(SUBSTITUTE(SUBSTITUTE(SUBSTITUTE(SUBSTITUTE(SUBSTITUTE(SUBSTITUTE(SUBSTITUTE(SUBSTITUTE(SUBSTITUTE(SUBSTITUTE(SUBSTITUTE(SUBSTITUTE(SUBSTITUTE(SUBSTITUTE(SUBSTITUTE(SUBSTITUTE(SUBSTITUTE(SUBSTITUTE(SUBSTITUTE(SUBSTITUTE(SUBSTITUTE(SUBSTITUTE(SUBSTITUTE(SUBSTITUTE(V98,$AA$3,"-"),$AC$3,""),$AC$4,""),$AC$5,""),$AC$6,""),$AD$3,""),$AD$4,""),$AD$5,""),$AD$6,""),$AD$7,""),$AD$8,""),$AD$9,""),$AE$3,""),$AE$4,""),$AE$5,""),$AF$3,""),$AF$4,""),$AF$5,""),$AF$6,""),$AF$7,""),$AF$8,""),$AF$9,""),$AE$6,""),$AE$7,""),$AE$8,""),$AE$9,""),$AC$7,""),$AC$8,""),$AC$9,""),$AA$4,"")," ","")," ","")," ","")*$AA$12/1000,"") -> 293180774 | Y98: =IF(N98=0,0,IF(AND(W98>0,W98<>""),MAX($Y$1:Y97)+1,0)) -> 0
A99: =IFERROR(INDEX($U$1:$U$110,MATCH($L99,$Y$1:$Y$110,0),1),"") | B99: =IFERROR(INDEX($W$1:$W$110,MATCH($L99,$Y$1:$Y$110,0),1),"") | D99: =IF(A99="","",IFERROR(VLOOKUP(A99,科目対照表!$C$6:$F$114,科目対照表!$F$4,0),"")) | E99: =IF(A99="","",IFERROR(VLOOKUP(A99,科目対照表!$C$6:$H$114,科目対照表!$H$4,0),"")) | F99: =IF(D99="","",IF(E99="Y",IF(C99="",MAX($F$5:F98)+1,""),"")) | G99: =IF(D99="","",IF(E99="Y",IF(C99="Y",MAX($G$5:G98)+1,""),"")) | H99: =IF(D99="","",IF(E99="",IF(C99="",MAX($H$5:H98)+1,""),"")) | L99: =L98+1 -> 96 | N99: =IF(N98=1,IF(P102=$N$1,0,1),0) -> 0 | T99: =IF(OR(P99=$AE$15,P99=$AE$16,P99=$AE$17,P99=$AE$18,P99=$AE$19,P99=$AE$20,P99=$AE$21,P99=$AE$22,P99=$AE$23),P99,T98) -> 流動負債 | U99: =IF(OR(P99=$AA$14,P99=$AA$15,P99=$AA$16,P99=$AA$17,P99=$AA$18,P99=$AA$19,P99=$AA$20,P99=$AB$14,P99=$AB$15,P99=$AB$16,P99=$AB$17,P99=$AB$18,P99=$AB$19,P99=$AB$20),T99&P99,P99) -> 流動負債 | V99: =ASC(R99) | W99: =IFERROR(SUBSTITUTE(SUBSTITUTE(SUBSTITUTE(SUBSTITUTE(SUBSTITUTE(SUBSTITUTE(SUBSTITUTE(SUBSTITUTE(SUBSTITUTE(SUBSTITUTE(SUBSTITUTE(SUBSTITUTE(SUBSTITUTE(SUBSTITUTE(SUBSTITUTE(SUBSTITUTE(SUBSTITUTE(SUBSTITUTE(SUBSTITUTE(SUBSTITUTE(SUBSTITUTE(SUBSTITUTE(SUBSTITUTE(SUBSTITUTE(SUBSTITUTE(SUBSTITUTE(SUBSTITUTE(SUBSTITUTE(SUBSTITUTE(SUBSTITUTE(SUBSTITUTE(SUBSTITUTE(SUBSTITUTE(V99,$AA$3,"-"),$AC$3,""),$AC$4,""),$AC$5,""),$AC$6,""),$AD$3,""),$AD$4,""),$AD$5,""),$AD$6,""),$AD$7,""),$AD$8,""),$AD$9,""),$AE$3,""),$AE$4,""),$AE$5,""),$AF$3,""),$AF$4,""),$AF$5,""),$AF$6,""),$AF$7,""),$AF$8,""),$AF$9,""),$AE$6,""),$AE$7,""),$AE$8,""),$AE$9,""),$AC$7,""),$AC$8,""),$AC$9,""),$AA$4,"")," ","")," ","")," ","")*$AA$12/1000,"") | Y99: =IF(N99=0,0,IF(AND(W99>0,W99<>""),MAX($Y$1:Y98)+1,0)) -> 0
A100: =IFERROR(INDEX($U$1:$U$110,MATCH($L100,$Y$1:$Y$110,0),1),"") | B100: =IFERROR(INDEX($W$1:$W$110,MATCH($L100,$Y$1:$Y$110,0),1),"") | D100: =IF(A100="","",IFERROR(VLOOKUP(A100,科目対照表!$C$6:$F$114,科目対照表!$F$4,0),"")) | E100: =IF(A100="","",IFERROR(VLOOKUP(A100,科目対照表!$C$6:$H$114,科目対照表!$H$4,0),"")) | F100: =IF(D100="","",IF(E100="Y",IF(C100="",MAX($F$5:F99)+1,""),"")) | G100: =IF(D100="","",IF(E100="Y",IF(C100="Y",MAX($G$5:G99)+1,""),"")) | H100: =IF(D100="","",IF(E100="",IF(C100="",MAX($H$5:H99)+1,""),"")) | L100: =L99+1 -> 97 | N100: =IF(N99=1,IF(P103=$N$1,0,1),0) -> 0 | P100: 純資産の部 | T100: =IF(OR(P100=$AE$15,P100=$AE$16,P100=$AE$17,P100=$AE$18,P100=$AE$19,P100=$AE$20,P100=$AE$21,P100=$AE$22,P100=$AE$23),P100,T99) -> 流動負債 | U100: =IF(OR(P100=$AA$14,P100=$AA$15,P100=$AA$16,P100=$AA$17,P100=$AA$18,P100=$AA$19,P100=$AA$20,P100=$AB$14,P100=$AB$15,P100=$AB$16,P100=$AB$17,P100=$AB$18,P100=$AB$19,P100=$AB$20),T100&P100,P100) -> 純資産の部 | V100: =ASC(R100) | W100: =IFERROR(SUBSTITUTE(SUBSTITUTE(SUBSTITUTE(SUBSTITUTE(SUBSTITUTE(SUBSTITUTE(SUBSTITUTE(SUBSTITUTE(SUBSTITUTE(SUBSTITUTE(SUBSTITUTE(SUBSTITUTE(SUBSTITUTE(SUBSTITUTE(SUBSTITUTE(SUBSTITUTE(SUBSTITUTE(SUBSTITUTE(SUBSTITUTE(SUBSTITUTE(SUBSTITUTE(SUBSTITUTE(SUBSTITUTE(SUBSTITUTE(SUBSTITUTE(SUBSTITUTE(SUBSTITUTE(SUBSTITUTE(SUBSTITUTE(SUBSTITUTE(SUBSTITUTE(SUBSTITUTE(SUBSTITUTE(V100,$AA$3,"-"),$AC$3,""),$AC$4,""),$AC$5,""),$AC$6,""),$AD$3,""),$AD$4,""),$AD$5,""),$AD$6,""),$AD$7,""),$AD$8,""),$AD$9,""),$AE$3,""),$AE$4,""),$AE$5,""),$AF$3,""),$AF$4,""),$AF$5,""),$AF$6,""),$AF$7,""),$AF$8,""),$AF$9,""),$AE$6,""),$AE$7,""),$AE$8,""),$AE$9,""),$AC$7,""),$AC$8,""),$AC$9,""),$AA$4,"")," ","")," ","")," ","")*$AA$12/1000,"") | Y100: =IF(N100=0,0,IF(AND(W100>0,W100<>""),MAX($Y$1:Y99)+1,0)) -> 0
...

Sheet 関数用

Sheet 科目対照表
A1: 科目対照表
C4: 1 | D4: =C4+1 -> 2 | E4: =D4+1 -> 3 | F4: =E4+1 -> 4 | G4: =F4+1 -> 5 | H4: =G4+1 -> 6
B5: ＃ | C5: 科目 | D5: リスク資産項目 | E5: RW | F5: 標準カウンターパーティ | G5: 科目＃ | H5: オンバランス明細 | I5: 補足説明 | L5: 管理＃ | M5: 資産項目 | N5: 資産項目2
B6: 1 | C6: 金利スワップ取引 | D6: 金利関連取引 | E6: 0.3 | F6: A-格以上金融機関 | G6: =IFERROR(INDEX($L$6:$L$115,MATCH(D6,$N$6:$N$115,0),1),"") -> 110003 | H6: =IF(G6="","",IF(G6>100000,"","Y")) | I6: オフバランス資産。金利スワップ等が該当。カウンターパーティの格付がA-以上であればRW30% | L6: 101 | M6: 現金 | N6: 現金
B7: =B6+1 -> 2 | C7: 外国為替取引 | D7: 外国為替関連取引 | E7: 0.3 | F7: A-格以上金融機関 | G7: =IFERROR(INDEX($L$6:$L$115,MATCH(D7,$N$6:$N$115,0),1),"") -> 110002 | H7: =IF(G7="","",IF(G7>100000,"","Y")) | I7: オフバランス資産。為替スワップ等が該当。カウンターパーティの格付がA-以上であればRW30% | L7: 201 | M7: 我が国の中央政府及び中央銀行向け | N7: 我が国の中央政府及び中央銀行向け
B8: =B7+1 -> 3 | C8: コミットメント | D8: コミットメント（項目1に該当するものを除く） | E8: 2.5 | F8: - | G8: =IFERROR(INDEX($L$6:$L$115,MATCH(D8,$N$6:$N$115,0),1),"") -> 3000101 | H8: =IF(G8="","",IF(G8>100000,"","Y")) | I8: オフバランス資産。 | L8: 301 | M8: 外国の中央政府及び中央銀行向け | N8: 外国の中央政府及び中央銀行向け
B9: =B8+1 -> 4 | C9: 現金及び預金 | D9: 金融機関及び第一種金融商品取引業者及び保険会社向け | E9: 0.2 | F9: 短期（３ヶ月以内）円建て預金（BBB-格以上） | G9: =IFERROR(INDEX($L$6:$L$115,MATCH(D9,$N$6:$N$115,0),1),"") -> 1101 | H9: =IF(G9="","",IF(G9>100000,"","Y")) -> Y | I9: 現金はRW０。全て預金、全て短期（3か月以内）、金融機関格付BBB格以上であればRW20% | L9: 401 | M9: 国際決済銀行等向け | N9: 国際決済銀行等向け
B10: =B9+1 -> 5 | C10: 信託現金及び信託預金 | D10: 金融機関及び第一種金融商品取引業者及び保険会社向け | E10: 0.2 | F10: 短期（３ヶ月以内）円建て預金（BBB-格以上） | G10: =IFERROR(INDEX($L$6:$L$115,MATCH(D10,$N$6:$N$115,0),1),"") -> 1101 | H10: =IF(G10="","",IF(G10>100000,"","Y")) -> Y | I10: 信託現金はRW０。全て信託預金、全て短期（3か月以内）、金融機関格付BBB格以上であればRW20% | L10: 501 | M10: 我が国の地方公共団体向け | N10: 我が国の地方公共団体向け
B11: =B10+1 -> 6 | C11: 営業未収入金 | D11: 法人等向け（特定貸付債権向けを含む） | E11: 1 | F11: 法人等 | G11: =IFERROR(INDEX($L$6:$L$115,MATCH(D11,$N$6:$N$115,0),1),"") -> 1301 | H11: =IF(G11="","",IF(G11>100000,"","Y")) -> Y | I11: テナントからの電気代徴収等、主に企業向け未収金の前提。個人も含める。保守的にRW100% | L11: 601 | M11: 外国の中央政府等以外の公共部門向け（カバード・ボンド除く） | N11: 外国の中央政府等以外の公共部門向け（カバード・ボンド除く）
B12: =B11+1 -> 7 | C12: ＰＭ会社営業未収入金 | D12: 法人等向け（特定貸付債権向けを含む） | E12: 1 | F12: 法人等 | G12: =IFERROR(INDEX($L$6:$L$115,MATCH(D12,$N$6:$N$115,0),1),"") -> 1301 | H12: =IF(G12="","",IF(G12>100000,"","Y")) -> Y | I12: 主に企業向け未収金の前提。保守的にRW100% | L12: 701 | M12: 国際開発銀行向け | N12: 国際開発銀行向け
B13: =B12+1 -> 8 | C13: 未収消費税等 | D13: 我が国の中央政府及び中央銀行向け | E13: 0 | F13: - | G13: =IFERROR(INDEX($L$6:$L$115,MATCH(D13,$N$6:$N$115,0),1),"") -> 201 | H13: =IF(G13="","",IF(G13>100000,"","Y")) -> Y | I13: 還付予定の消費税、RWは０ | L13: 801 | M13: 地方公共団体金融機構向け | N13: 地方公共団体金融機構向け
B14: =B13+1 -> 9 | C14: 前払費用 | D14: 法人等向け（特定貸付債権向けを含む） | E14: 1 | F14: 法人等 | G14: =IFERROR(INDEX($L$6:$L$115,MATCH(D14,$N$6:$N$115,0),1),"") -> 1301 | H14: =IF(G14="","",IF(G14>100000,"","Y")) -> Y | I14: 主に企業向けの管理雑経費を前提。保守的にRW100%を採用 | L14: 901 | M14: 我が国の政府関係機関向け | N14: 我が国の政府関係機関向け
B15: =B14+1 -> 10 | C15: 未収還付法人税等 | D15: 我が国の中央政府及び中央銀行向け | E15: 0 | F15: - | G15: =IFERROR(INDEX($L$6:$L$115,MATCH(D15,$N$6:$N$115,0),1),"") -> 201 | H15: =IF(G15="","",IF(G15>100000,"","Y")) -> Y | I15: 還付予定の法人税、RWは０ | L15: 1001 | M15: 地方三公社向け | N15: 地方三公社向け
